 Dungeon Crawl Stone Soup version 0.29.0-4-gdea44cf6ec (webtiles) character file.

Game seed: 11359608168357698894

5061 qw the Grappler (level 10, -8/25 (96) HPs)
             Began as a Troll Cinder Acolyte on Aug 31, 2022.
             Was an Initiate of Ignis.
             Shot with an arrow by a centaur (12 damage)
             ... on level 9 of the Dungeon.
             The game lasted 00:36:07 (34246 turns).

qw the Grappler (Troll Cinder Acolyte)             Turns: 34246, Time: 00:36:08

HP:   -8/25 (96)    AC: 10    Str: 28    XL:     10   Next: 31%
MP:   10/10         EV: 13    Int: 10    God:    Ignis [......]
Gold: 508           SH:  0    Dex:  7    Spells: 11/11 levels left

rFire   + + .      SeeInvis .     - Unarmed
rCold   + . .      Faith    .   (no shield)
rNeg    . . .      Spirit   .   n - +2 robe {rF+}
rPois   .          Reflect  .   (helmet restricted)
rElec   +          Harm     .   (no cloak)
rCorr   +          Rampage  .   (gloves unavailable)
Will    +....                   (boots unavailable)
Stlth   +.........              (no amulet)
HPRegen 0.88/turn               m - ring "Soelates" {rElec rC+ rCorr AC+4 Dex+2}
MPRegen 0.12/turn               g - +4 ring of evasion

@: extremely drained, bezotted
A: large, unfitting armour, claws 3, regeneration 1, shaggy fur 1, tough skin 1,
talons 1, strong-willed 1
a: Renounce Religion, Rising Flame


You were on level 9 of the Dungeon.
You worshipped Ignis.
Ignis was noncommittal.
You visited 1 branch of the dungeon, and saw 9 of its levels.

You collected 508 gold pieces.


Innate Abilities, Weirdness & Mutations

You are too large for most types of armour.
You have claws for hands.
Your natural rate of healing is unusually fast.
You are covered in fur. (AC +1)
You have tough skin. (AC +1)
You have sharp toenails.
You are strong-willed. (Will+)


   Skills:
 - Level 5.2 Fighting
 - Level 1.3 Throwing
 - Level 2.4 Dodging
 + Level 13.9 Unarmed Combat
 - Level 1.0 Spellcasting
 - Level 2.1 Fire Magic


You had 11 spell levels left.
You didn't know any spells.
Your spell library contained the following spells:

 Spells                   Type           Power      Damage    Failure   Level
 Scorch                   Fire           8%         2d5       22%         2

Inventory:

Missiles
 q - a boomerang (quivered)
Armour
 a - a +2 robe of cold resistance
 d - the +0 hat of Ulippuh {-Tele rN++ Will+}
   (You acquired it on level 6 of the Dungeon)

   rN:        It greatly protects you from negative energy.
   -Tele:     It prevents most forms of teleportation.
   Will:      It increases your willpower.
 n - a +2 robe of fire resistance (worn)
Jewellery
 g - a +4 ring of evasion (right claw)
 j - a ring of protection from fire
 m - the ring "Soelates" (left claw) {rElec rC+ rCorr AC+4 Dex+2}
   (You acquired it on level 5 of the Dungeon)

   [ring of protection]

   AC:        It affects your AC (+4).
   Dex:       It affects your dexterity (+2).
   rC:        It protects you from cold.
   rElec:     It insulates you from electricity.
   rCorr:     It protects you from acid and corrosion.
Scrolls
 f - 2 scrolls of teleportation
 p - 3 scrolls of enchant weapon
 t - a scroll of identify
Potions
 b - 2 potions of cancellation
 c - 3 potions of heal wounds
 e - 3 potions of curing
 h - a potion of might
 i - 2 potions of mutation
 k - a potion of attraction {unknown}
 l - a potion of invisibility {unknown}
 o - a potion of magic {unknown}

Dungeon Overview and Level Annotations

Branches:
Dungeon (9/15) Zot: 939    Temple (0/1) D:6
   Lair: D:8-11         Orc: D:9-12

Altars:
Ashenzari
Elyvilon
Fedhas
Hepliaklqana
The Shining One

Shops:
D:4 (::

Annotations:
D:6 2 runed translucent doors


Message History

Really rest while Zot is near?
Really rest while Zot is near?
Really rest while Zot is near?
Really rest while Zot is near?
Really rest while Zot is near?
Really rest while Zot is near?
Really rest while Zot is near?
The centaur shoots an arrow.
The arrow hits you.
The centaur shoots an arrow.
The arrow completely misses you.
34214 ||| FLEEEEING.
There is a stone staircase leading up here.
Really rest while Zot is near?
Really rest while Zot is near?
Really rest while Zot is near?
The centaur shoots an arrow.
The arrow hits you!
The centaur shoots an arrow.
The arrow hits you but does no damage.
34223 ||| FLEEEEING.
There is a stone staircase leading up here.
Really rest while Zot is near?
Really rest while Zot is near?
Really rest while Zot is near?
Really rest while Zot is near?
Really rest while Zot is near?
The centaur shoots an arrow.
The arrow barely misses you.
34234 ||| Stepping ~*~*~tactically~*~*~ (outnumbered).
The centaur shoots an arrow.
The arrow hits you but does no damage.
The centaur shoots an arrow.
The arrow hits you.
The centaur shoots an arrow.
The arrow closely misses you.
34236 ||| FLEEEEING.
There is a stone staircase leading up here.
Really rest while Zot is near?
Really rest while Zot is near?
Really rest while Zot is near?
Really rest while Zot is near?
The centaur shoots an arrow.
The arrow hits you.
The centaur shoots an arrow.
The arrow hits you!
The centaur shoots an arrow.
The arrow hits you.
The centaur shoots an arrow.
The arrow closely misses you.
The centaur shoots an arrow.
The arrow hits you.
The centaur shoots an arrow.
The arrow closely misses you.
The centaur shoots an arrow.
The arrow hits you!
You die...

...cc~~ .ccc~~~
.c~~~~~ ~~~~~~~
~~~~~~~ ~~~~~~~
..~~~~.############
#..@...<.......
###############


You could see 6 centaurs.

Vanquished Creatures
  An unseen horror zombie (D:8)
  Sigmund (D:2)
  5 yaks (D:8)
  A steam dragon (D:8)
  A water moccasin (D:9)
  Duvessa (D:7)
  2 orc warriors
  2 ogres
  3 sky beasts
  2 phantoms
  A kobold brigand (D:8)
  A necrophage (D:5)
  3 scorpions
  14 wights (D:8)
  Dowan (D:7)
  9 killer bees (D:8)
  2 howler monkeys (D:8)
  A crimson imp (D:3)
  3 centaur zombies (D:8)
  4 jellies
  4 hounds
  11 orc priests
  6 orc wizards
  4 iguanas
  A killer bee zombie (D:8)
  5 gnolls
  7 adders
  A white imp (D:7)
  2 ufetubi
  5 dart slugs
  41 orcs
  9 ball pythons
  3 bats
  7 endoplasms
  3 giant cockroaches
  8 goblins
  8 hobgoblins
  7 jackals (D:4)
  3 quokkas
  3 frilled lizards
  A goblin skeleton (D:3)
  4 hobgoblin zombies (D:3)
  12 kobolds
  2 kobold skeletons (D:3)
  2 kobold zombies (D:3)
  An orc zombie (D:3)
  10 rats
228 creatures vanquished.

Vanquished Creatures (others)
  3 plants (D:4)
  3 withered plants (D:8)
6 creatures vanquished.

Grand Total: 234 creatures vanquished

Notes
Turn   | Place    | Note
-------+----------+-------------------------------------------
     0 | D:1      | qw the Troll Cinder Acolyte began the quest for the Orb.
     0 | D:1      | Reached XP level 1. HP: 22/22 MP: 1/1
     0 | D:1      | 0 ||| qw: Version: 0.1-a-97-g2dd2ca4
     0 | D:1      | 0 ||| qw: Game counter: 4679
     0 | D:1      | 0 ||| qw: Always use a shield: true
     0 | D:1      | 0 ||| qw: God list: Okawaru
     0 | D:1      | 0 ||| qw: Allow faded altars: false
     0 | D:1      | 0 ||| qw: Do Orc after D:15 true
     0 | D:1      | 0 ||| qw: Do second Lair branch before Depths: true
     0 | D:1      | 0 ||| qw: Lair rune preference: random
     0 | D:1      | 0 ||| qw: Plans: Normal
     0 | D:1      | 0 ||| PLANNING D:1-11
    55 | D:1      | Reached XP level 2. HP: 29/29 MP: 2/2
   102 | D:1      | Reached skill level 4 in Unarmed Combat
   110 | D:1      | 110 ||| Stepping ~*~*~tactically~*~*~ (stealth).
   140 | D:1      | 140 ||| Stepping ~*~*~tactically~*~*~ (stealth).
   150 | D:1      | Reached XP level 3. HP: 36/36 MP: 3/3
   150 | D:1      | 150 ||| Stepping ~*~*~tactically~*~*~ (outnumbered).
   151 | D:1      | 151 ||| Stepping ~*~*~tactically~*~*~ (outnumbered).
   152 | D:1      | 152 ||| Stepping ~*~*~tactically~*~*~ (outnumbered).
   250 | D:1      | 250 ||| Stepping ~*~*~tactically~*~*~ (outnumbered).
   251 | D:1      | 251 ||| Stepping ~*~*~tactically~*~*~ (outnumbered).
   252 | D:1      | 252 ||| Stepping ~*~*~tactically~*~*~ (outnumbered).
   256 | D:1      | 256 ||| Stepping ~*~*~tactically~*~*~ (outnumbered).
   257 | D:1      | 257 ||| Stepping ~*~*~tactically~*~*~ (outnumbered).
   258 | D:1      | 258 ||| Stepping ~*~*~tactically~*~*~ (outnumbered).
   366 | D:1      | Found a faded altar of an unknown god.
   485 | D:1      | 485 ||| UPGRADING to ring of resist corrosion.
   486 | D:1      | 486 ||| UPGRADING to ring of protection from fire.
   487 | D:1      | 487 ||| READING scroll labelled QURPHO PACREASSOLON.
   488 | D:1      | 488 ||| READING scroll labelled CEVIME SINGI.
   489 | D:1      | 489 ||| READING scroll labelled BOTROO ANAUPHU.
   624 | D:2      | Noticed Sigmund
   626 | D:2      | 626 ||| Stepping ~*~*~tactically~*~*~ (hiding).
   630 | D:2      | 630 ||| Stepping ~*~*~tactically~*~*~ (outnumbered).
   644 | D:2      | 644 ||| INVOKING Fiery Armour.
   647 | D:2      | Reached XP level 4. HP: 18/44 MP: 4/4
   670 | D:2      | HP: 8/44 [something (6)]
   678 | D:2      | HP: 9/44 [Sigmund/+0 scythe (5)]
   682 | D:2      | HP: 3/44 [Sigmund/+0 scythe (7)]
   690 | D:2      | Killed Sigmund
   691 | D:2      | Reached skill level 6 in Unarmed Combat
   691 | D:2      | Reached XP level 5. HP: 11/50 MP: 5/5
   879 | D:2      | 879 ||| Stepping ~*~*~tactically~*~*~ (stealth).
  1232 | D:2      | 1232 ||| DRINKING 2 murky clear potions.
  1233 | D:2      | 1233 ||| DROPPING potion of degeneration.
  1566 | D:3      | You fall into a shaft and drop 3 floors!
  1570 | D:6      | Noticed an ogre
  1578 | D:6      | Killed an ogre
  1579 | D:6      | Reached skill level 7 in Unarmed Combat
  1579 | D:6      | Reached XP level 6. HP: 40/59 MP: 6/6
  1657 | D:6      | Found a broken altar of Ashenzari.
  1663 | D:6      | 1663 ||| Stepping ~*~*~tactically~*~*~ (outnumbered).
  1694 | D:6      | 1694 ||| UPGRADING to +4 ring of evasion.
  1696 | D:6      | 1696 ||| DROPPING +6 ring of intelligence.
  1697 | D:6      | 1697 ||| READING scroll labelled KASIUTISYD.
  1697 | D:6      | Identified a scroll of acquirement
  1697 | D:6      | 1697 ||| ACQUIRING +0 hat of Ulippuh {-Tele rN++ Will+}
  1697 | D:6      | Acquired the +0 hat of Ulippuh {-Tele rN++ Will+}
  1699 | D:6      | 1699 ||| READING scroll labelled XUFUORPHOOPINT.
  1702 | D:6      | Noticed a sky beast
  1709 | D:6      | 1709 ||| INVOKING Fiery Armour.
  1714 | D:6      | Killed a sky beast
  1715 | D:6      | Reached skill level 8 in Unarmed Combat
  1715 | D:6      | Reached XP level 7. HP: 35/66 MP: 7/7
  1760 | D:6      | 1760 ||| Stepping ~*~*~tactically~*~*~ (stealth).
  1770 | D:6      | Reached skill level 3 in Fighting
  1806 | D:6      | 1806 ||| READING scroll labelled OJUCUO PAKEHA.
  1807 | D:6      | 1807 ||| READING scroll labelled PUSAZAB BOHANN.
  1808 | D:6      | 1808 ||| DRINKING 2 bubbling grey potions.
  1823 | D:5      | Entered Level 5 of the Dungeon
  1824 | D:5      | 1824 ||| INVOKING Fiery Armour.
  1828 | D:5      | 1828 ||| Stepping ~*~*~tactically~*~*~ (outnumbered).
  1830 | D:5      | 1830 ||| Stepping ~*~*~tactically~*~*~ (outnumbered).
  1832 | D:5      | 1832 ||| Stepping ~*~*~tactically~*~*~ (outnumbered).
  1834 | D:5      | 1834 ||| Stepping ~*~*~tactically~*~*~ (outnumbered).
  1835 | D:5      | 1835 ||| Stepping ~*~*~tactically~*~*~ (outnumbered).
  1854 | D:5      | 1854 ||| Stepping ~*~*~tactically~*~*~ (stealth).
  1859 | D:5      | 1859 ||| Stepping ~*~*~tactically~*~*~ (stealth).
  2022 | D:5      | 2022 ||| READING scroll of acquirement.
  2022 | D:5      | 2022 ||| ACQUIRING ring "Soelates" {rElec rC+ rCorr AC+4
                  | Dex+2}
  2022 | D:5      | Acquired the ring "Soelates" {rElec rC+ rCorr AC+4 Dex+2}
  2034 | D:5      | 2034 ||| DROPPING ring of resist corrosion.
  2115 | D:5      | 2115 ||| Stepping ~*~*~tactically~*~*~ (stealth).
  2124 | D:5      | Reached skill level 9 in Unarmed Combat
  2124 | D:5      | 2124 ||| INVOKING Fiery Armour.
  2129 | D:5      | Reached skill level 1 in Dodging
  2172 | D:5      | 2172 ||| UPGRADING to ring "Soelates" {rElec rC+ rCorr AC+4
                  | Dex+2}.
  2174 | D:5      | 2174 ||| UPGRADING to +4 ring of evasion.
  2424 | D:3      | Reached XP level 8. HP: 75/75 MP: 8/8
  2427 | D:3      | 2427 ||| Stepping ~*~*~tactically~*~*~ (stealth).
  2596 | D:3      | Found a glowing golden altar of the Shining One.
  2608 | D:3      | 2608 ||| Stepping ~*~*~tactically~*~*~ (outnumbered).
  2609 | D:3      | 2609 ||| Stepping ~*~*~tactically~*~*~ (outnumbered).
  2610 | D:3      | 2610 ||| Stepping ~*~*~tactically~*~*~ (hiding).
  2658 | D:3      | 2658 ||| Stepping ~*~*~tactically~*~*~ (stealth).
  2665 | D:3      | 2665 ||| Stepping ~*~*~tactically~*~*~ (stealth).
  2942 | D:3      | 2942 ||| READING scroll labelled QOTWESMUADGH.
  2943 | D:3      | 2943 ||| READING scroll labelled FAGGIS WUOCW.
  2944 | D:3      | 2944 ||| READING scroll labelled LUYL YHYICU.
  2945 | D:3      | 2945 ||| READING 2 scrolls labelled MOL IQOATZUUNG.
  2946 | D:3      | 2946 ||| READING scroll labelled ZOJUESCHUSA.
  2947 | D:3      | 2947 ||| DRINKING 2 metallic brown potions.
  2948 | D:3      | 2948 ||| DRINKING 2 orange potions.
  2949 | D:3      | 2949 ||| DROPPING potion of flight.
  2950 | D:3      | 2950 ||| DROPPING scroll of butterflies.
  2951 | D:3      | 2951 ||| READING scroll of teleportation.
  2989 | D:4      | 2989 ||| Stepping ~*~*~tactically~*~*~ (stealth).
  2991 | D:4      | 2991 ||| Stepping ~*~*~tactically~*~*~ (stealth).
  2996 | D:4      | 2996 ||| Stepping ~*~*~tactically~*~*~ (stealth).
  2998 | D:4      | 2998 ||| Stepping ~*~*~tactically~*~*~ (hiding).
  3107 | D:4      | Found Likis's Book Boutique.
  3150 | D:4      | 3150 ||| Stepping ~*~*~tactically~*~*~ (stealth).
  3157 | D:4      | Found Reher's Book Emporium.
  3239 | D:4      | 3239 ||| INVOKING Fiery Armour.
  3241 | D:4      | 3241 ||| Stepping ~*~*~tactically~*~*~ (outnumbered).
  3244 | D:4      | Reached skill level 1 in Throwing
  3251 | D:4      | 3251 ||| Stepping ~*~*~tactically~*~*~ (outnumbered).
  3277 | D:4      | Found Xamoak's Antique Weapon Emporium.
  3325 | D:4      | Found a hazy altar of Hepliaklqana.
  3575 | D:4      | Reached skill level 10 in Unarmed Combat
  3584 | D:4      | 3584 ||| Stepping ~*~*~tactically~*~*~ (hiding).
  3598 | D:4      | Found the +7 staff of the Meek {protect, meekguard}
  3708 | D:4      | 3708 ||| READING scroll labelled KUQANA JIM.
  3709 | D:4      | 3709 ||| READING 3 scrolls of identify.
  3709 | D:4      | 3709 ||| IDENTIFYING lumpy cyan potion
  3710 | D:4      | 3710 ||| READING 2 scrolls of identify.
  3710 | D:4      | 3710 ||| IDENTIFYING green potion
  3711 | D:4      | 3711 ||| DROPPING potion of brilliance.
  3744 | D:5      | 3744 ||| Stepping ~*~*~tactically~*~*~ (hiding).
  3925 | D:5      | Found a blossoming altar of Fedhas.
  3960 | D:5      | 3960 ||| DROPPING ring of flight.
  4029 | D:6      | 4029 ||| Stepping ~*~*~tactically~*~*~ (stealth).
  4040 | D:6      | 4040 ||| Stepping ~*~*~tactically~*~*~ (stealth).
  4042 | D:6      | 4042 ||| Stepping ~*~*~tactically~*~*~ (stealth).
  4055 | D:6      | 4055 ||| Stepping ~*~*~tactically~*~*~ (stealth).
  4057 | D:6      | 4057 ||| Stepping ~*~*~tactically~*~*~ (stealth).
  4059 | D:6      | 4059 ||| Stepping ~*~*~tactically~*~*~ (stealth).
  4065 | D:6      | 4065 ||| Stepping ~*~*~tactically~*~*~ (outnumbered).
  4066 | D:6      | 4066 ||| Stepping ~*~*~tactically~*~*~ (outnumbered).
  4067 | D:6      | 4067 ||| Stepping ~*~*~tactically~*~*~ (outnumbered).
  4068 | D:6      | 4068 ||| Stepping ~*~*~tactically~*~*~ (outnumbered).
  4069 | D:6      | 4069 ||| Stepping ~*~*~tactically~*~*~ (outnumbered).
  4070 | D:6      | 4070 ||| Stepping ~*~*~tactically~*~*~ (outnumbered).
  4071 | D:6      | 4071 ||| Stepping ~*~*~tactically~*~*~ (outnumbered).
  4072 | D:6      | 4072 ||| Stepping ~*~*~tactically~*~*~ (outnumbered).
  4073 | D:6      | 4073 ||| Stepping ~*~*~tactically~*~*~ (outnumbered).
  4074 | D:6      | 4074 ||| Stepping ~*~*~tactically~*~*~ (outnumbered).
  4075 | D:6      | 4075 ||| Stepping ~*~*~tactically~*~*~ (outnumbered).
  4076 | D:6      | 4076 ||| Stepping ~*~*~tactically~*~*~ (outnumbered).
  4078 | D:6      | 4078 ||| Stepping ~*~*~tactically~*~*~ (outnumbered).
  4079 | D:6      | 4079 ||| Stepping ~*~*~tactically~*~*~ (outnumbered).
  4080 | D:6      | 4080 ||| Stepping ~*~*~tactically~*~*~ (outnumbered).
  4081 | D:6      | 4081 ||| Stepping ~*~*~tactically~*~*~ (outnumbered).
  4082 | D:6      | 4082 ||| Stepping ~*~*~tactically~*~*~ (outnumbered).
  4083 | D:6      | 4083 ||| Stepping ~*~*~tactically~*~*~ (outnumbered).
  4084 | D:6      | 4084 ||| Stepping ~*~*~tactically~*~*~ (outnumbered).
  4088 | D:6      | 4088 ||| Stepping ~*~*~tactically~*~*~ (outnumbered).
  4089 | D:6      | 4089 ||| Stepping ~*~*~tactically~*~*~ (outnumbered).
  4114 | D:6      | Found a runed translucent door.
  4116 | D:6      | Found a runed translucent door.
  4203 | D:6      | Found a staircase to the Ecumenical Temple.
  4398 | D:7      | 4398 ||| Stepping ~*~*~tactically~*~*~ (hiding).
  4405 | D:7      | 4405 ||| FLEEEEING.
  4406 | D:7      | 4406 ||| FLEEEEING.
  4409 | D:7      | 4409 ||| Stepping ~*~*~tactically~*~*~ (hiding).
  4599 | D:7      | Reached skill level 11 in Unarmed Combat
  4673 | D:7      | Reached XP level 9. HP: 84/84 MP: 9/9
  4771 | D:7      | Noticed Duvessa
  4773 | D:7      | Noticed Dowan
  4774 | D:7      | 4774 ||| INVOKING Fiery Armour.
  4782 | D:7      | Killed Duvessa
  4790 | D:7      | Killed Dowan
  5022 | D:7      | 5022 ||| UPGRADING to +2 robe of fire resistance.
  5032 | D:7      | 5032 ||| DROPPING +0 robe.
  5033 | D:7      | 5033 ||| DRINKING 2 grey potions.
  5034 | D:7      | 5034 ||| DRINKING 3 sapphire potions.
  5034 | D:7      | Gained mutation: You have sharp toenails. [potion of
                  | mutation]
  5034 | D:7      | Gained mutation: You are strong-willed. (Will+) [potion of
                  | mutation]
  5095 | D:8      | 5095 ||| Stepping ~*~*~tactically~*~*~ (stealth).
  5096 | D:8      | 5096 ||| Stepping ~*~*~tactically~*~*~ (stealth).
  5151 | D:8      | 5151 ||| Stepping ~*~*~tactically~*~*~ (stealth).
  5152 | D:8      | 5152 ||| Stepping ~*~*~tactically~*~*~ (stealth).
  5163 | D:8      | Reached skill level 12 in Unarmed Combat
  5163 | D:8      | 5163 ||| Stepping ~*~*~tactically~*~*~ (stealth).
  5168 | D:8      | 5168 ||| FLEEEEING.
  5169 | D:8      | 5169 ||| FLEEEEING.
  5170 | D:8      | 5170 ||| FLEEEEING.
  5174 | D:8      | 5174 ||| Stepping ~*~*~tactically~*~*~ (outnumbered).
  5183 | D:8      | 5183 ||| Stepping ~*~*~tactically~*~*~ (stealth).
  5190 | D:8      | 5190 ||| Stepping ~*~*~tactically~*~*~ (stealth).
  5196 | D:8      | 5196 ||| Stepping ~*~*~tactically~*~*~ (stealth).
  5198 | D:8      | 5198 ||| Stepping ~*~*~tactically~*~*~ (hiding).
  5201 | D:8      | 5201 ||| Stepping ~*~*~tactically~*~*~ (outnumbered).
  5221 | D:8      | 5221 ||| Stepping ~*~*~tactically~*~*~ (stealth).
  5229 | D:8      | 5229 ||| Stepping ~*~*~tactically~*~*~ (stealth).
  5244 | D:8      | 5244 ||| Stepping ~*~*~tactically~*~*~ (hiding).
  5245 | D:8      | 5245 ||| Stepping ~*~*~tactically~*~*~ (hiding).
  5269 | D:8      | 5269 ||| Stepping ~*~*~tactically~*~*~ (hiding).
  5273 | D:8      | 5273 ||| INVOKING Fiery Armour.
  5274 | D:8      | 5274 ||| Stepping ~*~*~tactically~*~*~ (outnumbered).
  5323 | D:8      | Identified the +7 falchion "Qaidabew" {antimagic, Str+4
                  | Dex+2}
  5324 | D:8      | 5324 ||| Stepping ~*~*~tactically~*~*~ (hiding).
  5326 | D:8      | 5326 ||| Stepping ~*~*~tactically~*~*~ (hiding).
  5355 | D:8      | 5355 ||| Stepping ~*~*~tactically~*~*~ (stealth).
  5382 | D:8      | Reached skill level 13 in Unarmed Combat
  5386 | D:8      | Reached XP level 10. HP: 95/96 MP: 10/10
  5414 | D:8      | 5414 ||| FLEEEEING.
  5415 | D:8      | 5415 ||| FLEEEEING.
  5416 | D:8      | 5416 ||| FLEEEEING.
  5417 | D:8      | 5417 ||| FLEEEEING.
  5418 | D:8      | 5418 ||| FLEEEEING.
  5419 | D:8      | 5419 ||| FLEEEEING.
  5420 | D:8      | 5420 ||| FLEEEEING.
  5537 | D:8      | Found a white marble altar of Elyvilon.
  5538 | D:8      | 5538 ||| Stepping ~*~*~tactically~*~*~ (stealth).
  5541 | D:8      | 5541 ||| Stepping ~*~*~tactically~*~*~ (stealth).
  5545 | D:8      | 5545 ||| Stepping ~*~*~tactically~*~*~ (stealth).
  5709 | D:8      | 5709 ||| Stepping ~*~*~tactically~*~*~ (stealth).
  5823 | D:8      | 5823 ||| INVOKING Fiery Armour.
  5918 | D:8      | 5918 ||| Stepping ~*~*~tactically~*~*~ (stealth).
  6216 | D:9      | 6216 ||| STAIRDANCE
  6240 | D:9      | 6240 ||| Stepping ~*~*~tactically~*~*~ (outnumbered).
  6242 | D:9      | 6242 ||| Stepping ~*~*~tactically~*~*~ (outnumbered).
  6248 | D:9      | 6248 ||| FLEEEEING.
  6260 | D:9      | 6260 ||| FLEEEEING.
  6274 | D:9      | 6274 ||| FLEEEEING.
  6277 | D:9      | 6277 ||| STAIRDANCE
  6294 | D:9      | 6294 ||| Stepping ~*~*~tactically~*~*~ (outnumbered).
  6296 | D:9      | 6296 ||| FLEEEEING.
  6310 | D:9      | 6310 ||| Stepping ~*~*~tactically~*~*~ (outnumbered).
  6317 | D:9      | 6317 ||| Stepping ~*~*~tactically~*~*~ (outnumbered).
  6320 | D:9      | 6320 ||| STAIRDANCE
  6358 | D:9      | 6358 ||| STAIRDANCE
  6392 | D:9      | 6392 ||| Stepping ~*~*~tactically~*~*~ (outnumbered).
  6393 | D:9      | 6393 ||| FLEEEEING.
  6396 | D:9      | 6396 ||| STAIRDANCE
  6421 | D:9      | 6421 ||| Stepping ~*~*~tactically~*~*~ (outnumbered).
  6423 | D:9      | 6423 ||| Stepping ~*~*~tactically~*~*~ (outnumbered).
  6425 | D:9      | 6425 ||| Stepping ~*~*~tactically~*~*~ (outnumbered).
  6428 | D:9      | 6428 ||| Stepping ~*~*~tactically~*~*~ (outnumbered).
  6433 | D:9      | 6433 ||| STAIRDANCE
  6453 | D:9      | 6453 ||| STAIRDANCE
  6508 | D:9      | 6508 ||| INVOKING Fiery Armour.
  6509 | D:9      | 6509 ||| Stepping ~*~*~tactically~*~*~ (outnumbered).
  6511 | D:9      | 6511 ||| Stepping ~*~*~tactically~*~*~ (outnumbered).
  6515 | D:9      | 6515 ||| Stepping ~*~*~tactically~*~*~ (outnumbered).
  6524 | D:9      | 6524 ||| Stepping ~*~*~tactically~*~*~ (outnumbered).
  6526 | D:9      | 6526 ||| FLEEEEING.
  6536 | D:9      | 6536 ||| Stepping ~*~*~tactically~*~*~ (outnumbered).
  6538 | D:9      | 6538 ||| Stepping ~*~*~tactically~*~*~ (outnumbered).
  6547 | D:9      | 6547 ||| FLEEEEING.
  6550 | D:9      | 6550 ||| STAIRDANCE
  6567 | D:9      | 6567 ||| Stepping ~*~*~tactically~*~*~ (outnumbered).
  6572 | D:9      | 6572 ||| Stepping ~*~*~tactically~*~*~ (outnumbered).
  6576 | D:9      | 6576 ||| Stepping ~*~*~tactically~*~*~ (outnumbered).
  6582 | D:9      | 6582 ||| Stepping ~*~*~tactically~*~*~ (outnumbered).
  6584 | D:9      | 6584 ||| Stepping ~*~*~tactically~*~*~ (outnumbered).
  6586 | D:9      | 6586 ||| Stepping ~*~*~tactically~*~*~ (outnumbered).
  6588 | D:9      | 6588 ||| Stepping ~*~*~tactically~*~*~ (outnumbered).
  6593 | D:9      | 6593 ||| Stepping ~*~*~tactically~*~*~ (outnumbered).
  6596 | D:9      | 6596 ||| Stepping ~*~*~tactically~*~*~ (outnumbered).
  6599 | D:9      | 6599 ||| Stepping ~*~*~tactically~*~*~ (outnumbered).
  6600 | D:9      | 6600 ||| Stepping ~*~*~tactically~*~*~ (outnumbered).
  6604 | D:9      | 6604 ||| Stepping ~*~*~tactically~*~*~ (outnumbered).
  6608 | D:9      | 6608 ||| Stepping ~*~*~tactically~*~*~ (outnumbered).
  6614 | D:9      | 6614 ||| Stepping ~*~*~tactically~*~*~ (outnumbered).
  6617 | D:9      | 6617 ||| Stepping ~*~*~tactically~*~*~ (outnumbered).
  6618 | D:9      | 6618 ||| FLEEEEING.
  6621 | D:9      | 6621 ||| STAIRDANCE
  6636 | D:9      | 6636 ||| Stepping ~*~*~tactically~*~*~ (outnumbered).
  6642 | D:9      | 6642 ||| Stepping ~*~*~tactically~*~*~ (outnumbered).
  6644 | D:9      | 6644 ||| Stepping ~*~*~tactically~*~*~ (outnumbered).
  6647 | D:9      | 6647 ||| Stepping ~*~*~tactically~*~*~ (outnumbered).
  6649 | D:9      | 6649 ||| FLEEEEING.
  6652 | D:9      | 6652 ||| STAIRDANCE
  6669 | D:9      | 6669 ||| FLEEEEING.
  6672 | D:9      | 6672 ||| STAIRDANCE
  6686 | D:9      | 6686 ||| FLEEEEING.
  6698 | D:9      | 6698 ||| FLEEEEING.
  6709 | D:9      | 6709 ||| Stepping ~*~*~tactically~*~*~ (outnumbered).
  6716 | D:9      | 6716 ||| Stepping ~*~*~tactically~*~*~ (outnumbered).
  6719 | D:9      | 6719 ||| Stepping ~*~*~tactically~*~*~ (outnumbered).
  6724 | D:9      | 6724 ||| Stepping ~*~*~tactically~*~*~ (outnumbered).
  6727 | D:9      | 6727 ||| Stepping ~*~*~tactically~*~*~ (outnumbered).
  6733 | D:9      | 6733 ||| FLEEEEING.
  6746 | D:9      | 6746 ||| STAIRDANCE
  6782 | D:9      | 6782 ||| Stepping ~*~*~tactically~*~*~ (outnumbered).
  6783 | D:9      | 6783 ||| FLEEEEING.
  6786 | D:9      | 6786 ||| STAIRDANCE
  6811 | D:9      | 6811 ||| FLEEEEING.
  6814 | D:9      | 6814 ||| STAIRDANCE
  6833 | D:9      | 6833 ||| STAIRDANCE
  6878 | D:9      | 6878 ||| STAIRDANCE
  6933 | D:9      | 6933 ||| INVOKING Fiery Armour.
  6934 | D:9      | 6934 ||| STAIRDANCE
  6968 | D:9      | 6968 ||| STAIRDANCE
  7014 | D:9      | 7014 ||| Stepping ~*~*~tactically~*~*~ (outnumbered).
  7015 | D:9      | 7015 ||| FLEEEEING.
  7027 | D:9      | 7027 ||| Stepping ~*~*~tactically~*~*~ (outnumbered).
  7034 | D:9      | 7034 ||| FLEEEEING.
  7049 | D:9      | 7049 ||| Stepping ~*~*~tactically~*~*~ (outnumbered).
  7052 | D:9      | 7052 ||| STAIRDANCE
  7080 | D:9      | 7080 ||| INVOKING Fiery Armour.
  7081 | D:9      | 7081 ||| STAIRDANCE
  7120 | D:9      | 7120 ||| Stepping ~*~*~tactically~*~*~ (outnumbered).
  7121 | D:9      | 7121 ||| Stepping ~*~*~tactically~*~*~ (outnumbered).
  7126 | D:9      | 7126 ||| Stepping ~*~*~tactically~*~*~ (outnumbered).
  7128 | D:9      | 7128 ||| Stepping ~*~*~tactically~*~*~ (outnumbered).
  7136 | D:9      | 7136 ||| Stepping ~*~*~tactically~*~*~ (outnumbered).
  7138 | D:9      | 7138 ||| FLEEEEING.
  7154 | D:9      | 7154 ||| Stepping ~*~*~tactically~*~*~ (outnumbered).
  7158 | D:9      | 7158 ||| Stepping ~*~*~tactically~*~*~ (outnumbered).
  7160 | D:9      | 7160 ||| Stepping ~*~*~tactically~*~*~ (outnumbered).
  7170 | D:9      | 7170 ||| Stepping ~*~*~tactically~*~*~ (outnumbered).
  7171 | D:9      | 7171 ||| FLEEEEING.
  7197 | D:9      | 7197 ||| FLEEEEING.
  7207 | D:9      | 7207 ||| FLEEEEING.
  7219 | D:9      | 7219 ||| Stepping ~*~*~tactically~*~*~ (outnumbered).
  7220 | D:9      | 7220 ||| Stepping ~*~*~tactically~*~*~ (outnumbered).
  7225 | D:9      | 7225 ||| Stepping ~*~*~tactically~*~*~ (outnumbered).
  7227 | D:9      | 7227 ||| Stepping ~*~*~tactically~*~*~ (outnumbered).
  7229 | D:9      | 7229 ||| Stepping ~*~*~tactically~*~*~ (outnumbered).
  7238 | D:9      | 7238 ||| FLEEEEING.
  7254 | D:9      | 7254 ||| Stepping ~*~*~tactically~*~*~ (outnumbered).
  7261 | D:9      | 7261 ||| Stepping ~*~*~tactically~*~*~ (outnumbered).
  7263 | D:9      | 7263 ||| Stepping ~*~*~tactically~*~*~ (outnumbered).
  7267 | D:9      | 7267 ||| Stepping ~*~*~tactically~*~*~ (outnumbered).
  7269 | D:9      | 7269 ||| Stepping ~*~*~tactically~*~*~ (stealth).
  7279 | D:9      | 7279 ||| FLEEEEING.
  7295 | D:9      | 7295 ||| Stepping ~*~*~tactically~*~*~ (outnumbered).
  7297 | D:9      | 7297 ||| Stepping ~*~*~tactically~*~*~ (outnumbered).
  7302 | D:9      | 7302 ||| Stepping ~*~*~tactically~*~*~ (outnumbered).
  7312 | D:9      | 7312 ||| Stepping ~*~*~tactically~*~*~ (outnumbered).
  7314 | D:9      | 7314 ||| Stepping ~*~*~tactically~*~*~ (outnumbered).
  7321 | D:9      | 7321 ||| Stepping ~*~*~tactically~*~*~ (outnumbered).
  7329 | D:9      | 7329 ||| INVOKING Fiery Armour.
  7330 | D:9      | 7330 ||| Stepping ~*~*~tactically~*~*~ (outnumbered).
  7331 | D:9      | 7331 ||| FLEEEEING.
  7354 | D:9      | 7354 ||| Stepping ~*~*~tactically~*~*~ (outnumbered).
  7356 | D:9      | 7356 ||| Stepping ~*~*~tactically~*~*~ (outnumbered).
  7363 | D:9      | 7363 ||| Stepping ~*~*~tactically~*~*~ (outnumbered).
  7370 | D:9      | 7370 ||| Stepping ~*~*~tactically~*~*~ (outnumbered).
  7372 | D:9      | 7372 ||| Stepping ~*~*~tactically~*~*~ (outnumbered).
  7374 | D:9      | 7374 ||| FLEEEEING.
  7385 | D:9      | 7385 ||| Stepping ~*~*~tactically~*~*~ (outnumbered).
  7387 | D:9      | 7387 ||| Stepping ~*~*~tactically~*~*~ (outnumbered).
  7389 | D:9      | 7389 ||| FLEEEEING.
  7403 | D:9      | 7403 ||| Stepping ~*~*~tactically~*~*~ (outnumbered).
  7410 | D:9      | 7410 ||| Stepping ~*~*~tactically~*~*~ (outnumbered).
  7419 | D:9      | 7419 ||| Stepping ~*~*~tactically~*~*~ (outnumbered).
  7427 | D:9      | 7427 ||| Stepping ~*~*~tactically~*~*~ (outnumbered).
  7428 | D:9      | 7428 ||| Stepping ~*~*~tactically~*~*~ (outnumbered).
  7430 | D:9      | 7430 ||| Stepping ~*~*~tactically~*~*~ (outnumbered).
  7438 | D:9      | 7438 ||| Stepping ~*~*~tactically~*~*~ (outnumbered).
  7446 | D:9      | 7446 ||| Stepping ~*~*~tactically~*~*~ (outnumbered).
  7448 | D:9      | 7448 ||| Stepping ~*~*~tactically~*~*~ (outnumbered).
  7450 | D:9      | 7450 ||| Stepping ~*~*~tactically~*~*~ (outnumbered).
  7452 | D:9      | 7452 ||| Stepping ~*~*~tactically~*~*~ (outnumbered).
  7454 | D:9      | 7454 ||| Stepping ~*~*~tactically~*~*~ (outnumbered).
  7456 | D:9      | 7456 ||| Stepping ~*~*~tactically~*~*~ (outnumbered).
  7464 | D:9      | 7464 ||| FLEEEEING.
  7474 | D:9      | 7474 ||| Stepping ~*~*~tactically~*~*~ (outnumbered).
  7477 | D:9      | 7477 ||| Stepping ~*~*~tactically~*~*~ (outnumbered).
  7487 | D:9      | 7487 ||| FLEEEEING.
  7498 | D:9      | 7498 ||| Stepping ~*~*~tactically~*~*~ (outnumbered).
  7500 | D:9      | 7500 ||| Stepping ~*~*~tactically~*~*~ (outnumbered).
  7507 | D:9      | 7507 ||| Stepping ~*~*~tactically~*~*~ (outnumbered).
  7514 | D:9      | 7514 ||| Stepping ~*~*~tactically~*~*~ (outnumbered).
  7516 | D:9      | 7516 ||| FLEEEEING.
  7534 | D:9      | 7534 ||| Stepping ~*~*~tactically~*~*~ (outnumbered).
  7541 | D:9      | 7541 ||| FLEEEEING.
  7553 | D:9      | 7553 ||| Stepping ~*~*~tactically~*~*~ (outnumbered).
  7557 | D:9      | 7557 ||| FLEEEEING.
  7568 | D:9      | 7568 ||| FLEEEEING.
  7587 | D:9      | 7587 ||| FLEEEEING.
  7605 | D:9      | 7605 ||| INVOKING Fiery Armour.
  7606 | D:9      | 7606 ||| Stepping ~*~*~tactically~*~*~ (outnumbered).
  7607 | D:9      | 7607 ||| FLEEEEING.
  7643 | D:9      | 7643 ||| Stepping ~*~*~tactically~*~*~ (outnumbered).
  7651 | D:9      | 7651 ||| Stepping ~*~*~tactically~*~*~ (outnumbered).
  7653 | D:9      | 7653 ||| Stepping ~*~*~tactically~*~*~ (outnumbered).
  7658 | D:9      | 7658 ||| Stepping ~*~*~tactically~*~*~ (outnumbered).
  7660 | D:9      | 7660 ||| Stepping ~*~*~tactically~*~*~ (outnumbered).
  7663 | D:9      | 7663 ||| Stepping ~*~*~tactically~*~*~ (outnumbered).
  7666 | D:9      | 7666 ||| FLEEEEING.
  7685 | D:9      | 7685 ||| FLEEEEING.
  7703 | D:9      | 7703 ||| Stepping ~*~*~tactically~*~*~ (outnumbered).
  7704 | D:9      | 7704 ||| FLEEEEING.
  7735 | D:9      | 7735 ||| Stepping ~*~*~tactically~*~*~ (outnumbered).
  7736 | D:9      | 7736 ||| FLEEEEING.
  7758 | D:9      | 7758 ||| Stepping ~*~*~tactically~*~*~ (outnumbered).
  7765 | D:9      | 7765 ||| FLEEEEING.
  7780 | D:9      | 7780 ||| FLEEEEING.
  7795 | D:9      | 7795 ||| Stepping ~*~*~tactically~*~*~ (outnumbered).
  7803 | D:9      | 7803 ||| FLEEEEING.
  7819 | D:9      | 7819 ||| Stepping ~*~*~tactically~*~*~ (outnumbered).
  7820 | D:9      | 7820 ||| FLEEEEING.
  7847 | D:9      | 7847 ||| Stepping ~*~*~tactically~*~*~ (outnumbered).
  7849 | D:9      | 7849 ||| FLEEEEING.
  7871 | D:9      | 7871 ||| Stepping ~*~*~tactically~*~*~ (outnumbered).
  7874 | D:9      | 7874 ||| FLEEEEING.
  7885 | D:9      | 7885 ||| Stepping ~*~*~tactically~*~*~ (outnumbered).
  7888 | D:9      | 7888 ||| Stepping ~*~*~tactically~*~*~ (outnumbered).
  7892 | D:9      | 7892 ||| Stepping ~*~*~tactically~*~*~ (outnumbered).
  7894 | D:9      | 7894 ||| Stepping ~*~*~tactically~*~*~ (outnumbered).
  7896 | D:9      | 7896 ||| Stepping ~*~*~tactically~*~*~ (outnumbered).
  7901 | D:9      | 7901 ||| Stepping ~*~*~tactically~*~*~ (outnumbered).
  7911 | D:9      | 7911 ||| Stepping ~*~*~tactically~*~*~ (outnumbered).
  7918 | D:9      | 7918 ||| Stepping ~*~*~tactically~*~*~ (outnumbered).
  7920 | D:9      | 7920 ||| Stepping ~*~*~tactically~*~*~ (outnumbered).
  7922 | D:9      | 7922 ||| Stepping ~*~*~tactically~*~*~ (outnumbered).
  7924 | D:9      | 7924 ||| Stepping ~*~*~tactically~*~*~ (outnumbered).
  7926 | D:9      | 7926 ||| Stepping ~*~*~tactically~*~*~ (outnumbered).
  7928 | D:9      | 7928 ||| FLEEEEING.
  7938 | D:9      | 7938 ||| Stepping ~*~*~tactically~*~*~ (outnumbered).
  7940 | D:9      | 7940 ||| FLEEEEING.
  7962 | D:9      | 7962 ||| Stepping ~*~*~tactically~*~*~ (outnumbered).
  7969 | D:9      | 7969 ||| FLEEEEING.
  7988 | D:9      | 7988 ||| Stepping ~*~*~tactically~*~*~ (outnumbered).
  7994 | D:9      | 7994 ||| Stepping ~*~*~tactically~*~*~ (outnumbered).
  7998 | D:9      | 7998 ||| Stepping ~*~*~tactically~*~*~ (outnumbered).
  8000 | D:9      | 8000 ||| Stepping ~*~*~tactically~*~*~ (outnumbered).
  8002 | D:9      | 8002 ||| FLEEEEING.
  8018 | D:9      | 8018 ||| Stepping ~*~*~tactically~*~*~ (outnumbered).
  8026 | D:9      | 8026 ||| Stepping ~*~*~tactically~*~*~ (outnumbered).
  8035 | D:9      | 8035 ||| Stepping ~*~*~tactically~*~*~ (outnumbered).
  8036 | D:9      | 8036 ||| FLEEEEING.
  8067 | D:9      | 8067 ||| Stepping ~*~*~tactically~*~*~ (outnumbered).
  8072 | D:9      | 8072 ||| Stepping ~*~*~tactically~*~*~ (outnumbered).
  8073 | D:9      | 8073 ||| Stepping ~*~*~tactically~*~*~ (outnumbered).
  8075 | D:9      | 8075 ||| Stepping ~*~*~tactically~*~*~ (outnumbered).
  8078 | D:9      | 8078 ||| Stepping ~*~*~tactically~*~*~ (outnumbered).
  8080 | D:9      | 8080 ||| Stepping ~*~*~tactically~*~*~ (outnumbered).
  8086 | D:9      | 8086 ||| Stepping ~*~*~tactically~*~*~ (outnumbered).
  8087 | D:9      | 8087 ||| FLEEEEING.
  8103 | D:9      | 8103 ||| Stepping ~*~*~tactically~*~*~ (outnumbered).
  8109 | D:9      | 8109 ||| Stepping ~*~*~tactically~*~*~ (outnumbered).
  8110 | D:9      | 8110 ||| Stepping ~*~*~tactically~*~*~ (outnumbered).
  8119 | D:9      | 8119 ||| FLEEEEING.
  8136 | D:9      | 8136 ||| Stepping ~*~*~tactically~*~*~ (outnumbered).
  8138 | D:9      | 8138 ||| Stepping ~*~*~tactically~*~*~ (outnumbered).
  8140 | D:9      | 8140 ||| FLEEEEING.
  8155 | D:9      | 8155 ||| Stepping ~*~*~tactically~*~*~ (outnumbered).
  8157 | D:9      | 8157 ||| Stepping ~*~*~tactically~*~*~ (outnumbered).
  8160 | D:9      | 8160 ||| Stepping ~*~*~tactically~*~*~ (outnumbered).
  8161 | D:9      | 8161 ||| FLEEEEING.
  8177 | D:9      | 8177 ||| FLEEEEING.
  8193 | D:9      | 8193 ||| Stepping ~*~*~tactically~*~*~ (outnumbered).
  8195 | D:9      | 8195 ||| Stepping ~*~*~tactically~*~*~ (outnumbered).
  8203 | D:9      | 8203 ||| Stepping ~*~*~tactically~*~*~ (outnumbered).
  8205 | D:9      | 8205 ||| Stepping ~*~*~tactically~*~*~ (outnumbered).
  8207 | D:9      | 8207 ||| Stepping ~*~*~tactically~*~*~ (outnumbered).
  8213 | D:9      | 8213 ||| Stepping ~*~*~tactically~*~*~ (outnumbered).
  8215 | D:9      | 8215 ||| Stepping ~*~*~tactically~*~*~ (outnumbered).
  8217 | D:9      | 8217 ||| FLEEEEING.
  8235 | D:9      | 8235 ||| Stepping ~*~*~tactically~*~*~ (outnumbered).
  8240 | D:9      | 8240 ||| Stepping ~*~*~tactically~*~*~ (outnumbered).
  8242 | D:9      | 8242 ||| Stepping ~*~*~tactically~*~*~ (outnumbered).
  8251 | D:9      | 8251 ||| Stepping ~*~*~tactically~*~*~ (outnumbered).
  8258 | D:9      | 8258 ||| Stepping ~*~*~tactically~*~*~ (outnumbered).
  8260 | D:9      | 8260 ||| FLEEEEING.
  8271 | D:9      | 8271 ||| Stepping ~*~*~tactically~*~*~ (outnumbered).
  8272 | D:9      | 8272 ||| FLEEEEING.
  8291 | D:9      | 8291 ||| Stepping ~*~*~tactically~*~*~ (outnumbered).
  8293 | D:9      | 8293 ||| FLEEEEING.
  8319 | D:9      | 8319 ||| FLEEEEING.
  8334 | D:9      | 8334 ||| Stepping ~*~*~tactically~*~*~ (outnumbered).
  8344 | D:9      | 8344 ||| Stepping ~*~*~tactically~*~*~ (outnumbered).
  8345 | D:9      | 8345 ||| FLEEEEING.
  8372 | D:9      | 8372 ||| Stepping ~*~*~tactically~*~*~ (outnumbered).
  8377 | D:9      | 8377 ||| Stepping ~*~*~tactically~*~*~ (outnumbered).
  8386 | D:9      | 8386 ||| Stepping ~*~*~tactically~*~*~ (outnumbered).
  8394 | D:9      | 8394 ||| FLEEEEING.
  8406 | D:9      | 8406 ||| Stepping ~*~*~tactically~*~*~ (outnumbered).
  8410 | D:9      | 8410 ||| FLEEEEING.
  8429 | D:9      | 8429 ||| Stepping ~*~*~tactically~*~*~ (outnumbered).
  8430 | D:9      | 8430 ||| FLEEEEING.
  8470 | D:9      | 8470 ||| Stepping ~*~*~tactically~*~*~ (outnumbered).
  8473 | D:9      | 8473 ||| Stepping ~*~*~tactically~*~*~ (outnumbered).
  8474 | D:9      | 8474 ||| Stepping ~*~*~tactically~*~*~ (outnumbered).
  8484 | D:9      | 8484 ||| FLEEEEING.
  8499 | D:9      | 8499 ||| Stepping ~*~*~tactically~*~*~ (outnumbered).
  8501 | D:9      | 8501 ||| Stepping ~*~*~tactically~*~*~ (outnumbered).
  8510 | D:9      | 8510 ||| Stepping ~*~*~tactically~*~*~ (outnumbered).
  8517 | D:9      | 8517 ||| FLEEEEING.
  8531 | D:9      | 8531 ||| Stepping ~*~*~tactically~*~*~ (outnumbered).
  8532 | D:9      | 8532 ||| FLEEEEING.
  8547 | D:9      | 8547 ||| Stepping ~*~*~tactically~*~*~ (outnumbered).
  8550 | D:9      | 8550 ||| Stepping ~*~*~tactically~*~*~ (outnumbered).
  8551 | D:9      | 8551 ||| FLEEEEING.
  8573 | D:9      | 8573 ||| Stepping ~*~*~tactically~*~*~ (outnumbered).
  8580 | D:9      | 8580 ||| Stepping ~*~*~tactically~*~*~ (outnumbered).
  8588 | D:9      | 8588 ||| Stepping ~*~*~tactically~*~*~ (outnumbered).
  8590 | D:9      | 8590 ||| Stepping ~*~*~tactically~*~*~ (outnumbered).
  8597 | D:9      | 8597 ||| Stepping ~*~*~tactically~*~*~ (outnumbered).
  8607 | D:9      | 8607 ||| Stepping ~*~*~tactically~*~*~ (outnumbered).
  8614 | D:9      | 8614 ||| Stepping ~*~*~tactically~*~*~ (outnumbered).
  8617 | D:9      | 8617 ||| Stepping ~*~*~tactically~*~*~ (outnumbered).
  8618 | D:9      | 8618 ||| FLEEEEING.
  8629 | D:9      | 8629 ||| FLEEEEING.
  8645 | D:9      | 8645 ||| FLEEEEING.
  8655 | D:9      | 8655 ||| Stepping ~*~*~tactically~*~*~ (outnumbered).
  8665 | D:9      | 8665 ||| Stepping ~*~*~tactically~*~*~ (outnumbered).
  8667 | D:9      | 8667 ||| Stepping ~*~*~tactically~*~*~ (outnumbered).
  8669 | D:9      | 8669 ||| FLEEEEING.
  8686 | D:9      | 8686 ||| Stepping ~*~*~tactically~*~*~ (outnumbered).
  8696 | D:9      | 8696 ||| Stepping ~*~*~tactically~*~*~ (outnumbered).
  8699 | D:9      | 8699 ||| Stepping ~*~*~tactically~*~*~ (outnumbered).
  8704 | D:9      | 8704 ||| FLEEEEING.
  8717 | D:9      | 8717 ||| FLEEEEING.
  8736 | D:9      | 8736 ||| Stepping ~*~*~tactically~*~*~ (outnumbered).
  8742 | D:9      | 8742 ||| Stepping ~*~*~tactically~*~*~ (outnumbered).
  8750 | D:9      | 8750 ||| FLEEEEING.
  8760 | D:9      | 8760 ||| Stepping ~*~*~tactically~*~*~ (outnumbered).
  8769 | D:9      | 8769 ||| Stepping ~*~*~tactically~*~*~ (outnumbered).
  8771 | D:9      | 8771 ||| Stepping ~*~*~tactically~*~*~ (outnumbered).
  8776 | D:9      | 8776 ||| Stepping ~*~*~tactically~*~*~ (outnumbered).
  8778 | D:9      | 8778 ||| Stepping ~*~*~tactically~*~*~ (outnumbered).
  8780 | D:9      | 8780 ||| Stepping ~*~*~tactically~*~*~ (outnumbered).
  8785 | D:9      | 8785 ||| Stepping ~*~*~tactically~*~*~ (outnumbered).
  8789 | D:9      | 8789 ||| Stepping ~*~*~tactically~*~*~ (outnumbered).
  8791 | D:9      | 8791 ||| Stepping ~*~*~tactically~*~*~ (outnumbered).
  8799 | D:9      | 8799 ||| Stepping ~*~*~tactically~*~*~ (outnumbered).
  8801 | D:9      | 8801 ||| Stepping ~*~*~tactically~*~*~ (outnumbered).
  8809 | D:9      | 8809 ||| Stepping ~*~*~tactically~*~*~ (outnumbered).
  8812 | D:9      | 8812 ||| FLEEEEING.
  8827 | D:9      | 8827 ||| Stepping ~*~*~tactically~*~*~ (outnumbered).
  8837 | D:9      | 8837 ||| Stepping ~*~*~tactically~*~*~ (outnumbered).
  8838 | D:9      | 8838 ||| FLEEEEING.
  8860 | D:9      | 8860 ||| Stepping ~*~*~tactically~*~*~ (outnumbered).
  8861 | D:9      | 8861 ||| FLEEEEING.
  8879 | D:9      | 8879 ||| Stepping ~*~*~tactically~*~*~ (outnumbered).
  8885 | D:9      | 8885 ||| FLEEEEING.
  8899 | D:9      | 8899 ||| Stepping ~*~*~tactically~*~*~ (outnumbered).
  8900 | D:9      | 8900 ||| FLEEEEING.
  8925 | D:9      | 8925 ||| Stepping ~*~*~tactically~*~*~ (outnumbered).
  8926 | D:9      | 8926 ||| FLEEEEING.
  8946 | D:9      | 8946 ||| Stepping ~*~*~tactically~*~*~ (outnumbered).
  8948 | D:9      | 8948 ||| Stepping ~*~*~tactically~*~*~ (outnumbered).
  8950 | D:9      | 8950 ||| Stepping ~*~*~tactically~*~*~ (outnumbered).
  8956 | D:9      | 8956 ||| Stepping ~*~*~tactically~*~*~ (outnumbered).
  8957 | D:9      | 8957 ||| FLEEEEING.
  8987 | D:9      | 8987 ||| Stepping ~*~*~tactically~*~*~ (outnumbered).
  8991 | D:9      | 8991 ||| Stepping ~*~*~tactically~*~*~ (outnumbered).
  8999 | D:9      | 8999 ||| FLEEEEING.
  9023 | D:9      | 9023 ||| Stepping ~*~*~tactically~*~*~ (outnumbered).
  9028 | D:9      | 9028 ||| FLEEEEING.
  9040 | D:9      | 9040 ||| FLEEEEING.
  9054 | D:9      | 9054 ||| Stepping ~*~*~tactically~*~*~ (outnumbered).
  9064 | D:9      | 9064 ||| Stepping ~*~*~tactically~*~*~ (outnumbered).
  9066 | D:9      | 9066 ||| FLEEEEING.
  9081 | D:9      | 9081 ||| FLEEEEING.
  9102 | D:9      | 9102 ||| Stepping ~*~*~tactically~*~*~ (outnumbered).
  9103 | D:9      | 9103 ||| FLEEEEING.
  9124 | D:9      | 9124 ||| Stepping ~*~*~tactically~*~*~ (outnumbered).
  9126 | D:9      | 9126 ||| Stepping ~*~*~tactically~*~*~ (outnumbered).
  9133 | D:9      | 9133 ||| Stepping ~*~*~tactically~*~*~ (outnumbered).
  9135 | D:9      | 9135 ||| Stepping ~*~*~tactically~*~*~ (outnumbered).
  9145 | D:9      | 9145 ||| FLEEEEING.
  9169 | D:9      | 9169 ||| FLEEEEING.
  9193 | D:9      | 9193 ||| Stepping ~*~*~tactically~*~*~ (outnumbered).
  9194 | D:9      | 9194 ||| FLEEEEING.
  9217 | D:9      | 9217 ||| Stepping ~*~*~tactically~*~*~ (outnumbered).
  9218 | D:9      | 9218 ||| FLEEEEING.
  9254 | D:9      | 9254 ||| Stepping ~*~*~tactically~*~*~ (outnumbered).
  9256 | D:9      | 9256 ||| Stepping ~*~*~tactically~*~*~ (outnumbered).
  9260 | D:9      | 9260 ||| Stepping ~*~*~tactically~*~*~ (outnumbered).
  9263 | D:9      | 9263 ||| Stepping ~*~*~tactically~*~*~ (outnumbered).
  9265 | D:9      | 9265 ||| Stepping ~*~*~tactically~*~*~ (outnumbered).
  9271 | D:9      | 9271 ||| Stepping ~*~*~tactically~*~*~ (outnumbered).
  9272 | D:9      | 9272 ||| FLEEEEING.
  9291 | D:9      | 9291 ||| Stepping ~*~*~tactically~*~*~ (outnumbered).
  9299 | D:9      | 9299 ||| Stepping ~*~*~tactically~*~*~ (outnumbered).
  9301 | D:9      | 9301 ||| Stepping ~*~*~tactically~*~*~ (outnumbered).
  9304 | D:9      | 9304 ||| Stepping ~*~*~tactically~*~*~ (outnumbered).
  9305 | D:9      | 9305 ||| FLEEEEING.
  9324 | D:9      | 9324 ||| Stepping ~*~*~tactically~*~*~ (outnumbered).
  9334 | D:9      | 9334 ||| Stepping ~*~*~tactically~*~*~ (outnumbered).
  9336 | D:9      | 9336 ||| FLEEEEING.
  9355 | D:9      | 9355 ||| Stepping ~*~*~tactically~*~*~ (outnumbered).
  9356 | D:9      | 9356 ||| Stepping ~*~*~tactically~*~*~ (outnumbered).
  9361 | D:9      | 9361 ||| FLEEEEING.
  9376 | D:9      | 9376 ||| FLEEEEING.
  9392 | D:9      | 9392 ||| FLEEEEING.
  9410 | D:9      | 9410 ||| Stepping ~*~*~tactically~*~*~ (outnumbered).
  9418 | D:9      | 9418 ||| Stepping ~*~*~tactically~*~*~ (outnumbered).
  9426 | D:9      | 9426 ||| Stepping ~*~*~tactically~*~*~ (outnumbered).
  9428 | D:9      | 9428 ||| Stepping ~*~*~tactically~*~*~ (outnumbered).
  9430 | D:9      | 9430 ||| FLEEEEING.
  9447 | D:9      | 9447 ||| FLEEEEING.
  9458 | D:9      | 9458 ||| Stepping ~*~*~tactically~*~*~ (outnumbered).
  9459 | D:9      | 9459 ||| FLEEEEING.
  9480 | D:9      | 9480 ||| Stepping ~*~*~tactically~*~*~ (outnumbered).
  9481 | D:9      | 9481 ||| FLEEEEING.
  9496 | D:9      | 9496 ||| FLEEEEING.
  9511 | D:9      | 9511 ||| Stepping ~*~*~tactically~*~*~ (outnumbered).
  9513 | D:9      | 9513 ||| Stepping ~*~*~tactically~*~*~ (outnumbered).
  9515 | D:9      | 9515 ||| Stepping ~*~*~tactically~*~*~ (outnumbered).
  9520 | D:9      | 9520 ||| Stepping ~*~*~tactically~*~*~ (outnumbered).
  9521 | D:9      | 9521 ||| Stepping ~*~*~tactically~*~*~ (outnumbered).
  9528 | D:9      | 9528 ||| Stepping ~*~*~tactically~*~*~ (outnumbered).
  9535 | D:9      | 9535 ||| Stepping ~*~*~tactically~*~*~ (outnumbered).
  9542 | D:9      | 9542 ||| Stepping ~*~*~tactically~*~*~ (outnumbered).
  9547 | D:9      | 9547 ||| Stepping ~*~*~tactically~*~*~ (outnumbered).
  9548 | D:9      | 9548 ||| Stepping ~*~*~tactically~*~*~ (outnumbered).
  9555 | D:9      | 9555 ||| Stepping ~*~*~tactically~*~*~ (outnumbered).
  9557 | D:9      | 9557 ||| Stepping ~*~*~tactically~*~*~ (outnumbered).
  9566 | D:9      | 9566 ||| Stepping ~*~*~tactically~*~*~ (outnumbered).
  9568 | D:9      | 9568 ||| FLEEEEING.
  9579 | D:9      | 9579 ||| Stepping ~*~*~tactically~*~*~ (outnumbered).
  9585 | D:9      | 9585 ||| Stepping ~*~*~tactically~*~*~ (outnumbered).
  9592 | D:9      | 9592 ||| Stepping ~*~*~tactically~*~*~ (outnumbered).
  9594 | D:9      | 9594 ||| Stepping ~*~*~tactically~*~*~ (outnumbered).
  9597 | D:9      | 9597 ||| Stepping ~*~*~tactically~*~*~ (outnumbered).
  9602 | D:9      | 9602 ||| Stepping ~*~*~tactically~*~*~ (outnumbered).
  9604 | D:9      | 9604 ||| Stepping ~*~*~tactically~*~*~ (outnumbered).
  9610 | D:9      | 9610 ||| FLEEEEING.
  9620 | D:9      | 9620 ||| Stepping ~*~*~tactically~*~*~ (outnumbered).
  9623 | D:9      | 9623 ||| Stepping ~*~*~tactically~*~*~ (outnumbered).
  9625 | D:9      | 9625 ||| FLEEEEING.
  9647 | D:9      | 9647 ||| FLEEEEING.
  9672 | D:9      | 9672 ||| FLEEEEING.
  9691 | D:9      | 9691 ||| Stepping ~*~*~tactically~*~*~ (outnumbered).
  9699 | D:9      | 9699 ||| Stepping ~*~*~tactically~*~*~ (outnumbered).
  9700 | D:9      | 9700 ||| FLEEEEING.
  9725 | D:9      | 9725 ||| Stepping ~*~*~tactically~*~*~ (outnumbered).
  9735 | D:9      | 9735 ||| FLEEEEING.
  9752 | D:9      | 9752 ||| Stepping ~*~*~tactically~*~*~ (outnumbered).
  9754 | D:9      | 9754 ||| Stepping ~*~*~tactically~*~*~ (outnumbered).
  9760 | D:9      | 9760 ||| Stepping ~*~*~tactically~*~*~ (outnumbered).
  9764 | D:9      | 9764 ||| Stepping ~*~*~tactically~*~*~ (outnumbered).
  9772 | D:9      | 9772 ||| Stepping ~*~*~tactically~*~*~ (outnumbered).
  9773 | D:9      | 9773 ||| FLEEEEING.
  9792 | D:9      | 9792 ||| Stepping ~*~*~tactically~*~*~ (outnumbered).
  9800 | D:9      | 9800 ||| Stepping ~*~*~tactically~*~*~ (outnumbered).
  9802 | D:9      | 9802 ||| Stepping ~*~*~tactically~*~*~ (outnumbered).
  9807 | D:9      | 9807 ||| FLEEEEING.
  9828 | D:9      | 9828 ||| FLEEEEING.
  9844 | D:9      | 9844 ||| Stepping ~*~*~tactically~*~*~ (outnumbered).
  9850 | D:9      | 9850 ||| Stepping ~*~*~tactically~*~*~ (outnumbered).
  9852 | D:9      | 9852 ||| FLEEEEING.
  9872 | D:9      | 9872 ||| FLEEEEING.
  9903 | D:9      | 9903 ||| Stepping ~*~*~tactically~*~*~ (stealth).
  9912 | D:9      | 9912 ||| FLEEEEING.
  9924 | D:9      | 9924 ||| FLEEEEING.
  9937 | D:9      | 9937 ||| Stepping ~*~*~tactically~*~*~ (outnumbered).
  9938 | D:9      | 9938 ||| Stepping ~*~*~tactically~*~*~ (stealth).
  9945 | D:9      | 9945 ||| Stepping ~*~*~tactically~*~*~ (outnumbered).
  9946 | D:9      | 9946 ||| FLEEEEING.
  9963 | D:9      | 9963 ||| Stepping ~*~*~tactically~*~*~ (outnumbered).
  9964 | D:9      | 9964 ||| FLEEEEING.
  9987 | D:9      | 9987 ||| Stepping ~*~*~tactically~*~*~ (outnumbered).
  9989 | D:9      | 9989 ||| Stepping ~*~*~tactically~*~*~ (outnumbered).
  9991 | D:9      | 9991 ||| FLEEEEING.
 10002 | D:9      | 10002 ||| Stepping ~*~*~tactically~*~*~ (outnumbered).
 10004 | D:9      | 10004 ||| Stepping ~*~*~tactically~*~*~ (outnumbered).
 10006 | D:9      | 10006 ||| Stepping ~*~*~tactically~*~*~ (outnumbered).
 10012 | D:9      | 10012 ||| Stepping ~*~*~tactically~*~*~ (outnumbered).
 10014 | D:9      | 10014 ||| Stepping ~*~*~tactically~*~*~ (outnumbered).
 10017 | D:9      | 10017 ||| Stepping ~*~*~tactically~*~*~ (outnumbered).
 10019 | D:9      | 10019 ||| FLEEEEING.
 10043 | D:9      | 10043 ||| Stepping ~*~*~tactically~*~*~ (outnumbered).
 10045 | D:9      | 10045 ||| Stepping ~*~*~tactically~*~*~ (outnumbered).
 10047 | D:9      | 10047 ||| Stepping ~*~*~tactically~*~*~ (outnumbered).
 10055 | D:9      | 10055 ||| FLEEEEING.
 10071 | D:9      | 10071 ||| Stepping ~*~*~tactically~*~*~ (outnumbered).
 10073 | D:9      | 10073 ||| FLEEEEING.
 10093 | D:9      | 10093 ||| Stepping ~*~*~tactically~*~*~ (outnumbered).
 10094 | D:9      | 10094 ||| FLEEEEING.
 10131 | D:9      | 10131 ||| Stepping ~*~*~tactically~*~*~ (outnumbered).
 10133 | D:9      | 10133 ||| FLEEEEING.
 10163 | D:9      | 10163 ||| Stepping ~*~*~tactically~*~*~ (outnumbered).
 10164 | D:9      | 10164 ||| FLEEEEING.
 10187 | D:9      | 10187 ||| FLEEEEING.
 10202 | D:9      | 10202 ||| FLEEEEING.
 10213 | D:9      | 10213 ||| FLEEEEING.
 10233 | D:9      | 10233 ||| FLEEEEING.
 10247 | D:9      | 10247 ||| Stepping ~*~*~tactically~*~*~ (outnumbered).
 10248 | D:9      | 10248 ||| FLEEEEING.
 10276 | D:9      | 10276 ||| Stepping ~*~*~tactically~*~*~ (outnumbered).
 10286 | D:9      | 10286 ||| Stepping ~*~*~tactically~*~*~ (outnumbered).
 10287 | D:9      | 10287 ||| FLEEEEING.
 10313 | D:9      | 10313 ||| Stepping ~*~*~tactically~*~*~ (outnumbered).
 10315 | D:9      | 10315 ||| Stepping ~*~*~tactically~*~*~ (outnumbered).
 10324 | D:9      | 10324 ||| Stepping ~*~*~tactically~*~*~ (outnumbered).
 10326 | D:9      | 10326 ||| Stepping ~*~*~tactically~*~*~ (outnumbered).
 10333 | D:9      | 10333 ||| Stepping ~*~*~tactically~*~*~ (outnumbered).
 10335 | D:9      | 10335 ||| Stepping ~*~*~tactically~*~*~ (outnumbered).
 10337 | D:9      | 10337 ||| FLEEEEING.
 10357 | D:9      | 10357 ||| FLEEEEING.
 10370 | D:9      | 10370 ||| Stepping ~*~*~tactically~*~*~ (outnumbered).
 10375 | D:9      | 10375 ||| FLEEEEING.
 10388 | D:9      | 10388 ||| FLEEEEING.
 10399 | D:9      | 10399 ||| FLEEEEING.
 10411 | D:9      | 10411 ||| Stepping ~*~*~tactically~*~*~ (outnumbered).
 10422 | D:9      | 10422 ||| FLEEEEING.
 10439 | D:9      | 10439 ||| Stepping ~*~*~tactically~*~*~ (outnumbered).
 10442 | D:9      | 10442 ||| Stepping ~*~*~tactically~*~*~ (outnumbered).
 10448 | D:9      | 10448 ||| Stepping ~*~*~tactically~*~*~ (outnumbered).
 10453 | D:9      | 10453 ||| Stepping ~*~*~tactically~*~*~ (outnumbered).
 10454 | D:9      | 10454 ||| Stepping ~*~*~tactically~*~*~ (stealth).
 10464 | D:9      | 10464 ||| FLEEEEING.
 10474 | D:9      | 10474 ||| Stepping ~*~*~tactically~*~*~ (outnumbered).
 10482 | D:9      | 10482 ||| Stepping ~*~*~tactically~*~*~ (outnumbered).
 10483 | D:9      | 10483 ||| FLEEEEING.
 10515 | D:9      | 10515 ||| Stepping ~*~*~tactically~*~*~ (outnumbered).
 10522 | D:9      | 10522 ||| Stepping ~*~*~tactically~*~*~ (outnumbered).
 10531 | D:9      | 10531 ||| Stepping ~*~*~tactically~*~*~ (outnumbered).
 10532 | D:9      | 10532 ||| FLEEEEING.
 10563 | D:9      | 10563 ||| FLEEEEING.
 10575 | D:9      | 10575 ||| Stepping ~*~*~tactically~*~*~ (outnumbered).
 10577 | D:9      | 10577 ||| FLEEEEING.
 10592 | D:9      | 10592 ||| Stepping ~*~*~tactically~*~*~ (outnumbered).
 10595 | D:9      | 10595 ||| Stepping ~*~*~tactically~*~*~ (outnumbered).
 10596 | D:9      | 10596 ||| FLEEEEING.
 10614 | D:9      | 10614 ||| Stepping ~*~*~tactically~*~*~ (outnumbered).
 10621 | D:9      | 10621 ||| FLEEEEING.
 10634 | D:9      | 10634 ||| Stepping ~*~*~tactically~*~*~ (outnumbered).
 10644 | D:9      | 10644 ||| Stepping ~*~*~tactically~*~*~ (outnumbered).
 10645 | D:9      | 10645 ||| FLEEEEING.
 10671 | D:9      | 10671 ||| FLEEEEING.
 10682 | D:9      | 10682 ||| FLEEEEING.
 10694 | D:9      | 10694 ||| Stepping ~*~*~tactically~*~*~ (outnumbered).
 10702 | D:9      | 10702 ||| Stepping ~*~*~tactically~*~*~ (outnumbered).
 10703 | D:9      | 10703 ||| FLEEEEING.
 10739 | D:9      | 10739 ||| Stepping ~*~*~tactically~*~*~ (outnumbered).
 10740 | D:9      | 10740 ||| FLEEEEING.
 10756 | D:9      | 10756 ||| Stepping ~*~*~tactically~*~*~ (outnumbered).
 10763 | D:9      | 10763 ||| Stepping ~*~*~tactically~*~*~ (outnumbered).
 10769 | D:9      | 10769 ||| FLEEEEING.
 10786 | D:9      | 10786 ||| Stepping ~*~*~tactically~*~*~ (outnumbered).
 10787 | D:9      | 10787 ||| FLEEEEING.
 10832 | D:9      | 10832 ||| Stepping ~*~*~tactically~*~*~ (outnumbered).
 10834 | D:9      | 10834 ||| Stepping ~*~*~tactically~*~*~ (outnumbered).
 10836 | D:9      | 10836 ||| Stepping ~*~*~tactically~*~*~ (outnumbered).
 10843 | D:9      | 10843 ||| Stepping ~*~*~tactically~*~*~ (outnumbered).
 10845 | D:9      | 10845 ||| Stepping ~*~*~tactically~*~*~ (outnumbered).
 10852 | D:9      | 10852 ||| Stepping ~*~*~tactically~*~*~ (stealth).
 10855 | D:9      | 10855 ||| Stepping ~*~*~tactically~*~*~ (outnumbered).
 10856 | D:9      | 10856 ||| Stepping ~*~*~tactically~*~*~ (outnumbered).
 10858 | D:9      | 10858 ||| Stepping ~*~*~tactically~*~*~ (outnumbered).
 10864 | D:9      | 10864 ||| Stepping ~*~*~tactically~*~*~ (outnumbered).
 10871 | D:9      | 10871 ||| Stepping ~*~*~tactically~*~*~ (outnumbered).
 10879 | D:9      | 10879 ||| Stepping ~*~*~tactically~*~*~ (outnumbered).
 10885 | D:9      | 10885 ||| FLEEEEING.
 10898 | D:9      | 10898 ||| FLEEEEING.
 10916 | D:9      | 10916 ||| Stepping ~*~*~tactically~*~*~ (outnumbered).
 10919 | D:9      | 10919 ||| Stepping ~*~*~tactically~*~*~ (outnumbered).
 10927 | D:9      | 10927 ||| Stepping ~*~*~tactically~*~*~ (outnumbered).
 10930 | D:9      | 10930 ||| FLEEEEING.
 10943 | D:9      | 10943 ||| Stepping ~*~*~tactically~*~*~ (outnumbered).
 10944 | D:9      | 10944 ||| Stepping ~*~*~tactically~*~*~ (outnumbered).
 10953 | D:9      | 10953 ||| FLEEEEING.
 10976 | D:9      | 10976 ||| Stepping ~*~*~tactically~*~*~ (outnumbered).
 10986 | D:9      | 10986 ||| FLEEEEING.
 10999 | D:9      | 10999 ||| Stepping ~*~*~tactically~*~*~ (outnumbered).
 11001 | D:9      | 11001 ||| Stepping ~*~*~tactically~*~*~ (outnumbered).
 11008 | D:9      | 11008 ||| Stepping ~*~*~tactically~*~*~ (outnumbered).
 11012 | D:9      | 11012 ||| Stepping ~*~*~tactically~*~*~ (outnumbered).
 11021 | D:9      | 11021 ||| Stepping ~*~*~tactically~*~*~ (outnumbered).
 11025 | D:9      | 11025 ||| Stepping ~*~*~tactically~*~*~ (outnumbered).
 11033 | D:9      | 11033 ||| Stepping ~*~*~tactically~*~*~ (outnumbered).
 11034 | D:9      | 11034 ||| FLEEEEING.
 11052 | D:9      | 11052 ||| Stepping ~*~*~tactically~*~*~ (outnumbered).
 11053 | D:9      | 11053 ||| FLEEEEING.
 11069 | D:9      | 11069 ||| FLEEEEING.
 11085 | D:9      | 11085 ||| Stepping ~*~*~tactically~*~*~ (outnumbered).
 11092 | D:9      | 11092 ||| Stepping ~*~*~tactically~*~*~ (outnumbered).
 11098 | D:9      | 11098 ||| Stepping ~*~*~tactically~*~*~ (outnumbered).
 11102 | D:9      | 11102 ||| Stepping ~*~*~tactically~*~*~ (outnumbered).
 11103 | D:9      | 11103 ||| FLEEEEING.
 11118 | D:9      | 11118 ||| Stepping ~*~*~tactically~*~*~ (outnumbered).
 11120 | D:9      | 11120 ||| Stepping ~*~*~tactically~*~*~ (outnumbered).
 11123 | D:9      | 11123 ||| Stepping ~*~*~tactically~*~*~ (outnumbered).
 11125 | D:9      | 11125 ||| Stepping ~*~*~tactically~*~*~ (outnumbered).
 11132 | D:9      | 11132 ||| Stepping ~*~*~tactically~*~*~ (outnumbered).
 11137 | D:9      | 11137 ||| FLEEEEING.
 11157 | D:9      | 11157 ||| Stepping ~*~*~tactically~*~*~ (outnumbered).
 11163 | D:9      | 11163 ||| FLEEEEING.
 11173 | D:9      | 11173 ||| Stepping ~*~*~tactically~*~*~ (outnumbered).
 11175 | D:9      | 11175 ||| FLEEEEING.
 11186 | D:9      | 11186 ||| FLEEEEING.
 11202 | D:9      | 11202 ||| Stepping ~*~*~tactically~*~*~ (outnumbered).
 11204 | D:9      | 11204 ||| FLEEEEING.
 11215 | D:9      | 11215 ||| FLEEEEING.
 11227 | D:9      | 11227 ||| Stepping ~*~*~tactically~*~*~ (outnumbered).
 11236 | D:9      | 11236 ||| Stepping ~*~*~tactically~*~*~ (outnumbered).
 11238 | D:9      | 11238 ||| Stepping ~*~*~tactically~*~*~ (outnumbered).
 11248 | D:9      | 11248 ||| FLEEEEING.
 11265 | D:9      | 11265 ||| Stepping ~*~*~tactically~*~*~ (outnumbered).
 11266 | D:9      | 11266 ||| FLEEEEING.
 11277 | D:9      | 11277 ||| Stepping ~*~*~tactically~*~*~ (outnumbered).
 11284 | D:9      | 11284 ||| Stepping ~*~*~tactically~*~*~ (outnumbered).
 11288 | D:9      | 11288 ||| FLEEEEING.
 11301 | D:9      | 11301 ||| Stepping ~*~*~tactically~*~*~ (outnumbered).
 11310 | D:9      | 11310 ||| FLEEEEING.
 11326 | D:9      | 11326 ||| Stepping ~*~*~tactically~*~*~ (outnumbered).
 11327 | D:9      | 11327 ||| FLEEEEING.
 11364 | D:9      | 11364 ||| Stepping ~*~*~tactically~*~*~ (stealth).
 11372 | D:9      | 11372 ||| Stepping ~*~*~tactically~*~*~ (outnumbered).
 11375 | D:9      | 11375 ||| Stepping ~*~*~tactically~*~*~ (outnumbered).
 11376 | D:9      | 11376 ||| Stepping ~*~*~tactically~*~*~ (outnumbered).
 11385 | D:9      | 11385 ||| Stepping ~*~*~tactically~*~*~ (outnumbered).
 11386 | D:9      | 11386 ||| FLEEEEING.
 11412 | D:9      | 11412 ||| Stepping ~*~*~tactically~*~*~ (outnumbered).
 11419 | D:9      | 11419 ||| Stepping ~*~*~tactically~*~*~ (outnumbered).
 11422 | D:9      | 11422 ||| FLEEEEING.
 11435 | D:9      | 11435 ||| Stepping ~*~*~tactically~*~*~ (outnumbered).
 11441 | D:9      | 11441 ||| Stepping ~*~*~tactically~*~*~ (outnumbered).
 11443 | D:9      | 11443 ||| Stepping ~*~*~tactically~*~*~ (outnumbered).
 11451 | D:9      | 11451 ||| Stepping ~*~*~tactically~*~*~ (outnumbered).
 11459 | D:9      | 11459 ||| Stepping ~*~*~tactically~*~*~ (outnumbered).
 11467 | D:9      | 11467 ||| Stepping ~*~*~tactically~*~*~ (outnumbered).
 11472 | D:9      | 11472 ||| Stepping ~*~*~tactically~*~*~ (stealth).
 11475 | D:9      | 11475 ||| Stepping ~*~*~tactically~*~*~ (outnumbered).
 11478 | D:9      | 11478 ||| Stepping ~*~*~tactically~*~*~ (outnumbered).
 11487 | D:9      | 11487 ||| Stepping ~*~*~tactically~*~*~ (outnumbered).
 11495 | D:9      | 11495 ||| Stepping ~*~*~tactically~*~*~ (outnumbered).
 11497 | D:9      | 11497 ||| FLEEEEING.
 11509 | D:9      | 11509 ||| Stepping ~*~*~tactically~*~*~ (outnumbered).
 11517 | D:9      | 11517 ||| FLEEEEING.
 11534 | D:9      | 11534 ||| Stepping ~*~*~tactically~*~*~ (outnumbered).
 11538 | D:9      | 11538 ||| Stepping ~*~*~tactically~*~*~ (outnumbered).
 11539 | D:9      | 11539 ||| FLEEEEING.
 11572 | D:9      | 11572 ||| Stepping ~*~*~tactically~*~*~ (outnumbered).
 11577 | D:9      | 11577 ||| Stepping ~*~*~tactically~*~*~ (outnumbered).
 11583 | D:9      | 11583 ||| Stepping ~*~*~tactically~*~*~ (outnumbered).
 11590 | D:9      | 11590 ||| Stepping ~*~*~tactically~*~*~ (outnumbered).
 11591 | D:9      | 11591 ||| FLEEEEING.
 11626 | D:9      | 11626 ||| Stepping ~*~*~tactically~*~*~ (outnumbered).
 11628 | D:9      | 11628 ||| Stepping ~*~*~tactically~*~*~ (outnumbered).
 11634 | D:9      | 11634 ||| Stepping ~*~*~tactically~*~*~ (outnumbered).
 11636 | D:9      | 11636 ||| FLEEEEING.
 11647 | D:9      | 11647 ||| Stepping ~*~*~tactically~*~*~ (outnumbered).
 11651 | D:9      | 11651 ||| Stepping ~*~*~tactically~*~*~ (outnumbered).
 11652 | D:9      | 11652 ||| FLEEEEING.
 11682 | D:9      | 11682 ||| Stepping ~*~*~tactically~*~*~ (outnumbered).
 11691 | D:9      | 11691 ||| FLEEEEING.
 11707 | D:9      | 11707 ||| Stepping ~*~*~tactically~*~*~ (outnumbered).
 11708 | D:9      | 11708 ||| FLEEEEING.
 11731 | D:9      | 11731 ||| FLEEEEING.
 11741 | D:9      | 11741 ||| Stepping ~*~*~tactically~*~*~ (outnumbered).
 11744 | D:9      | 11744 ||| Stepping ~*~*~tactically~*~*~ (outnumbered).
 11745 | D:9      | 11745 ||| FLEEEEING.
 11768 | D:9      | 11768 ||| FLEEEEING.
 11788 | D:9      | 11788 ||| Stepping ~*~*~tactically~*~*~ (outnumbered).
 11789 | D:9      | 11789 ||| Stepping ~*~*~tactically~*~*~ (outnumbered).
 11792 | D:9      | 11792 ||| Stepping ~*~*~tactically~*~*~ (outnumbered).
 11801 | D:9      | 11801 ||| Stepping ~*~*~tactically~*~*~ (outnumbered).
 11809 | D:9      | 11809 ||| Stepping ~*~*~tactically~*~*~ (outnumbered).
 11816 | D:9      | 11816 ||| Stepping ~*~*~tactically~*~*~ (outnumbered).
 11820 | D:9      | 11820 ||| Stepping ~*~*~tactically~*~*~ (outnumbered).
 11822 | D:9      | 11822 ||| Stepping ~*~*~tactically~*~*~ (outnumbered).
 11829 | D:9      | 11829 ||| Stepping ~*~*~tactically~*~*~ (outnumbered).
 11832 | D:9      | 11832 ||| Stepping ~*~*~tactically~*~*~ (outnumbered).
 11835 | D:9      | 11835 ||| Stepping ~*~*~tactically~*~*~ (outnumbered).
 11837 | D:9      | 11837 ||| Stepping ~*~*~tactically~*~*~ (outnumbered).
 11839 | D:9      | 11839 ||| Stepping ~*~*~tactically~*~*~ (outnumbered).
 11845 | D:9      | 11845 ||| Stepping ~*~*~tactically~*~*~ (outnumbered).
 11852 | D:9      | 11852 ||| Stepping ~*~*~tactically~*~*~ (outnumbered).
 11854 | D:9      | 11854 ||| Stepping ~*~*~tactically~*~*~ (outnumbered).
 11862 | D:9      | 11862 ||| Stepping ~*~*~tactically~*~*~ (outnumbered).
 11868 | D:9      | 11868 ||| Stepping ~*~*~tactically~*~*~ (outnumbered).
 11875 | D:9      | 11875 ||| Stepping ~*~*~tactically~*~*~ (outnumbered).
 11879 | D:9      | 11879 ||| Stepping ~*~*~tactically~*~*~ (outnumbered).
 11881 | D:9      | 11881 ||| Stepping ~*~*~tactically~*~*~ (outnumbered).
 11884 | D:9      | 11884 ||| Stepping ~*~*~tactically~*~*~ (outnumbered).
 11886 | D:9      | 11886 ||| Stepping ~*~*~tactically~*~*~ (outnumbered).
 11894 | D:9      | 11894 ||| Stepping ~*~*~tactically~*~*~ (outnumbered).
 11895 | D:9      | 11895 ||| FLEEEEING.
 11912 | D:9      | 11912 ||| Stepping ~*~*~tactically~*~*~ (stealth).
 11914 | D:9      | 11914 ||| Stepping ~*~*~tactically~*~*~ (outnumbered).
 11916 | D:9      | 11916 ||| Stepping ~*~*~tactically~*~*~ (outnumbered).
 11923 | D:9      | 11923 ||| Stepping ~*~*~tactically~*~*~ (outnumbered).
 11924 | D:9      | 11924 ||| Stepping ~*~*~tactically~*~*~ (outnumbered).
 11926 | D:9      | 11926 ||| Stepping ~*~*~tactically~*~*~ (outnumbered).
 11931 | D:9      | 11931 ||| Stepping ~*~*~tactically~*~*~ (outnumbered).
 11932 | D:9      | 11932 ||| Stepping ~*~*~tactically~*~*~ (outnumbered).
 11937 | D:9      | 11937 ||| Stepping ~*~*~tactically~*~*~ (outnumbered).
 11941 | D:9      | 11941 ||| Stepping ~*~*~tactically~*~*~ (outnumbered).
 11951 | D:9      | 11951 ||| FLEEEEING.
 11966 | D:9      | 11966 ||| Stepping ~*~*~tactically~*~*~ (outnumbered).
 11973 | D:9      | 11973 ||| Stepping ~*~*~tactically~*~*~ (outnumbered).
 11975 | D:9      | 11975 ||| FLEEEEING.
 11992 | D:9      | 11992 ||| Stepping ~*~*~tactically~*~*~ (outnumbered).
 11994 | D:9      | 11994 ||| Stepping ~*~*~tactically~*~*~ (outnumbered).
 12003 | D:9      | 12003 ||| Stepping ~*~*~tactically~*~*~ (outnumbered).
 12005 | D:9      | 12005 ||| Stepping ~*~*~tactically~*~*~ (outnumbered).
 12007 | D:9      | 12007 ||| FLEEEEING.
 12023 | D:9      | 12023 ||| Stepping ~*~*~tactically~*~*~ (outnumbered).
 12028 | D:9      | 12028 ||| Stepping ~*~*~tactically~*~*~ (outnumbered).
 12030 | D:9      | 12030 ||| Stepping ~*~*~tactically~*~*~ (outnumbered).
 12033 | D:9      | 12033 ||| Stepping ~*~*~tactically~*~*~ (outnumbered).
 12036 | D:9      | 12036 ||| FLEEEEING.
 12055 | D:9      | 12055 ||| FLEEEEING.
 12070 | D:9      | 12070 ||| Stepping ~*~*~tactically~*~*~ (outnumbered).
 12071 | D:9      | 12071 ||| FLEEEEING.
 12083 | D:9      | 12083 ||| Stepping ~*~*~tactically~*~*~ (outnumbered).
 12084 | D:9      | 12084 ||| FLEEEEING.
 12109 | D:9      | 12109 ||| Stepping ~*~*~tactically~*~*~ (outnumbered).
 12117 | D:9      | 12117 ||| Stepping ~*~*~tactically~*~*~ (outnumbered).
 12122 | D:9      | 12122 ||| Stepping ~*~*~tactically~*~*~ (outnumbered).
 12124 | D:9      | 12124 ||| FLEEEEING.
 12146 | D:9      | 12146 ||| Stepping ~*~*~tactically~*~*~ (outnumbered).
 12151 | D:9      | 12151 ||| FLEEEEING.
 12166 | D:9      | 12166 ||| FLEEEEING.
 12180 | D:9      | 12180 ||| Stepping ~*~*~tactically~*~*~ (outnumbered).
 12181 | D:9      | 12181 ||| FLEEEEING.
 12209 | D:9      | 12209 ||| Stepping ~*~*~tactically~*~*~ (outnumbered).
 12213 | D:9      | 12213 ||| Stepping ~*~*~tactically~*~*~ (outnumbered).
 12221 | D:9      | 12221 ||| Stepping ~*~*~tactically~*~*~ (outnumbered).
 12226 | D:9      | 12226 ||| Stepping ~*~*~tactically~*~*~ (outnumbered).
 12227 | D:9      | 12227 ||| FLEEEEING.
 12252 | D:9      | 12252 ||| Stepping ~*~*~tactically~*~*~ (outnumbered).
 12254 | D:9      | 12254 ||| Stepping ~*~*~tactically~*~*~ (outnumbered).
 12262 | D:9      | 12262 ||| FLEEEEING.
 12273 | D:9      | 12273 ||| Stepping ~*~*~tactically~*~*~ (outnumbered).
 12274 | D:9      | 12274 ||| FLEEEEING.
 12300 | D:9      | 12300 ||| Stepping ~*~*~tactically~*~*~ (outnumbered).
 12302 | D:9      | 12302 ||| Stepping ~*~*~tactically~*~*~ (outnumbered).
 12306 | D:9      | 12306 ||| FLEEEEING.
 12317 | D:9      | 12317 ||| Stepping ~*~*~tactically~*~*~ (outnumbered).
 12323 | D:9      | 12323 ||| Stepping ~*~*~tactically~*~*~ (outnumbered).
 12328 | D:9      | 12328 ||| FLEEEEING.
 12342 | D:9      | 12342 ||| Stepping ~*~*~tactically~*~*~ (outnumbered).
 12345 | D:9      | 12345 ||| Stepping ~*~*~tactically~*~*~ (outnumbered).
 12346 | D:9      | 12346 ||| FLEEEEING.
 12363 | D:9      | 12363 ||| FLEEEEING.
 12378 | D:9      | 12378 ||| Stepping ~*~*~tactically~*~*~ (outnumbered).
 12381 | D:9      | 12381 ||| Stepping ~*~*~tactically~*~*~ (outnumbered).
 12385 | D:9      | 12385 ||| FLEEEEING.
 12408 | D:9      | 12408 ||| Stepping ~*~*~tactically~*~*~ (outnumbered).
 12409 | D:9      | 12409 ||| FLEEEEING.
 12437 | D:9      | 12437 ||| Stepping ~*~*~tactically~*~*~ (outnumbered).
 12445 | D:9      | 12445 ||| Stepping ~*~*~tactically~*~*~ (outnumbered).
 12450 | D:9      | 12450 ||| Stepping ~*~*~tactically~*~*~ (outnumbered).
 12451 | D:9      | 12451 ||| FLEEEEING.
 12470 | D:9      | 12470 ||| Stepping ~*~*~tactically~*~*~ (outnumbered).
 12473 | D:9      | 12473 ||| Stepping ~*~*~tactically~*~*~ (outnumbered).
 12474 | D:9      | 12474 ||| FLEEEEING.
 12498 | D:9      | 12498 ||| Stepping ~*~*~tactically~*~*~ (outnumbered).
 12500 | D:9      | 12500 ||| FLEEEEING.
 12515 | D:9      | 12515 ||| Stepping ~*~*~tactically~*~*~ (outnumbered).
 12517 | D:9      | 12517 ||| Stepping ~*~*~tactically~*~*~ (outnumbered).
 12524 | D:9      | 12524 ||| Stepping ~*~*~tactically~*~*~ (outnumbered).
 12530 | D:9      | 12530 ||| Stepping ~*~*~tactically~*~*~ (outnumbered).
 12531 | D:9      | 12531 ||| FLEEEEING.
 12555 | D:9      | 12555 ||| Stepping ~*~*~tactically~*~*~ (outnumbered).
 12556 | D:9      | 12556 ||| FLEEEEING.
 12596 | D:9      | 12596 ||| Stepping ~*~*~tactically~*~*~ (outnumbered).
 12600 | D:9      | 12600 ||| Stepping ~*~*~tactically~*~*~ (outnumbered).
 12605 | D:9      | 12605 ||| Stepping ~*~*~tactically~*~*~ (outnumbered).
 12607 | D:9      | 12607 ||| FLEEEEING.
 12627 | D:9      | 12627 ||| Stepping ~*~*~tactically~*~*~ (outnumbered).
 12633 | D:9      | 12633 ||| Stepping ~*~*~tactically~*~*~ (outnumbered).
 12639 | D:9      | 12639 ||| FLEEEEING.
 12658 | D:9      | 12658 ||| Stepping ~*~*~tactically~*~*~ (outnumbered).
 12662 | D:9      | 12662 ||| Stepping ~*~*~tactically~*~*~ (outnumbered).
 12664 | D:9      | 12664 ||| FLEEEEING.
 12674 | D:9      | 12674 ||| Stepping ~*~*~tactically~*~*~ (outnumbered).
 12676 | D:9      | 12676 ||| Stepping ~*~*~tactically~*~*~ (outnumbered).
 12679 | D:9      | 12679 ||| Stepping ~*~*~tactically~*~*~ (outnumbered).
 12680 | D:9      | 12680 ||| FLEEEEING.
 12700 | D:9      | 12700 ||| Stepping ~*~*~tactically~*~*~ (outnumbered).
 12701 | D:9      | 12701 ||| Stepping ~*~*~tactically~*~*~ (outnumbered).
 12703 | D:9      | 12703 ||| Stepping ~*~*~tactically~*~*~ (outnumbered).
 12705 | D:9      | 12705 ||| Stepping ~*~*~tactically~*~*~ (outnumbered).
 12707 | D:9      | 12707 ||| FLEEEEING.
 12718 | D:9      | 12718 ||| FLEEEEING.
 12729 | D:9      | 12729 ||| Stepping ~*~*~tactically~*~*~ (outnumbered).
 12734 | D:9      | 12734 ||| FLEEEEING.
 12756 | D:9      | 12756 ||| Stepping ~*~*~tactically~*~*~ (stealth).
 12758 | D:9      | 12758 ||| Stepping ~*~*~tactically~*~*~ (outnumbered).
 12767 | D:9      | 12767 ||| FLEEEEING.
 12782 | D:9      | 12782 ||| Stepping ~*~*~tactically~*~*~ (outnumbered).
 12784 | D:9      | 12784 ||| Stepping ~*~*~tactically~*~*~ (outnumbered).
 12790 | D:9      | 12790 ||| FLEEEEING.
 12803 | D:9      | 12803 ||| FLEEEEING.
 12817 | D:9      | 12817 ||| FLEEEEING.
 12835 | D:9      | 12835 ||| Stepping ~*~*~tactically~*~*~ (outnumbered).
 12837 | D:9      | 12837 ||| Stepping ~*~*~tactically~*~*~ (outnumbered).
 12843 | D:9      | 12843 ||| Stepping ~*~*~tactically~*~*~ (outnumbered).
 12844 | D:9      | 12844 ||| FLEEEEING.
 12870 | D:9      | 12870 ||| Stepping ~*~*~tactically~*~*~ (outnumbered).
 12871 | D:9      | 12871 ||| FLEEEEING.
 12893 | D:9      | 12893 ||| Stepping ~*~*~tactically~*~*~ (outnumbered).
 12902 | D:9      | 12902 ||| Stepping ~*~*~tactically~*~*~ (outnumbered).
 12911 | D:9      | 12911 ||| FLEEEEING.
 12933 | D:9      | 12933 ||| Stepping ~*~*~tactically~*~*~ (outnumbered).
 12937 | D:9      | 12937 ||| FLEEEEING.
 12950 | D:9      | 12950 ||| FLEEEEING.
 12963 | D:9      | 12963 ||| Stepping ~*~*~tactically~*~*~ (outnumbered).
 12965 | D:9      | 12965 ||| Stepping ~*~*~tactically~*~*~ (outnumbered).
 12967 | D:9      | 12967 ||| Stepping ~*~*~tactically~*~*~ (outnumbered).
 12969 | D:9      | 12969 ||| FLEEEEING.
 12987 | D:9      | 12987 ||| Stepping ~*~*~tactically~*~*~ (outnumbered).
 12992 | D:9      | 12992 ||| Stepping ~*~*~tactically~*~*~ (outnumbered).
 12996 | D:9      | 12996 ||| Stepping ~*~*~tactically~*~*~ (outnumbered).
 13000 | D:9      | 13000 ||| Stepping ~*~*~tactically~*~*~ (outnumbered).
 13007 | D:9      | 13007 ||| Stepping ~*~*~tactically~*~*~ (outnumbered).
 13013 | D:9      | 13013 ||| Stepping ~*~*~tactically~*~*~ (outnumbered).
 13018 | D:9      | 13018 ||| FLEEEEING.
 13034 | D:9      | 13034 ||| FLEEEEING.
 13046 | D:9      | 13046 ||| Stepping ~*~*~tactically~*~*~ (outnumbered).
 13049 | D:9      | 13049 ||| Stepping ~*~*~tactically~*~*~ (outnumbered).
 13052 | D:9      | 13052 ||| FLEEEEING.
 13069 | D:9      | 13069 ||| Stepping ~*~*~tactically~*~*~ (outnumbered).
 13077 | D:9      | 13077 ||| Stepping ~*~*~tactically~*~*~ (outnumbered).
 13084 | D:9      | 13084 ||| FLEEEEING.
 13097 | D:9      | 13097 ||| FLEEEEING.
 13107 | D:9      | 13107 ||| Stepping ~*~*~tactically~*~*~ (outnumbered).
 13113 | D:9      | 13113 ||| Stepping ~*~*~tactically~*~*~ (outnumbered).
 13116 | D:9      | 13116 ||| Stepping ~*~*~tactically~*~*~ (outnumbered).
 13117 | D:9      | 13117 ||| FLEEEEING.
 13141 | D:9      | 13141 ||| Stepping ~*~*~tactically~*~*~ (outnumbered).
 13143 | D:9      | 13143 ||| Stepping ~*~*~tactically~*~*~ (outnumbered).
 13152 | D:9      | 13152 ||| Stepping ~*~*~tactically~*~*~ (outnumbered).
 13157 | D:9      | 13157 ||| Stepping ~*~*~tactically~*~*~ (outnumbered).
 13163 | D:9      | 13163 ||| Stepping ~*~*~tactically~*~*~ (outnumbered).
 13166 | D:9      | 13166 ||| FLEEEEING.
 13178 | D:9      | 13178 ||| Stepping ~*~*~tactically~*~*~ (outnumbered).
 13185 | D:9      | 13185 ||| Stepping ~*~*~tactically~*~*~ (outnumbered).
 13195 | D:9      | 13195 ||| Stepping ~*~*~tactically~*~*~ (outnumbered).
 13197 | D:9      | 13197 ||| Stepping ~*~*~tactically~*~*~ (outnumbered).
 13206 | D:9      | 13206 ||| Stepping ~*~*~tactically~*~*~ (outnumbered).
 13208 | D:9      | 13208 ||| Stepping ~*~*~tactically~*~*~ (outnumbered).
 13210 | D:9      | 13210 ||| Stepping ~*~*~tactically~*~*~ (outnumbered).
 13212 | D:9      | 13212 ||| Stepping ~*~*~tactically~*~*~ (outnumbered).
 13220 | D:9      | 13220 ||| FLEEEEING.
 13233 | D:9      | 13233 ||| Stepping ~*~*~tactically~*~*~ (outnumbered).
 13239 | D:9      | 13239 ||| Stepping ~*~*~tactically~*~*~ (outnumbered).
 13240 | D:9      | 13240 ||| Stepping ~*~*~tactically~*~*~ (outnumbered).
 13249 | D:9      | 13249 ||| Stepping ~*~*~tactically~*~*~ (outnumbered).
 13250 | D:9      | 13250 ||| FLEEEEING.
 13278 | D:9      | 13278 ||| Stepping ~*~*~tactically~*~*~ (outnumbered).
 13284 | D:9      | 13284 ||| FLEEEEING.
 13300 | D:9      | 13300 ||| Stepping ~*~*~tactically~*~*~ (outnumbered).
 13302 | D:9      | 13302 ||| Stepping ~*~*~tactically~*~*~ (outnumbered).
 13305 | D:9      | 13305 ||| Stepping ~*~*~tactically~*~*~ (outnumbered).
 13307 | D:9      | 13307 ||| Stepping ~*~*~tactically~*~*~ (outnumbered).
 13312 | D:9      | 13312 ||| Stepping ~*~*~tactically~*~*~ (outnumbered).
 13313 | D:9      | 13313 ||| FLEEEEING.
 13332 | D:9      | 13332 ||| FLEEEEING.
 13349 | D:9      | 13349 ||| Stepping ~*~*~tactically~*~*~ (outnumbered).
 13351 | D:9      | 13351 ||| Stepping ~*~*~tactically~*~*~ (outnumbered).
 13353 | D:9      | 13353 ||| Stepping ~*~*~tactically~*~*~ (outnumbered).
 13360 | D:9      | 13360 ||| FLEEEEING.
 13375 | D:9      | 13375 ||| FLEEEEING.
 13398 | D:9      | 13398 ||| Stepping ~*~*~tactically~*~*~ (outnumbered).
 13399 | D:9      | 13399 ||| FLEEEEING.
 13412 | D:9      | 13412 ||| Stepping ~*~*~tactically~*~*~ (outnumbered).
 13418 | D:9      | 13418 ||| Stepping ~*~*~tactically~*~*~ (outnumbered).
 13419 | D:9      | 13419 ||| FLEEEEING.
 13438 | D:9      | 13438 ||| Stepping ~*~*~tactically~*~*~ (outnumbered).
 13441 | D:9      | 13441 ||| FLEEEEING.
 13458 | D:9      | 13458 ||| Stepping ~*~*~tactically~*~*~ (outnumbered).
 13468 | D:9      | 13468 ||| Stepping ~*~*~tactically~*~*~ (outnumbered).
 13470 | D:9      | 13470 ||| Stepping ~*~*~tactically~*~*~ (outnumbered).
 13475 | D:9      | 13475 ||| Stepping ~*~*~tactically~*~*~ (outnumbered).
 13477 | D:9      | 13477 ||| FLEEEEING.
 13491 | D:9      | 13491 ||| FLEEEEING.
 13508 | D:9      | 13508 ||| FLEEEEING.
 13519 | D:9      | 13519 ||| Stepping ~*~*~tactically~*~*~ (outnumbered).
 13522 | D:9      | 13522 ||| Stepping ~*~*~tactically~*~*~ (outnumbered).
 13523 | D:9      | 13523 ||| FLEEEEING.
 13539 | D:9      | 13539 ||| Stepping ~*~*~tactically~*~*~ (outnumbered).
 13541 | D:9      | 13541 ||| Stepping ~*~*~tactically~*~*~ (outnumbered).
 13550 | D:9      | 13550 ||| Stepping ~*~*~tactically~*~*~ (outnumbered).
 13552 | D:9      | 13552 ||| Stepping ~*~*~tactically~*~*~ (outnumbered).
 13554 | D:9      | 13554 ||| Stepping ~*~*~tactically~*~*~ (outnumbered).
 13558 | D:9      | 13558 ||| FLEEEEING.
 13573 | D:9      | 13573 ||| Stepping ~*~*~tactically~*~*~ (outnumbered).
 13578 | D:9      | 13578 ||| Stepping ~*~*~tactically~*~*~ (outnumbered).
 13586 | D:9      | 13586 ||| FLEEEEING.
 13602 | D:9      | 13602 ||| FLEEEEING.
 13613 | D:9      | 13613 ||| Stepping ~*~*~tactically~*~*~ (outnumbered).
 13623 | D:9      | 13623 ||| Stepping ~*~*~tactically~*~*~ (outnumbered).
 13624 | D:9      | 13624 ||| FLEEEEING.
 13659 | D:9      | 13659 ||| Stepping ~*~*~tactically~*~*~ (outnumbered).
 13661 | D:9      | 13661 ||| FLEEEEING.
 13677 | D:9      | 13677 ||| FLEEEEING.
 13689 | D:9      | 13689 ||| Stepping ~*~*~tactically~*~*~ (outnumbered).
 13691 | D:9      | 13691 ||| Stepping ~*~*~tactically~*~*~ (outnumbered).
 13697 | D:9      | 13697 ||| FLEEEEING.
 13720 | D:9      | 13720 ||| Stepping ~*~*~tactically~*~*~ (stealth).
 13728 | D:9      | 13728 ||| Stepping ~*~*~tactically~*~*~ (outnumbered).
 13734 | D:9      | 13734 ||| FLEEEEING.
 13747 | D:9      | 13747 ||| Stepping ~*~*~tactically~*~*~ (outnumbered).
 13750 | D:9      | 13750 ||| Stepping ~*~*~tactically~*~*~ (outnumbered).
 13752 | D:9      | 13752 ||| Stepping ~*~*~tactically~*~*~ (outnumbered).
 13755 | D:9      | 13755 ||| FLEEEEING.
 13768 | D:9      | 13768 ||| Stepping ~*~*~tactically~*~*~ (outnumbered).
 13773 | D:9      | 13773 ||| Stepping ~*~*~tactically~*~*~ (outnumbered).
 13775 | D:9      | 13775 ||| Stepping ~*~*~tactically~*~*~ (outnumbered).
 13784 | D:9      | 13784 ||| Stepping ~*~*~tactically~*~*~ (outnumbered).
 13786 | D:9      | 13786 ||| Stepping ~*~*~tactically~*~*~ (outnumbered).
 13788 | D:9      | 13788 ||| Stepping ~*~*~tactically~*~*~ (outnumbered).
 13791 | D:9      | 13791 ||| Stepping ~*~*~tactically~*~*~ (outnumbered).
 13793 | D:9      | 13793 ||| Stepping ~*~*~tactically~*~*~ (outnumbered).
 13796 | D:9      | 13796 ||| Stepping ~*~*~tactically~*~*~ (outnumbered).
 13798 | D:9      | 13798 ||| Stepping ~*~*~tactically~*~*~ (outnumbered).
 13800 | D:9      | 13800 ||| FLEEEEING.
 13826 | D:9      | 13826 ||| Stepping ~*~*~tactically~*~*~ (outnumbered).
 13827 | D:9      | 13827 ||| FLEEEEING.
 13857 | D:9      | 13857 ||| Stepping ~*~*~tactically~*~*~ (outnumbered).
 13861 | D:9      | 13861 ||| Stepping ~*~*~tactically~*~*~ (outnumbered).
 13863 | D:9      | 13863 ||| Stepping ~*~*~tactically~*~*~ (outnumbered).
 13867 | D:9      | 13867 ||| Stepping ~*~*~tactically~*~*~ (outnumbered).
 13868 | D:9      | 13868 ||| FLEEEEING.
 13886 | D:9      | 13886 ||| Stepping ~*~*~tactically~*~*~ (outnumbered).
 13892 | D:9      | 13892 ||| FLEEEEING.
 13907 | D:9      | 13907 ||| FLEEEEING.
 13929 | D:9      | 13929 ||| Stepping ~*~*~tactically~*~*~ (outnumbered).
 13935 | D:9      | 13935 ||| Stepping ~*~*~tactically~*~*~ (outnumbered).
 13938 | D:9      | 13938 ||| Stepping ~*~*~tactically~*~*~ (outnumbered).
 13948 | D:9      | 13948 ||| Stepping ~*~*~tactically~*~*~ (outnumbered).
 13949 | D:9      | 13949 ||| FLEEEEING.
 13959 | D:9      | 13959 ||| Stepping ~*~*~tactically~*~*~ (outnumbered).
 13965 | D:9      | 13965 ||| Stepping ~*~*~tactically~*~*~ (outnumbered).
 13971 | D:9      | 13971 ||| Stepping ~*~*~tactically~*~*~ (outnumbered).
 13973 | D:9      | 13973 ||| Stepping ~*~*~tactically~*~*~ (outnumbered).
 13975 | D:9      | 13975 ||| Stepping ~*~*~tactically~*~*~ (outnumbered).
 13977 | D:9      | 13977 ||| FLEEEEING.
 13988 | D:9      | 13988 ||| Stepping ~*~*~tactically~*~*~ (outnumbered).
 13989 | D:9      | 13989 ||| FLEEEEING.
 14021 | D:9      | 14021 ||| Stepping ~*~*~tactically~*~*~ (outnumbered).
 14022 | D:9      | 14022 ||| FLEEEEING.
 14044 | D:9      | 14044 ||| Stepping ~*~*~tactically~*~*~ (outnumbered).
 14046 | D:9      | 14046 ||| Stepping ~*~*~tactically~*~*~ (outnumbered).
 14052 | D:9      | 14052 ||| Stepping ~*~*~tactically~*~*~ (outnumbered).
 14054 | D:9      | 14054 ||| Stepping ~*~*~tactically~*~*~ (outnumbered).
 14057 | D:9      | 14057 ||| Stepping ~*~*~tactically~*~*~ (outnumbered).
 14059 | D:9      | 14059 ||| FLEEEEING.
 14074 | D:9      | 14074 ||| Stepping ~*~*~tactically~*~*~ (outnumbered).
 14076 | D:9      | 14076 ||| FLEEEEING.
 14091 | D:9      | 14091 ||| Stepping ~*~*~tactically~*~*~ (outnumbered).
 14093 | D:9      | 14093 ||| FLEEEEING.
 14105 | D:9      | 14105 ||| Stepping ~*~*~tactically~*~*~ (outnumbered).
 14107 | D:9      | 14107 ||| Stepping ~*~*~tactically~*~*~ (outnumbered).
 14116 | D:9      | 14116 ||| Stepping ~*~*~tactically~*~*~ (outnumbered).
 14117 | D:9      | 14117 ||| Stepping ~*~*~tactically~*~*~ (outnumbered).
 14119 | D:9      | 14119 ||| FLEEEEING.
 14136 | D:9      | 14136 ||| Stepping ~*~*~tactically~*~*~ (outnumbered).
 14139 | D:9      | 14139 ||| Stepping ~*~*~tactically~*~*~ (outnumbered).
 14140 | D:9      | 14140 ||| FLEEEEING.
 14177 | D:9      | 14177 ||| Stepping ~*~*~tactically~*~*~ (outnumbered).
 14178 | D:9      | 14178 ||| FLEEEEING.
 14201 | D:9      | 14201 ||| Stepping ~*~*~tactically~*~*~ (outnumbered).
 14206 | D:9      | 14206 ||| Stepping ~*~*~tactically~*~*~ (outnumbered).
 14207 | D:9      | 14207 ||| FLEEEEING.
 14231 | D:9      | 14231 ||| Stepping ~*~*~tactically~*~*~ (outnumbered).
 14239 | D:9      | 14239 ||| FLEEEEING.
 14256 | D:9      | 14256 ||| Stepping ~*~*~tactically~*~*~ (outnumbered).
 14263 | D:9      | 14263 ||| Stepping ~*~*~tactically~*~*~ (outnumbered).
 14264 | D:9      | 14264 ||| FLEEEEING.
 14280 | D:9      | 14280 ||| Stepping ~*~*~tactically~*~*~ (outnumbered).
 14284 | D:9      | 14284 ||| Stepping ~*~*~tactically~*~*~ (outnumbered).
 14291 | D:9      | 14291 ||| Stepping ~*~*~tactically~*~*~ (outnumbered).
 14298 | D:9      | 14298 ||| Stepping ~*~*~tactically~*~*~ (outnumbered).
 14306 | D:9      | 14306 ||| Stepping ~*~*~tactically~*~*~ (outnumbered).
 14316 | D:9      | 14316 ||| Stepping ~*~*~tactically~*~*~ (outnumbered).
 14322 | D:9      | 14322 ||| Stepping ~*~*~tactically~*~*~ (outnumbered).
 14323 | D:9      | 14323 ||| FLEEEEING.
 14339 | D:9      | 14339 ||| FLEEEEING.
 14358 | D:9      | 14358 ||| Stepping ~*~*~tactically~*~*~ (outnumbered).
 14359 | D:9      | 14359 ||| FLEEEEING.
 14394 | D:9      | 14394 ||| FLEEEEING.
 14408 | D:9      | 14408 ||| FLEEEEING.
 14422 | D:9      | 14422 ||| Stepping ~*~*~tactically~*~*~ (outnumbered).
 14430 | D:9      | 14430 ||| Stepping ~*~*~tactically~*~*~ (outnumbered).
 14436 | D:9      | 14436 ||| Stepping ~*~*~tactically~*~*~ (outnumbered).
 14446 | D:9      | 14446 ||| Stepping ~*~*~tactically~*~*~ (outnumbered).
 14448 | D:9      | 14448 ||| FLEEEEING.
 14466 | D:9      | 14466 ||| Stepping ~*~*~tactically~*~*~ (outnumbered).
 14467 | D:9      | 14467 ||| Stepping ~*~*~tactically~*~*~ (outnumbered).
 14473 | D:9      | 14473 ||| Stepping ~*~*~tactically~*~*~ (outnumbered).
 14474 | D:9      | 14474 ||| FLEEEEING.
 14504 | D:9      | 14504 ||| FLEEEEING.
 14520 | D:9      | 14520 ||| FLEEEEING.
 14537 | D:9      | 14537 ||| FLEEEEING.
 14551 | D:9      | 14551 ||| Stepping ~*~*~tactically~*~*~ (outnumbered).
 14552 | D:9      | 14552 ||| FLEEEEING.
 14572 | D:9      | 14572 ||| Stepping ~*~*~tactically~*~*~ (outnumbered).
 14577 | D:9      | 14577 ||| Stepping ~*~*~tactically~*~*~ (outnumbered).
 14579 | D:9      | 14579 ||| Stepping ~*~*~tactically~*~*~ (stealth).
 14586 | D:9      | 14586 ||| FLEEEEING.
 14605 | D:9      | 14605 ||| Stepping ~*~*~tactically~*~*~ (outnumbered).
 14612 | D:9      | 14612 ||| Stepping ~*~*~tactically~*~*~ (outnumbered).
 14619 | D:9      | 14619 ||| Stepping ~*~*~tactically~*~*~ (outnumbered).
 14620 | D:9      | 14620 ||| FLEEEEING.
 14631 | D:9      | 14631 ||| Stepping ~*~*~tactically~*~*~ (outnumbered).
 14633 | D:9      | 14633 ||| FLEEEEING.
 14645 | D:9      | 14645 ||| Stepping ~*~*~tactically~*~*~ (outnumbered).
 14651 | D:9      | 14651 ||| FLEEEEING.
 14670 | D:9      | 14670 ||| Stepping ~*~*~tactically~*~*~ (outnumbered).
 14679 | D:9      | 14679 ||| Stepping ~*~*~tactically~*~*~ (outnumbered).
 14689 | D:9      | 14689 ||| Stepping ~*~*~tactically~*~*~ (outnumbered).
 14690 | D:9      | 14690 ||| FLEEEEING.
 14705 | D:9      | 14705 ||| Stepping ~*~*~tactically~*~*~ (outnumbered).
 14706 | D:9      | 14706 ||| FLEEEEING.
 14724 | D:9      | 14724 ||| Stepping ~*~*~tactically~*~*~ (outnumbered).
 14734 | D:9      | 14734 ||| Stepping ~*~*~tactically~*~*~ (outnumbered).
 14735 | D:9      | 14735 ||| FLEEEEING.
 14753 | D:9      | 14753 ||| FLEEEEING.
 14772 | D:9      | 14772 ||| FLEEEEING.
 14788 | D:9      | 14788 ||| Stepping ~*~*~tactically~*~*~ (outnumbered).
 14789 | D:9      | 14789 ||| FLEEEEING.
 14800 | D:9      | 14800 ||| FLEEEEING.
 14811 | D:9      | 14811 ||| Stepping ~*~*~tactically~*~*~ (outnumbered).
 14813 | D:9      | 14813 ||| FLEEEEING.
 14831 | D:9      | 14831 ||| FLEEEEING.
 14847 | D:9      | 14847 ||| Stepping ~*~*~tactically~*~*~ (outnumbered).
 14853 | D:9      | 14853 ||| Stepping ~*~*~tactically~*~*~ (outnumbered).
 14854 | D:9      | 14854 ||| FLEEEEING.
 14875 | D:9      | 14875 ||| Stepping ~*~*~tactically~*~*~ (outnumbered).
 14884 | D:9      | 14884 ||| Stepping ~*~*~tactically~*~*~ (outnumbered).
 14886 | D:9      | 14886 ||| Stepping ~*~*~tactically~*~*~ (outnumbered).
 14895 | D:9      | 14895 ||| Stepping ~*~*~tactically~*~*~ (outnumbered).
 14897 | D:9      | 14897 ||| Stepping ~*~*~tactically~*~*~ (outnumbered).
 14902 | D:9      | 14902 ||| Stepping ~*~*~tactically~*~*~ (outnumbered).
 14904 | D:9      | 14904 ||| Stepping ~*~*~tactically~*~*~ (outnumbered).
 14911 | D:9      | 14911 ||| Stepping ~*~*~tactically~*~*~ (outnumbered).
 14913 | D:9      | 14913 ||| FLEEEEING.
 14928 | D:9      | 14928 ||| Stepping ~*~*~tactically~*~*~ (outnumbered).
 14934 | D:9      | 14934 ||| Stepping ~*~*~tactically~*~*~ (outnumbered).
 14944 | D:9      | 14944 ||| Stepping ~*~*~tactically~*~*~ (outnumbered).
 14945 | D:9      | 14945 ||| FLEEEEING.
 14955 | D:9      | 14955 ||| FLEEEEING.
 14971 | D:9      | 14971 ||| Stepping ~*~*~tactically~*~*~ (outnumbered).
 14973 | D:9      | 14973 ||| Stepping ~*~*~tactically~*~*~ (outnumbered).
 14981 | D:9      | 14981 ||| Stepping ~*~*~tactically~*~*~ (outnumbered).
 14984 | D:9      | 14984 ||| Stepping ~*~*~tactically~*~*~ (outnumbered).
 14987 | D:9      | 14987 ||| Stepping ~*~*~tactically~*~*~ (outnumbered).
 14988 | D:9      | 14988 ||| FLEEEEING.
 14999 | D:9      | 14999 ||| Stepping ~*~*~tactically~*~*~ (outnumbered).
 15007 | D:9      | 15007 ||| Stepping ~*~*~tactically~*~*~ (outnumbered).
 15015 | D:9      | 15015 ||| FLEEEEING.
 15029 | D:9      | 15029 ||| Stepping ~*~*~tactically~*~*~ (outnumbered).
 15031 | D:9      | 15031 ||| FLEEEEING.
 15042 | D:9      | 15042 ||| Stepping ~*~*~tactically~*~*~ (outnumbered).
 15051 | D:9      | 15051 ||| Stepping ~*~*~tactically~*~*~ (outnumbered).
 15053 | D:9      | 15053 ||| Stepping ~*~*~tactically~*~*~ (outnumbered).
 15056 | D:9      | 15056 ||| Stepping ~*~*~tactically~*~*~ (outnumbered).
 15061 | D:9      | 15061 ||| Stepping ~*~*~tactically~*~*~ (outnumbered).
 15062 | D:9      | 15062 ||| FLEEEEING.
 15078 | D:9      | 15078 ||| Stepping ~*~*~tactically~*~*~ (outnumbered).
 15080 | D:9      | 15080 ||| FLEEEEING.
 15090 | D:9      | 15090 ||| Stepping ~*~*~tactically~*~*~ (outnumbered).
 15094 | D:9      | 15094 ||| Stepping ~*~*~tactically~*~*~ (outnumbered).
 15097 | D:9      | 15097 ||| Stepping ~*~*~tactically~*~*~ (outnumbered).
 15102 | D:9      | 15102 ||| Stepping ~*~*~tactically~*~*~ (outnumbered).
 15108 | D:9      | 15108 ||| Stepping ~*~*~tactically~*~*~ (outnumbered).
 15116 | D:9      | 15116 ||| Stepping ~*~*~tactically~*~*~ (outnumbered).
 15118 | D:9      | 15118 ||| FLEEEEING.
 15131 | D:9      | 15131 ||| Stepping ~*~*~tactically~*~*~ (outnumbered).
 15135 | D:9      | 15135 ||| Stepping ~*~*~tactically~*~*~ (outnumbered).
 15139 | D:9      | 15139 ||| FLEEEEING.
 15152 | D:9      | 15152 ||| Stepping ~*~*~tactically~*~*~ (outnumbered).
 15154 | D:9      | 15154 ||| Stepping ~*~*~tactically~*~*~ (outnumbered).
 15156 | D:9      | 15156 ||| Stepping ~*~*~tactically~*~*~ (outnumbered).
 15158 | D:9      | 15158 ||| FLEEEEING.
 15173 | D:9      | 15173 ||| Stepping ~*~*~tactically~*~*~ (outnumbered).
 15176 | D:9      | 15176 ||| Stepping ~*~*~tactically~*~*~ (outnumbered).
 15183 | D:9      | 15183 ||| Stepping ~*~*~tactically~*~*~ (outnumbered).
 15184 | D:9      | 15184 ||| Stepping ~*~*~tactically~*~*~ (outnumbered).
 15191 | D:9      | 15191 ||| Stepping ~*~*~tactically~*~*~ (outnumbered).
 15196 | D:9      | 15196 ||| Stepping ~*~*~tactically~*~*~ (outnumbered).
 15199 | D:9      | 15199 ||| Stepping ~*~*~tactically~*~*~ (outnumbered).
 15207 | D:9      | 15207 ||| Stepping ~*~*~tactically~*~*~ (outnumbered).
 15216 | D:9      | 15216 ||| FLEEEEING.
 15226 | D:9      | 15226 ||| Stepping ~*~*~tactically~*~*~ (outnumbered).
 15232 | D:9      | 15232 ||| Stepping ~*~*~tactically~*~*~ (outnumbered).
 15238 | D:9      | 15238 ||| Stepping ~*~*~tactically~*~*~ (outnumbered).
 15239 | D:9      | 15239 ||| FLEEEEING.
 15271 | D:9      | 15271 ||| FLEEEEING.
 15284 | D:9      | 15284 ||| Stepping ~*~*~tactically~*~*~ (outnumbered).
 15293 | D:9      | 15293 ||| Stepping ~*~*~tactically~*~*~ (outnumbered).
 15298 | D:9      | 15298 ||| Stepping ~*~*~tactically~*~*~ (outnumbered).
 15300 | D:9      | 15300 ||| Stepping ~*~*~tactically~*~*~ (outnumbered).
 15302 | D:9      | 15302 ||| Stepping ~*~*~tactically~*~*~ (outnumbered).
 15304 | D:9      | 15304 ||| Stepping ~*~*~tactically~*~*~ (outnumbered).
 15310 | D:9      | 15310 ||| Stepping ~*~*~tactically~*~*~ (outnumbered).
 15311 | D:9      | 15311 ||| FLEEEEING.
 15337 | D:9      | 15337 ||| FLEEEEING.
 15348 | D:9      | 15348 ||| Stepping ~*~*~tactically~*~*~ (outnumbered).
 15352 | D:9      | 15352 ||| Stepping ~*~*~tactically~*~*~ (outnumbered).
 15354 | D:9      | 15354 ||| FLEEEEING.
 15371 | D:9      | 15371 ||| Stepping ~*~*~tactically~*~*~ (outnumbered).
 15376 | D:9      | 15376 ||| Stepping ~*~*~tactically~*~*~ (outnumbered).
 15383 | D:9      | 15383 ||| Stepping ~*~*~tactically~*~*~ (outnumbered).
 15391 | D:9      | 15391 ||| Stepping ~*~*~tactically~*~*~ (outnumbered).
 15398 | D:9      | 15398 ||| FLEEEEING.
 15408 | D:9      | 15408 ||| Stepping ~*~*~tactically~*~*~ (outnumbered).
 15414 | D:9      | 15414 ||| Stepping ~*~*~tactically~*~*~ (outnumbered).
 15416 | D:9      | 15416 ||| Stepping ~*~*~tactically~*~*~ (outnumbered).
 15418 | D:9      | 15418 ||| Stepping ~*~*~tactically~*~*~ (outnumbered).
 15420 | D:9      | 15420 ||| Stepping ~*~*~tactically~*~*~ (outnumbered).
 15423 | D:9      | 15423 ||| FLEEEEING.
 15444 | D:9      | 15444 ||| Stepping ~*~*~tactically~*~*~ (outnumbered).
 15446 | D:9      | 15446 ||| Stepping ~*~*~tactically~*~*~ (outnumbered).
 15448 | D:9      | 15448 ||| Stepping ~*~*~tactically~*~*~ (outnumbered).
 15457 | D:9      | 15457 ||| Stepping ~*~*~tactically~*~*~ (outnumbered).
 15459 | D:9      | 15459 ||| Stepping ~*~*~tactically~*~*~ (outnumbered).
 15461 | D:9      | 15461 ||| Stepping ~*~*~tactically~*~*~ (outnumbered).
 15468 | D:9      | 15468 ||| FLEEEEING.
 15479 | D:9      | 15479 ||| FLEEEEING.
 15498 | D:9      | 15498 ||| Stepping ~*~*~tactically~*~*~ (outnumbered).
 15502 | D:9      | 15502 ||| Stepping ~*~*~tactically~*~*~ (outnumbered).
 15508 | D:9      | 15508 ||| FLEEEEING.
 15524 | D:9      | 15524 ||| Stepping ~*~*~tactically~*~*~ (outnumbered).
 15533 | D:9      | 15533 ||| Stepping ~*~*~tactically~*~*~ (outnumbered).
 15540 | D:9      | 15540 ||| FLEEEEING.
 15556 | D:9      | 15556 ||| Stepping ~*~*~tactically~*~*~ (outnumbered).
 15563 | D:9      | 15563 ||| Stepping ~*~*~tactically~*~*~ (outnumbered).
 15566 | D:9      | 15566 ||| FLEEEEING.
 15585 | D:9      | 15585 ||| Stepping ~*~*~tactically~*~*~ (outnumbered).
 15590 | D:9      | 15590 ||| Stepping ~*~*~tactically~*~*~ (outnumbered).
 15593 | D:9      | 15593 ||| Stepping ~*~*~tactically~*~*~ (outnumbered).
 15594 | D:9      | 15594 ||| FLEEEEING.
 15625 | D:9      | 15625 ||| Stepping ~*~*~tactically~*~*~ (outnumbered).
 15627 | D:9      | 15627 ||| FLEEEEING.
 15639 | D:9      | 15639 ||| Stepping ~*~*~tactically~*~*~ (outnumbered).
 15647 | D:9      | 15647 ||| Stepping ~*~*~tactically~*~*~ (outnumbered).
 15652 | D:9      | 15652 ||| Stepping ~*~*~tactically~*~*~ (outnumbered).
 15654 | D:9      | 15654 ||| Stepping ~*~*~tactically~*~*~ (outnumbered).
 15656 | D:9      | 15656 ||| Stepping ~*~*~tactically~*~*~ (outnumbered).
 15666 | D:9      | 15666 ||| Stepping ~*~*~tactically~*~*~ (outnumbered).
 15667 | D:9      | 15667 ||| FLEEEEING.
 15689 | D:9      | 15689 ||| FLEEEEING.
 15702 | D:9      | 15702 ||| Stepping ~*~*~tactically~*~*~ (outnumbered).
 15712 | D:9      | 15712 ||| Stepping ~*~*~tactically~*~*~ (outnumbered).
 15719 | D:9      | 15719 ||| Stepping ~*~*~tactically~*~*~ (outnumbered).
 15728 | D:9      | 15728 ||| Stepping ~*~*~tactically~*~*~ (outnumbered).
 15734 | D:9      | 15734 ||| Stepping ~*~*~tactically~*~*~ (outnumbered).
 15742 | D:9      | 15742 ||| Stepping ~*~*~tactically~*~*~ (outnumbered).
 15744 | D:9      | 15744 ||| Stepping ~*~*~tactically~*~*~ (outnumbered).
 15752 | D:9      | 15752 ||| Stepping ~*~*~tactically~*~*~ (outnumbered).
 15761 | D:9      | 15761 ||| FLEEEEING.
 15778 | D:9      | 15778 ||| Stepping ~*~*~tactically~*~*~ (outnumbered).
 15786 | D:9      | 15786 ||| FLEEEEING.
 15802 | D:9      | 15802 ||| FLEEEEING.
 15813 | D:9      | 15813 ||| Stepping ~*~*~tactically~*~*~ (outnumbered).
 15815 | D:9      | 15815 ||| Stepping ~*~*~tactically~*~*~ (outnumbered).
 15817 | D:9      | 15817 ||| Stepping ~*~*~tactically~*~*~ (outnumbered).
 15825 | D:9      | 15825 ||| Stepping ~*~*~tactically~*~*~ (outnumbered).
 15827 | D:9      | 15827 ||| Stepping ~*~*~tactically~*~*~ (outnumbered).
 15836 | D:9      | 15836 ||| Stepping ~*~*~tactically~*~*~ (outnumbered).
 15837 | D:9      | 15837 ||| Stepping ~*~*~tactically~*~*~ (outnumbered).
 15847 | D:9      | 15847 ||| Stepping ~*~*~tactically~*~*~ (outnumbered).
 15855 | D:9      | 15855 ||| Stepping ~*~*~tactically~*~*~ (outnumbered).
 15866 | D:9      | 15866 ||| Stepping ~*~*~tactically~*~*~ (outnumbered).
 15867 | D:9      | 15867 ||| FLEEEEING.
 15893 | D:9      | 15893 ||| FLEEEEING.
 15910 | D:9      | 15910 ||| Stepping ~*~*~tactically~*~*~ (outnumbered).
 15919 | D:9      | 15919 ||| FLEEEEING.
 15937 | D:9      | 15937 ||| Stepping ~*~*~tactically~*~*~ (outnumbered).
 15939 | D:9      | 15939 ||| Stepping ~*~*~tactically~*~*~ (outnumbered).
 15941 | D:9      | 15941 ||| FLEEEEING.
 15971 | D:9      | 15971 ||| Stepping ~*~*~tactically~*~*~ (outnumbered).
 15973 | D:9      | 15973 ||| FLEEEEING.
 15996 | D:9      | 15996 ||| FLEEEEING.
 16013 | D:9      | 16013 ||| Stepping ~*~*~tactically~*~*~ (outnumbered).
 16021 | D:9      | 16021 ||| Stepping ~*~*~tactically~*~*~ (outnumbered).
 16022 | D:9      | 16022 ||| FLEEEEING.
 16047 | D:9      | 16047 ||| Stepping ~*~*~tactically~*~*~ (outnumbered).
 16048 | D:9      | 16048 ||| FLEEEEING.
 16076 | D:9      | 16076 ||| Stepping ~*~*~tactically~*~*~ (outnumbered).
 16085 | D:9      | 16085 ||| FLEEEEING.
 16102 | D:9      | 16102 ||| Stepping ~*~*~tactically~*~*~ (outnumbered).
 16106 | D:9      | 16106 ||| Stepping ~*~*~tactically~*~*~ (outnumbered).
 16109 | D:9      | 16109 ||| Stepping ~*~*~tactically~*~*~ (outnumbered).
 16118 | D:9      | 16118 ||| Stepping ~*~*~tactically~*~*~ (outnumbered).
 16124 | D:9      | 16124 ||| FLEEEEING.
 16141 | D:9      | 16141 ||| FLEEEEING.
 16157 | D:9      | 16157 ||| FLEEEEING.
 16171 | D:9      | 16171 ||| Stepping ~*~*~tactically~*~*~ (outnumbered).
 16172 | D:9      | 16172 ||| FLEEEEING.
 16195 | D:9      | 16195 ||| Stepping ~*~*~tactically~*~*~ (outnumbered).
 16202 | D:9      | 16202 ||| Stepping ~*~*~tactically~*~*~ (outnumbered).
 16205 | D:9      | 16205 ||| Stepping ~*~*~tactically~*~*~ (outnumbered).
 16206 | D:9      | 16206 ||| FLEEEEING.
 16225 | D:9      | 16225 ||| Stepping ~*~*~tactically~*~*~ (outnumbered).
 16232 | D:9      | 16232 ||| Stepping ~*~*~tactically~*~*~ (outnumbered).
 16238 | D:9      | 16238 ||| Stepping ~*~*~tactically~*~*~ (outnumbered).
 16246 | D:9      | 16246 ||| Stepping ~*~*~tactically~*~*~ (outnumbered).
 16248 | D:9      | 16248 ||| Stepping ~*~*~tactically~*~*~ (outnumbered).
 16250 | D:9      | 16250 ||| Stepping ~*~*~tactically~*~*~ (outnumbered).
 16252 | D:9      | 16252 ||| FLEEEEING.
 16271 | D:9      | 16271 ||| FLEEEEING.
 16282 | D:9      | 16282 ||| Stepping ~*~*~tactically~*~*~ (outnumbered).
 16285 | D:9      | 16285 ||| Stepping ~*~*~tactically~*~*~ (outnumbered).
 16287 | D:9      | 16287 ||| FLEEEEING.
 16298 | D:9      | 16298 ||| Stepping ~*~*~tactically~*~*~ (outnumbered).
 16304 | D:9      | 16304 ||| Stepping ~*~*~tactically~*~*~ (outnumbered).
 16305 | D:9      | 16305 ||| FLEEEEING.
 16335 | D:9      | 16335 ||| FLEEEEING.
 16350 | D:9      | 16350 ||| Stepping ~*~*~tactically~*~*~ (outnumbered).
 16355 | D:9      | 16355 ||| FLEEEEING.
 16377 | D:9      | 16377 ||| Stepping ~*~*~tactically~*~*~ (outnumbered).
 16379 | D:9      | 16379 ||| Stepping ~*~*~tactically~*~*~ (outnumbered).
 16387 | D:9      | 16387 ||| Stepping ~*~*~tactically~*~*~ (outnumbered).
 16388 | D:9      | 16388 ||| FLEEEEING.
 16413 | D:9      | 16413 ||| Stepping ~*~*~tactically~*~*~ (outnumbered).
 16420 | D:9      | 16420 ||| Stepping ~*~*~tactically~*~*~ (outnumbered).
 16423 | D:9      | 16423 ||| FLEEEEING.
 16440 | D:9      | 16440 ||| Stepping ~*~*~tactically~*~*~ (outnumbered).
 16442 | D:9      | 16442 ||| FLEEEEING.
 16452 | D:9      | 16452 ||| Stepping ~*~*~tactically~*~*~ (outnumbered).
 16458 | D:9      | 16458 ||| Stepping ~*~*~tactically~*~*~ (outnumbered).
 16460 | D:9      | 16460 ||| FLEEEEING.
 16472 | D:9      | 16472 ||| Stepping ~*~*~tactically~*~*~ (outnumbered).
 16474 | D:9      | 16474 ||| Stepping ~*~*~tactically~*~*~ (outnumbered).
 16476 | D:9      | 16476 ||| Stepping ~*~*~tactically~*~*~ (outnumbered).
 16478 | D:9      | 16478 ||| Stepping ~*~*~tactically~*~*~ (outnumbered).
 16486 | D:9      | 16486 ||| Stepping ~*~*~tactically~*~*~ (outnumbered).
 16487 | D:9      | 16487 ||| FLEEEEING.
 16509 | D:9      | 16509 ||| FLEEEEING.
 16522 | D:9      | 16522 ||| Stepping ~*~*~tactically~*~*~ (outnumbered).
 16523 | D:9      | 16523 ||| FLEEEEING.
 16534 | D:9      | 16534 ||| Stepping ~*~*~tactically~*~*~ (outnumbered).
 16536 | D:9      | 16536 ||| Stepping ~*~*~tactically~*~*~ (outnumbered).
 16542 | D:9      | 16542 ||| Stepping ~*~*~tactically~*~*~ (outnumbered).
 16544 | D:9      | 16544 ||| FLEEEEING.
 16557 | D:9      | 16557 ||| FLEEEEING.
 16575 | D:9      | 16575 ||| FLEEEEING.
 16585 | D:9      | 16585 ||| Stepping ~*~*~tactically~*~*~ (outnumbered).
 16588 | D:9      | 16588 ||| FLEEEEING.
 16605 | D:9      | 16605 ||| Stepping ~*~*~tactically~*~*~ (outnumbered).
 16606 | D:9      | 16606 ||| FLEEEEING.
 16658 | D:9      | 16658 ||| Stepping ~*~*~tactically~*~*~ (outnumbered).
 16660 | D:9      | 16660 ||| Stepping ~*~*~tactically~*~*~ (outnumbered).
 16669 | D:9      | 16669 ||| Stepping ~*~*~tactically~*~*~ (outnumbered).
 16671 | D:9      | 16671 ||| FLEEEEING.
 16683 | D:9      | 16683 ||| Stepping ~*~*~tactically~*~*~ (outnumbered).
 16684 | D:9      | 16684 ||| Stepping ~*~*~tactically~*~*~ (outnumbered).
 16695 | D:9      | 16695 ||| FLEEEEING.
 16712 | D:9      | 16712 ||| Stepping ~*~*~tactically~*~*~ (outnumbered).
 16718 | D:9      | 16718 ||| Stepping ~*~*~tactically~*~*~ (outnumbered).
 16728 | D:9      | 16728 ||| Stepping ~*~*~tactically~*~*~ (outnumbered).
 16730 | D:9      | 16730 ||| FLEEEEING.
 16752 | D:9      | 16752 ||| Stepping ~*~*~tactically~*~*~ (outnumbered).
 16758 | D:9      | 16758 ||| Stepping ~*~*~tactically~*~*~ (outnumbered).
 16759 | D:9      | 16759 ||| Stepping ~*~*~tactically~*~*~ (outnumbered).
 16767 | D:9      | 16767 ||| Stepping ~*~*~tactically~*~*~ (outnumbered).
 16769 | D:9      | 16769 ||| FLEEEEING.
 16791 | D:9      | 16791 ||| FLEEEEING.
 16803 | D:9      | 16803 ||| Stepping ~*~*~tactically~*~*~ (outnumbered).
 16804 | D:9      | 16804 ||| FLEEEEING.
 16820 | D:9      | 16820 ||| FLEEEEING.
 16845 | D:9      | 16845 ||| Stepping ~*~*~tactically~*~*~ (outnumbered).
 16852 | D:9      | 16852 ||| Stepping ~*~*~tactically~*~*~ (outnumbered).
 16853 | D:9      | 16853 ||| Stepping ~*~*~tactically~*~*~ (outnumbered).
 16862 | D:9      | 16862 ||| Stepping ~*~*~tactically~*~*~ (outnumbered).
 16865 | D:9      | 16865 ||| Stepping ~*~*~tactically~*~*~ (outnumbered).
 16869 | D:9      | 16869 ||| FLEEEEING.
 16885 | D:9      | 16885 ||| Stepping ~*~*~tactically~*~*~ (outnumbered).
 16887 | D:9      | 16887 ||| Stepping ~*~*~tactically~*~*~ (outnumbered).
 16889 | D:9      | 16889 ||| Stepping ~*~*~tactically~*~*~ (outnumbered).
 16893 | D:9      | 16893 ||| Stepping ~*~*~tactically~*~*~ (outnumbered).
 16901 | D:9      | 16901 ||| Stepping ~*~*~tactically~*~*~ (outnumbered).
 16903 | D:9      | 16903 ||| Stepping ~*~*~tactically~*~*~ (outnumbered).
 16909 | D:9      | 16909 ||| FLEEEEING.
 16928 | D:9      | 16928 ||| FLEEEEING.
 16942 | D:9      | 16942 ||| Stepping ~*~*~tactically~*~*~ (outnumbered).
 16950 | D:9      | 16950 ||| Stepping ~*~*~tactically~*~*~ (outnumbered).
 16953 | D:9      | 16953 ||| Stepping ~*~*~tactically~*~*~ (outnumbered).
 16955 | D:9      | 16955 ||| Stepping ~*~*~tactically~*~*~ (outnumbered).
 16965 | D:9      | 16965 ||| FLEEEEING.
 16982 | D:9      | 16982 ||| Stepping ~*~*~tactically~*~*~ (outnumbered).
 16990 | D:9      | 16990 ||| Stepping ~*~*~tactically~*~*~ (outnumbered).
 16991 | D:9      | 16991 ||| FLEEEEING.
 17005 | D:9      | 17005 ||| Stepping ~*~*~tactically~*~*~ (outnumbered).
 17007 | D:9      | 17007 ||| FLEEEEING.
 17018 | D:9      | 17018 ||| Stepping ~*~*~tactically~*~*~ (outnumbered).
 17020 | D:9      | 17020 ||| Stepping ~*~*~tactically~*~*~ (outnumbered).
 17022 | D:9      | 17022 ||| Stepping ~*~*~tactically~*~*~ (outnumbered).
 17024 | D:9      | 17024 ||| FLEEEEING.
 17043 | D:9      | 17043 ||| FLEEEEING.
 17059 | D:9      | 17059 ||| Stepping ~*~*~tactically~*~*~ (outnumbered).
 17060 | D:9      | 17060 ||| FLEEEEING.
 17078 | D:9      | 17078 ||| FLEEEEING.
 17089 | D:9      | 17089 ||| Stepping ~*~*~tactically~*~*~ (outnumbered).
 17091 | D:9      | 17091 ||| Stepping ~*~*~tactically~*~*~ (outnumbered).
 17095 | D:9      | 17095 ||| Stepping ~*~*~tactically~*~*~ (outnumbered).
 17101 | D:9      | 17101 ||| Stepping ~*~*~tactically~*~*~ (outnumbered).
 17111 | D:9      | 17111 ||| Stepping ~*~*~tactically~*~*~ (outnumbered).
 17118 | D:9      | 17118 ||| FLEEEEING.
 17138 | D:9      | 17138 ||| Stepping ~*~*~tactically~*~*~ (outnumbered).
 17147 | D:9      | 17147 ||| Stepping ~*~*~tactically~*~*~ (outnumbered).
 17148 | D:9      | 17148 ||| FLEEEEING.
 17171 | D:9      | 17171 ||| Stepping ~*~*~tactically~*~*~ (outnumbered).
 17182 | D:9      | 17182 ||| FLEEEEING.
 17193 | D:9      | 17193 ||| Stepping ~*~*~tactically~*~*~ (outnumbered).
 17194 | D:9      | 17194 ||| FLEEEEING.
 17213 | D:9      | 17213 ||| Stepping ~*~*~tactically~*~*~ (outnumbered).
 17215 | D:9      | 17215 ||| FLEEEEING.
 17244 | D:9      | 17244 ||| Stepping ~*~*~tactically~*~*~ (outnumbered).
 17248 | D:9      | 17248 ||| Stepping ~*~*~tactically~*~*~ (outnumbered).
 17251 | D:9      | 17251 ||| Stepping ~*~*~tactically~*~*~ (outnumbered).
 17253 | D:9      | 17253 ||| FLEEEEING.
 17268 | D:9      | 17268 ||| Stepping ~*~*~tactically~*~*~ (outnumbered).
 17270 | D:9      | 17270 ||| Stepping ~*~*~tactically~*~*~ (outnumbered).
 17273 | D:9      | 17273 ||| Stepping ~*~*~tactically~*~*~ (outnumbered).
 17280 | D:9      | 17280 ||| Stepping ~*~*~tactically~*~*~ (outnumbered).
 17281 | D:9      | 17281 ||| FLEEEEING.
 17303 | D:9      | 17303 ||| FLEEEEING.
 17329 | D:9      | 17329 ||| Stepping ~*~*~tactically~*~*~ (outnumbered).
 17337 | D:9      | 17337 ||| Stepping ~*~*~tactically~*~*~ (outnumbered).
 17338 | D:9      | 17338 ||| FLEEEEING.
 17362 | D:9      | 17362 ||| Stepping ~*~*~tactically~*~*~ (outnumbered).
 17367 | D:9      | 17367 ||| FLEEEEING.
 17387 | D:9      | 17387 ||| FLEEEEING.
 17404 | D:9      | 17404 ||| Stepping ~*~*~tactically~*~*~ (outnumbered).
 17407 | D:9      | 17407 ||| Stepping ~*~*~tactically~*~*~ (outnumbered).
 17408 | D:9      | 17408 ||| FLEEEEING.
 17445 | D:9      | 17445 ||| Stepping ~*~*~tactically~*~*~ (outnumbered).
 17447 | D:9      | 17447 ||| Stepping ~*~*~tactically~*~*~ (outnumbered).
 17449 | D:9      | 17449 ||| FLEEEEING.
 17466 | D:9      | 17466 ||| Stepping ~*~*~tactically~*~*~ (outnumbered).
 17476 | D:9      | 17476 ||| Stepping ~*~*~tactically~*~*~ (outnumbered).
 17484 | D:9      | 17484 ||| Stepping ~*~*~tactically~*~*~ (outnumbered).
 17491 | D:9      | 17491 ||| Stepping ~*~*~tactically~*~*~ (outnumbered).
 17492 | D:9      | 17492 ||| FLEEEEING.
 17508 | D:9      | 17508 ||| FLEEEEING.
 17529 | D:9      | 17529 ||| FLEEEEING.
 17545 | D:9      | 17545 ||| Stepping ~*~*~tactically~*~*~ (outnumbered).
 17552 | D:9      | 17552 ||| FLEEEEING.
 17571 | D:9      | 17571 ||| Stepping ~*~*~tactically~*~*~ (outnumbered).
 17573 | D:9      | 17573 ||| Stepping ~*~*~tactically~*~*~ (outnumbered).
 17575 | D:9      | 17575 ||| Stepping ~*~*~tactically~*~*~ (outnumbered).
 17584 | D:9      | 17584 ||| Stepping ~*~*~tactically~*~*~ (outnumbered).
 17585 | D:9      | 17585 ||| Stepping ~*~*~tactically~*~*~ (outnumbered).
 17590 | D:9      | 17590 ||| FLEEEEING.
 17607 | D:9      | 17607 ||| Stepping ~*~*~tactically~*~*~ (outnumbered).
 17608 | D:9      | 17608 ||| FLEEEEING.
 17651 | D:9      | 17651 ||| Stepping ~*~*~tactically~*~*~ (outnumbered).
 17656 | D:9      | 17656 ||| Stepping ~*~*~tactically~*~*~ (outnumbered).
 17663 | D:9      | 17663 ||| Stepping ~*~*~tactically~*~*~ (outnumbered).
 17664 | D:9      | 17664 ||| FLEEEEING.
 17688 | D:9      | 17688 ||| Stepping ~*~*~tactically~*~*~ (outnumbered).
 17689 | D:9      | 17689 ||| FLEEEEING.
 17715 | D:9      | 17715 ||| Stepping ~*~*~tactically~*~*~ (outnumbered).
 17716 | D:9      | 17716 ||| Stepping ~*~*~tactically~*~*~ (outnumbered).
 17721 | D:9      | 17721 ||| FLEEEEING.
 17740 | D:9      | 17740 ||| Stepping ~*~*~tactically~*~*~ (outnumbered).
 17741 | D:9      | 17741 ||| FLEEEEING.
 17775 | D:9      | 17775 ||| Stepping ~*~*~tactically~*~*~ (outnumbered).
 17776 | D:9      | 17776 ||| FLEEEEING.
 17793 | D:9      | 17793 ||| Stepping ~*~*~tactically~*~*~ (outnumbered).
 17800 | D:9      | 17800 ||| Stepping ~*~*~tactically~*~*~ (outnumbered).
 17807 | D:9      | 17807 ||| FLEEEEING.
 17826 | D:9      | 17826 ||| Stepping ~*~*~tactically~*~*~ (outnumbered).
 17828 | D:9      | 17828 ||| Stepping ~*~*~tactically~*~*~ (outnumbered).
 17835 | D:9      | 17835 ||| Stepping ~*~*~tactically~*~*~ (outnumbered).
 17837 | D:9      | 17837 ||| Stepping ~*~*~tactically~*~*~ (outnumbered).
 17844 | D:9      | 17844 ||| Stepping ~*~*~tactically~*~*~ (outnumbered).
 17845 | D:9      | 17845 ||| Stepping ~*~*~tactically~*~*~ (outnumbered).
 17854 | D:9      | 17854 ||| Stepping ~*~*~tactically~*~*~ (outnumbered).
 17862 | D:9      | 17862 ||| Stepping ~*~*~tactically~*~*~ (outnumbered).
 17863 | D:9      | 17863 ||| FLEEEEING.
 17888 | D:9      | 17888 ||| Stepping ~*~*~tactically~*~*~ (outnumbered).
 17889 | D:9      | 17889 ||| FLEEEEING.
 17911 | D:9      | 17911 ||| Stepping ~*~*~tactically~*~*~ (outnumbered).
 17912 | D:9      | 17912 ||| Stepping ~*~*~tactically~*~*~ (outnumbered).
 17916 | D:9      | 17916 ||| Stepping ~*~*~tactically~*~*~ (outnumbered).
 17917 | D:9      | 17917 ||| FLEEEEING.
 17938 | D:9      | 17938 ||| Stepping ~*~*~tactically~*~*~ (outnumbered).
 17945 | D:9      | 17945 ||| Stepping ~*~*~tactically~*~*~ (outnumbered).
 17953 | D:9      | 17953 ||| FLEEEEING.
 17964 | D:9      | 17964 ||| FLEEEEING.
 17975 | D:9      | 17975 ||| Stepping ~*~*~tactically~*~*~ (outnumbered).
 17976 | D:9      | 17976 ||| FLEEEEING.
 17994 | D:9      | 17994 ||| FLEEEEING.
 18008 | D:9      | 18008 ||| FLEEEEING.
 18026 | D:9      | 18026 ||| Stepping ~*~*~tactically~*~*~ (outnumbered).
 18027 | D:9      | 18027 ||| FLEEEEING.
 18056 | D:9      | 18056 ||| Stepping ~*~*~tactically~*~*~ (outnumbered).
 18059 | D:9      | 18059 ||| FLEEEEING.
 18080 | D:9      | 18080 ||| FLEEEEING.
 18096 | D:9      | 18096 ||| Stepping ~*~*~tactically~*~*~ (outnumbered).
 18098 | D:9      | 18098 ||| Stepping ~*~*~tactically~*~*~ (outnumbered).
 18100 | D:9      | 18100 ||| Stepping ~*~*~tactically~*~*~ (outnumbered).
 18104 | D:9      | 18104 ||| FLEEEEING.
 18122 | D:9      | 18122 ||| Stepping ~*~*~tactically~*~*~ (outnumbered).
 18123 | D:9      | 18123 ||| Stepping ~*~*~tactically~*~*~ (outnumbered).
 18130 | D:9      | 18130 ||| FLEEEEING.
 18143 | D:9      | 18143 ||| Stepping ~*~*~tactically~*~*~ (outnumbered).
 18144 | D:9      | 18144 ||| FLEEEEING.
 18169 | D:9      | 18169 ||| FLEEEEING.
 18180 | D:9      | 18180 ||| Stepping ~*~*~tactically~*~*~ (outnumbered).
 18182 | D:9      | 18182 ||| FLEEEEING.
 18196 | D:9      | 18196 ||| FLEEEEING.
 18206 | D:9      | 18206 ||| Stepping ~*~*~tactically~*~*~ (outnumbered).
 18210 | D:9      | 18210 ||| Stepping ~*~*~tactically~*~*~ (outnumbered).
 18215 | D:9      | 18215 ||| Stepping ~*~*~tactically~*~*~ (outnumbered).
 18220 | D:9      | 18220 ||| FLEEEEING.
 18238 | D:9      | 18238 ||| Stepping ~*~*~tactically~*~*~ (outnumbered).
 18239 | D:9      | 18239 ||| FLEEEEING.
 18272 | D:9      | 18272 ||| Stepping ~*~*~tactically~*~*~ (outnumbered).
 18275 | D:9      | 18275 ||| Stepping ~*~*~tactically~*~*~ (outnumbered).
 18276 | D:9      | 18276 ||| FLEEEEING.
 18321 | D:9      | 18321 ||| Stepping ~*~*~tactically~*~*~ (outnumbered).
 18323 | D:9      | 18323 ||| FLEEEEING.
 18343 | D:9      | 18343 ||| Stepping ~*~*~tactically~*~*~ (outnumbered).
 18351 | D:9      | 18351 ||| Stepping ~*~*~tactically~*~*~ (outnumbered).
 18356 | D:9      | 18356 ||| Stepping ~*~*~tactically~*~*~ (outnumbered).
 18358 | D:9      | 18358 ||| Stepping ~*~*~tactically~*~*~ (outnumbered).
 18360 | D:9      | 18360 ||| Stepping ~*~*~tactically~*~*~ (outnumbered).
 18367 | D:9      | 18367 ||| FLEEEEING.
 18377 | D:9      | 18377 ||| FLEEEEING.
 18395 | D:9      | 18395 ||| Stepping ~*~*~tactically~*~*~ (outnumbered).
 18403 | D:9      | 18403 ||| FLEEEEING.
 18420 | D:9      | 18420 ||| FLEEEEING.
 18435 | D:9      | 18435 ||| FLEEEEING.
 18449 | D:9      | 18449 ||| Stepping ~*~*~tactically~*~*~ (outnumbered).
 18451 | D:9      | 18451 ||| Stepping ~*~*~tactically~*~*~ (outnumbered).
 18452 | D:9      | 18452 ||| FLEEEEING.
 18481 | D:9      | 18481 ||| FLEEEEING.
 18496 | D:9      | 18496 ||| FLEEEEING.
 18517 | D:9      | 18517 ||| FLEEEEING.
 18532 | D:9      | 18532 ||| FLEEEEING.
 18546 | D:9      | 18546 ||| Stepping ~*~*~tactically~*~*~ (outnumbered).
 18547 | D:9      | 18547 ||| FLEEEEING.
 18563 | D:9      | 18563 ||| Stepping ~*~*~tactically~*~*~ (outnumbered).
 18564 | D:9      | 18564 ||| FLEEEEING.
 18589 | D:9      | 18589 ||| Stepping ~*~*~tactically~*~*~ (outnumbered).
 18591 | D:9      | 18591 ||| Stepping ~*~*~tactically~*~*~ (outnumbered).
 18592 | D:9      | 18592 ||| FLEEEEING.
 18606 | D:9      | 18606 ||| Stepping ~*~*~tactically~*~*~ (outnumbered).
 18608 | D:9      | 18608 ||| Stepping ~*~*~tactically~*~*~ (outnumbered).
 18611 | D:9      | 18611 ||| Stepping ~*~*~tactically~*~*~ (outnumbered).
 18614 | D:9      | 18614 ||| Stepping ~*~*~tactically~*~*~ (outnumbered).
 18616 | D:9      | 18616 ||| FLEEEEING.
 18629 | D:9      | 18629 ||| Stepping ~*~*~tactically~*~*~ (outnumbered).
 18632 | D:9      | 18632 ||| Stepping ~*~*~tactically~*~*~ (outnumbered).
 18633 | D:9      | 18633 ||| FLEEEEING.
 18661 | D:9      | 18661 ||| Stepping ~*~*~tactically~*~*~ (outnumbered).
 18666 | D:9      | 18666 ||| Stepping ~*~*~tactically~*~*~ (stealth).
 18673 | D:9      | 18673 ||| Stepping ~*~*~tactically~*~*~ (outnumbered).
 18675 | D:9      | 18675 ||| Stepping ~*~*~tactically~*~*~ (outnumbered).
 18684 | D:9      | 18684 ||| Stepping ~*~*~tactically~*~*~ (outnumbered).
 18685 | D:9      | 18685 ||| FLEEEEING.
 18701 | D:9      | 18701 ||| Stepping ~*~*~tactically~*~*~ (outnumbered).
 18702 | D:9      | 18702 ||| FLEEEEING.
 18743 | D:9      | 18743 ||| Stepping ~*~*~tactically~*~*~ (outnumbered).
 18744 | D:9      | 18744 ||| FLEEEEING.
 18762 | D:9      | 18762 ||| Stepping ~*~*~tactically~*~*~ (outnumbered).
 18772 | D:9      | 18772 ||| Stepping ~*~*~tactically~*~*~ (outnumbered).
 18780 | D:9      | 18780 ||| Stepping ~*~*~tactically~*~*~ (outnumbered).
 18782 | D:9      | 18782 ||| Stepping ~*~*~tactically~*~*~ (outnumbered).
 18784 | D:9      | 18784 ||| FLEEEEING.
 18804 | D:9      | 18804 ||| Stepping ~*~*~tactically~*~*~ (outnumbered).
 18806 | D:9      | 18806 ||| FLEEEEING.
 18823 | D:9      | 18823 ||| Stepping ~*~*~tactically~*~*~ (outnumbered).
 18825 | D:9      | 18825 ||| Stepping ~*~*~tactically~*~*~ (outnumbered).
 18831 | D:9      | 18831 ||| FLEEEEING.
 18845 | D:9      | 18845 ||| FLEEEEING.
 18861 | D:9      | 18861 ||| Stepping ~*~*~tactically~*~*~ (outnumbered).
 18868 | D:9      | 18868 ||| FLEEEEING.
 18879 | D:9      | 18879 ||| Stepping ~*~*~tactically~*~*~ (outnumbered).
 18881 | D:9      | 18881 ||| Stepping ~*~*~tactically~*~*~ (outnumbered).
 18889 | D:9      | 18889 ||| Stepping ~*~*~tactically~*~*~ (outnumbered).
 18895 | D:9      | 18895 ||| Stepping ~*~*~tactically~*~*~ (outnumbered).
 18897 | D:9      | 18897 ||| FLEEEEING.
 18913 | D:9      | 18913 ||| Stepping ~*~*~tactically~*~*~ (outnumbered).
 18915 | D:9      | 18915 ||| Stepping ~*~*~tactically~*~*~ (outnumbered).
 18919 | D:9      | 18919 ||| Stepping ~*~*~tactically~*~*~ (outnumbered).
 18921 | D:9      | 18921 ||| Stepping ~*~*~tactically~*~*~ (outnumbered).
 18923 | D:9      | 18923 ||| Stepping ~*~*~tactically~*~*~ (outnumbered).
 18926 | D:9      | 18926 ||| FLEEEEING.
 18938 | D:9      | 18938 ||| Stepping ~*~*~tactically~*~*~ (outnumbered).
 18941 | D:9      | 18941 ||| Stepping ~*~*~tactically~*~*~ (outnumbered).
 18950 | D:9      | 18950 ||| Stepping ~*~*~tactically~*~*~ (outnumbered).
 18954 | D:9      | 18954 ||| FLEEEEING.
 18973 | D:9      | 18973 ||| Stepping ~*~*~tactically~*~*~ (outnumbered).
 18982 | D:9      | 18982 ||| Stepping ~*~*~tactically~*~*~ (outnumbered).
 18985 | D:9      | 18985 ||| FLEEEEING.
 19004 | D:9      | 19004 ||| FLEEEEING.
 19017 | D:9      | 19017 ||| FLEEEEING.
 19049 | D:9      | 19049 ||| Stepping ~*~*~tactically~*~*~ (outnumbered).
 19054 | D:9      | 19054 ||| FLEEEEING.
 19066 | D:9      | 19066 ||| Stepping ~*~*~tactically~*~*~ (outnumbered).
 19067 | D:9      | 19067 ||| FLEEEEING.
 19088 | D:9      | 19088 ||| Stepping ~*~*~tactically~*~*~ (outnumbered).
 19089 | D:9      | 19089 ||| FLEEEEING.
 19113 | D:9      | 19113 ||| FLEEEEING.
 19137 | D:9      | 19137 ||| Stepping ~*~*~tactically~*~*~ (outnumbered).
 19145 | D:9      | 19145 ||| Stepping ~*~*~tactically~*~*~ (outnumbered).
 19147 | D:9      | 19147 ||| FLEEEEING.
 19164 | D:9      | 19164 ||| FLEEEEING.
 19184 | D:9      | 19184 ||| Stepping ~*~*~tactically~*~*~ (outnumbered).
 19185 | D:9      | 19185 ||| FLEEEEING.
 19205 | D:9      | 19205 ||| Stepping ~*~*~tactically~*~*~ (outnumbered).
 19206 | D:9      | 19206 ||| FLEEEEING.
 19243 | D:9      | 19243 ||| FLEEEEING.
 19260 | D:9      | 19260 ||| Stepping ~*~*~tactically~*~*~ (outnumbered).
 19271 | D:9      | 19271 ||| Stepping ~*~*~tactically~*~*~ (outnumbered).
 19276 | D:9      | 19276 ||| Stepping ~*~*~tactically~*~*~ (outnumbered).
 19279 | D:9      | 19279 ||| FLEEEEING.
 19304 | D:9      | 19304 ||| Stepping ~*~*~tactically~*~*~ (stealth).
 19307 | D:9      | 19307 ||| Stepping ~*~*~tactically~*~*~ (outnumbered).
 19308 | D:9      | 19308 ||| FLEEEEING.
 19333 | D:9      | 19333 ||| FLEEEEING.
 19345 | D:9      | 19345 ||| Stepping ~*~*~tactically~*~*~ (outnumbered).
 19346 | D:9      | 19346 ||| FLEEEEING.
 19367 | D:9      | 19367 ||| Stepping ~*~*~tactically~*~*~ (outnumbered).
 19372 | D:9      | 19372 ||| Stepping ~*~*~tactically~*~*~ (outnumbered).
 19375 | D:9      | 19375 ||| FLEEEEING.
 19393 | D:9      | 19393 ||| FLEEEEING.
 19404 | D:9      | 19404 ||| Stepping ~*~*~tactically~*~*~ (outnumbered).
 19405 | D:9      | 19405 ||| FLEEEEING.
 19426 | D:9      | 19426 ||| FLEEEEING.
 19436 | D:9      | 19436 ||| Stepping ~*~*~tactically~*~*~ (outnumbered).
 19441 | D:9      | 19441 ||| Stepping ~*~*~tactically~*~*~ (outnumbered).
 19450 | D:9      | 19450 ||| FLEEEEING.
 19460 | D:9      | 19460 ||| Stepping ~*~*~tactically~*~*~ (outnumbered).
 19469 | D:9      | 19469 ||| FLEEEEING.
 19482 | D:9      | 19482 ||| Stepping ~*~*~tactically~*~*~ (outnumbered).
 19484 | D:9      | 19484 ||| Stepping ~*~*~tactically~*~*~ (outnumbered).
 19495 | D:9      | 19495 ||| Stepping ~*~*~tactically~*~*~ (outnumbered).
 19496 | D:9      | 19496 ||| FLEEEEING.
 19519 | D:9      | 19519 ||| Stepping ~*~*~tactically~*~*~ (outnumbered).
 19527 | D:9      | 19527 ||| Stepping ~*~*~tactically~*~*~ (outnumbered).
 19535 | D:9      | 19535 ||| Stepping ~*~*~tactically~*~*~ (outnumbered).
 19542 | D:9      | 19542 ||| FLEEEEING.
 19557 | D:9      | 19557 ||| FLEEEEING.
 19571 | D:9      | 19571 ||| FLEEEEING.
 19588 | D:9      | 19588 ||| Stepping ~*~*~tactically~*~*~ (outnumbered).
 19597 | D:9      | 19597 ||| Stepping ~*~*~tactically~*~*~ (outnumbered).
 19603 | D:9      | 19603 ||| FLEEEEING.
 19616 | D:9      | 19616 ||| Stepping ~*~*~tactically~*~*~ (outnumbered).
 19618 | D:9      | 19618 ||| Stepping ~*~*~tactically~*~*~ (outnumbered).
 19626 | D:9      | 19626 ||| Stepping ~*~*~tactically~*~*~ (outnumbered).
 19635 | D:9      | 19635 ||| Stepping ~*~*~tactically~*~*~ (outnumbered).
 19637 | D:9      | 19637 ||| FLEEEEING.
 19648 | D:9      | 19648 ||| Stepping ~*~*~tactically~*~*~ (outnumbered).
 19657 | D:9      | 19657 ||| FLEEEEING.
 19679 | D:9      | 19679 ||| Stepping ~*~*~tactically~*~*~ (stealth).
 19688 | D:9      | 19688 ||| Stepping ~*~*~tactically~*~*~ (outnumbered).
 19699 | D:9      | 19699 ||| Stepping ~*~*~tactically~*~*~ (outnumbered).
 19700 | D:9      | 19700 ||| FLEEEEING.
 19725 | D:9      | 19725 ||| FLEEEEING.
 19737 | D:9      | 19737 ||| Stepping ~*~*~tactically~*~*~ (outnumbered).
 19747 | D:9      | 19747 ||| Stepping ~*~*~tactically~*~*~ (outnumbered).
 19748 | D:9      | 19748 ||| Stepping ~*~*~tactically~*~*~ (outnumbered).
 19757 | D:9      | 19757 ||| Stepping ~*~*~tactically~*~*~ (outnumbered).
 19764 | D:9      | 19764 ||| FLEEEEING.
 19777 | D:9      | 19777 ||| Stepping ~*~*~tactically~*~*~ (outnumbered).
 19778 | D:9      | 19778 ||| FLEEEEING.
 19809 | D:9      | 19809 ||| Stepping ~*~*~tactically~*~*~ (outnumbered).
 19819 | D:9      | 19819 ||| Stepping ~*~*~tactically~*~*~ (outnumbered).
 19821 | D:9      | 19821 ||| Stepping ~*~*~tactically~*~*~ (outnumbered).
 19828 | D:9      | 19828 ||| Stepping ~*~*~tactically~*~*~ (outnumbered).
 19829 | D:9      | 19829 ||| FLEEEEING.
 19871 | D:9      | 19871 ||| FLEEEEING.
 19887 | D:9      | 19887 ||| FLEEEEING.
 19905 | D:9      | 19905 ||| Stepping ~*~*~tactically~*~*~ (outnumbered).
 19906 | D:9      | 19906 ||| Stepping ~*~*~tactically~*~*~ (stealth).
 19911 | D:9      | 19911 ||| Stepping ~*~*~tactically~*~*~ (outnumbered).
 19917 | D:9      | 19917 ||| Stepping ~*~*~tactically~*~*~ (outnumbered).
 19925 | D:9      | 19925 ||| Stepping ~*~*~tactically~*~*~ (outnumbered).
 19933 | D:9      | 19933 ||| Stepping ~*~*~tactically~*~*~ (outnumbered).
 19934 | D:9      | 19934 ||| FLEEEEING.
 19949 | D:9      | 19949 ||| Stepping ~*~*~tactically~*~*~ (outnumbered).
 19957 | D:9      | 19957 ||| FLEEEEING.
 19968 | D:9      | 19968 ||| Stepping ~*~*~tactically~*~*~ (outnumbered).
 19970 | D:9      | 19970 ||| Stepping ~*~*~tactically~*~*~ (outnumbered).
 19972 | D:9      | 19972 ||| Stepping ~*~*~tactically~*~*~ (outnumbered).
 19974 | D:9      | 19974 ||| Stepping ~*~*~tactically~*~*~ (outnumbered).
 19976 | D:9      | 19976 ||| Stepping ~*~*~tactically~*~*~ (outnumbered).
 19979 | D:9      | 19979 ||| Stepping ~*~*~tactically~*~*~ (outnumbered).
 19980 | D:9      | 19980 ||| FLEEEEING.
 19992 | D:9      | 19992 ||| Stepping ~*~*~tactically~*~*~ (outnumbered).
 19994 | D:9      | 19994 ||| Stepping ~*~*~tactically~*~*~ (outnumbered).
 19996 | D:9      | 19996 ||| FLEEEEING.
 20013 | D:9      | 20013 ||| FLEEEEING.
 20027 | D:9      | 20027 ||| FLEEEEING.
 20044 | D:9      | 20044 ||| Stepping ~*~*~tactically~*~*~ (outnumbered).
 20045 | D:9      | 20045 ||| FLEEEEING.
 20079 | D:9      | 20079 ||| Stepping ~*~*~tactically~*~*~ (outnumbered).
 20085 | D:9      | 20085 ||| Stepping ~*~*~tactically~*~*~ (outnumbered).
 20092 | D:9      | 20092 ||| Stepping ~*~*~tactically~*~*~ (outnumbered).
 20094 | D:9      | 20094 ||| Stepping ~*~*~tactically~*~*~ (outnumbered).
 20097 | D:9      | 20097 ||| FLEEEEING.
 20109 | D:9      | 20109 ||| Stepping ~*~*~tactically~*~*~ (outnumbered).
 20111 | D:9      | 20111 ||| Stepping ~*~*~tactically~*~*~ (outnumbered).
 20119 | D:9      | 20119 ||| Stepping ~*~*~tactically~*~*~ (outnumbered).
 20129 | D:9      | 20129 ||| Stepping ~*~*~tactically~*~*~ (stealth).
 20136 | D:9      | 20136 ||| Stepping ~*~*~tactically~*~*~ (outnumbered).
 20138 | D:9      | 20138 ||| Stepping ~*~*~tactically~*~*~ (outnumbered).
 20140 | D:9      | 20140 ||| FLEEEEING.
 20153 | D:9      | 20153 ||| FLEEEEING.
 20169 | D:9      | 20169 ||| Stepping ~*~*~tactically~*~*~ (outnumbered).
 20176 | D:9      | 20176 ||| Stepping ~*~*~tactically~*~*~ (outnumbered).
 20184 | D:9      | 20184 ||| FLEEEEING.
 20196 | D:9      | 20196 ||| Stepping ~*~*~tactically~*~*~ (outnumbered).
 20198 | D:9      | 20198 ||| Stepping ~*~*~tactically~*~*~ (outnumbered).
 20204 | D:9      | 20204 ||| FLEEEEING.
 20226 | D:9      | 20226 ||| FLEEEEING.
 20241 | D:9      | 20241 ||| FLEEEEING.
 20253 | D:9      | 20253 ||| Stepping ~*~*~tactically~*~*~ (outnumbered).
 20258 | D:9      | 20258 ||| Stepping ~*~*~tactically~*~*~ (outnumbered).
 20260 | D:9      | 20260 ||| Stepping ~*~*~tactically~*~*~ (outnumbered).
 20268 | D:9      | 20268 ||| Stepping ~*~*~tactically~*~*~ (outnumbered).
 20270 | D:9      | 20270 ||| FLEEEEING.
 20303 | D:9      | 20303 ||| Stepping ~*~*~tactically~*~*~ (outnumbered).
 20307 | D:9      | 20307 ||| Stepping ~*~*~tactically~*~*~ (outnumbered).
 20308 | D:9      | 20308 ||| FLEEEEING.
 20335 | D:9      | 20335 ||| Stepping ~*~*~tactically~*~*~ (outnumbered).
 20336 | D:9      | 20336 ||| FLEEEEING.
 20361 | D:9      | 20361 ||| FLEEEEING.
 20380 | D:9      | 20380 ||| FLEEEEING.
 20391 | D:9      | 20391 ||| Stepping ~*~*~tactically~*~*~ (outnumbered).
 20392 | D:9      | 20392 ||| FLEEEEING.
 20411 | D:9      | 20411 ||| Stepping ~*~*~tactically~*~*~ (outnumbered).
 20416 | D:9      | 20416 ||| Stepping ~*~*~tactically~*~*~ (outnumbered).
 20419 | D:9      | 20419 ||| Stepping ~*~*~tactically~*~*~ (outnumbered).
 20420 | D:9      | 20420 ||| FLEEEEING.
 20436 | D:9      | 20436 ||| Stepping ~*~*~tactically~*~*~ (outnumbered).
 20438 | D:9      | 20438 ||| Stepping ~*~*~tactically~*~*~ (outnumbered).
 20440 | D:9      | 20440 ||| Stepping ~*~*~tactically~*~*~ (outnumbered).
 20444 | D:9      | 20444 ||| Stepping ~*~*~tactically~*~*~ (outnumbered).
 20449 | D:9      | 20449 ||| Stepping ~*~*~tactically~*~*~ (outnumbered).
 20452 | D:9      | 20452 ||| Stepping ~*~*~tactically~*~*~ (outnumbered).
 20454 | D:9      | 20454 ||| Stepping ~*~*~tactically~*~*~ (outnumbered).
 20461 | D:9      | 20461 ||| FLEEEEING.
 20487 | D:9      | 20487 ||| FLEEEEING.
 20498 | D:9      | 20498 ||| Stepping ~*~*~tactically~*~*~ (outnumbered).
 20503 | D:9      | 20503 ||| Stepping ~*~*~tactically~*~*~ (outnumbered).
 20513 | D:9      | 20513 ||| Stepping ~*~*~tactically~*~*~ (outnumbered).
 20521 | D:9      | 20521 ||| Stepping ~*~*~tactically~*~*~ (outnumbered).
 20524 | D:9      | 20524 ||| Stepping ~*~*~tactically~*~*~ (outnumbered).
 20527 | D:9      | 20527 ||| Stepping ~*~*~tactically~*~*~ (outnumbered).
 20528 | D:9      | 20528 ||| FLEEEEING.
 20553 | D:9      | 20553 ||| FLEEEEING.
 20569 | D:9      | 20569 ||| Stepping ~*~*~tactically~*~*~ (outnumbered).
 20571 | D:9      | 20571 ||| Stepping ~*~*~tactically~*~*~ (outnumbered).
 20573 | D:9      | 20573 ||| Stepping ~*~*~tactically~*~*~ (outnumbered).
 20578 | D:9      | 20578 ||| Stepping ~*~*~tactically~*~*~ (outnumbered).
 20580 | D:9      | 20580 ||| FLEEEEING.
 20594 | D:9      | 20594 ||| Stepping ~*~*~tactically~*~*~ (outnumbered).
 20596 | D:9      | 20596 ||| Stepping ~*~*~tactically~*~*~ (outnumbered).
 20598 | D:9      | 20598 ||| FLEEEEING.
 20613 | D:9      | 20613 ||| FLEEEEING.
 20629 | D:9      | 20629 ||| Stepping ~*~*~tactically~*~*~ (outnumbered).
 20631 | D:9      | 20631 ||| Stepping ~*~*~tactically~*~*~ (outnumbered).
 20638 | D:9      | 20638 ||| Stepping ~*~*~tactically~*~*~ (outnumbered).
 20646 | D:9      | 20646 ||| Stepping ~*~*~tactically~*~*~ (outnumbered).
 20648 | D:9      | 20648 ||| FLEEEEING.
 20664 | D:9      | 20664 ||| Stepping ~*~*~tactically~*~*~ (outnumbered).
 20665 | D:9      | 20665 ||| Stepping ~*~*~tactically~*~*~ (outnumbered).
 20672 | D:9      | 20672 ||| Stepping ~*~*~tactically~*~*~ (outnumbered).
 20678 | D:9      | 20678 ||| Stepping ~*~*~tactically~*~*~ (outnumbered).
 20683 | D:9      | 20683 ||| Stepping ~*~*~tactically~*~*~ (outnumbered).
 20684 | D:9      | 20684 ||| FLEEEEING.
 20707 | D:9      | 20707 ||| FLEEEEING.
 20735 | D:9      | 20735 ||| Stepping ~*~*~tactically~*~*~ (outnumbered).
 20736 | D:9      | 20736 ||| FLEEEEING.
 20758 | D:9      | 20758 ||| Stepping ~*~*~tactically~*~*~ (outnumbered).
 20760 | D:9      | 20760 ||| Stepping ~*~*~tactically~*~*~ (outnumbered).
 20765 | D:9      | 20765 ||| FLEEEEING.
 20784 | D:9      | 20784 ||| Stepping ~*~*~tactically~*~*~ (outnumbered).
 20787 | D:9      | 20787 ||| Stepping ~*~*~tactically~*~*~ (outnumbered).
 20790 | D:9      | 20790 ||| Stepping ~*~*~tactically~*~*~ (outnumbered).
 20792 | D:9      | 20792 ||| FLEEEEING.
 20802 | D:9      | 20802 ||| Stepping ~*~*~tactically~*~*~ (outnumbered).
 20806 | D:9      | 20806 ||| Stepping ~*~*~tactically~*~*~ (outnumbered).
 20811 | D:9      | 20811 ||| Stepping ~*~*~tactically~*~*~ (outnumbered).
 20821 | D:9      | 20821 ||| Stepping ~*~*~tactically~*~*~ (outnumbered).
 20822 | D:9      | 20822 ||| FLEEEEING.
 20854 | D:9      | 20854 ||| Stepping ~*~*~tactically~*~*~ (outnumbered).
 20856 | D:9      | 20856 ||| Stepping ~*~*~tactically~*~*~ (outnumbered).
 20860 | D:9      | 20860 ||| Stepping ~*~*~tactically~*~*~ (outnumbered).
 20862 | D:9      | 20862 ||| Stepping ~*~*~tactically~*~*~ (outnumbered).
 20864 | D:9      | 20864 ||| Stepping ~*~*~tactically~*~*~ (outnumbered).
 20866 | D:9      | 20866 ||| Stepping ~*~*~tactically~*~*~ (outnumbered).
 20872 | D:9      | 20872 ||| Stepping ~*~*~tactically~*~*~ (outnumbered).
 20874 | D:9      | 20874 ||| Stepping ~*~*~tactically~*~*~ (outnumbered).
 20880 | D:9      | 20880 ||| FLEEEEING.
 20893 | D:9      | 20893 ||| Stepping ~*~*~tactically~*~*~ (outnumbered).
 20894 | D:9      | 20894 ||| FLEEEEING.
 20919 | D:9      | 20919 ||| FLEEEEING.
 20941 | D:9      | 20941 ||| FLEEEEING.
 20952 | D:9      | 20952 ||| Stepping ~*~*~tactically~*~*~ (outnumbered).
 20954 | D:9      | 20954 ||| Stepping ~*~*~tactically~*~*~ (outnumbered).
 20963 | D:9      | 20963 ||| FLEEEEING.
 20978 | D:9      | 20978 ||| Stepping ~*~*~tactically~*~*~ (outnumbered).
 20982 | D:9      | 20982 ||| FLEEEEING.
 21000 | D:9      | 21000 ||| Stepping ~*~*~tactically~*~*~ (outnumbered).
 21002 | D:9      | 21002 ||| Stepping ~*~*~tactically~*~*~ (outnumbered).
 21008 | D:9      | 21008 ||| Stepping ~*~*~tactically~*~*~ (outnumbered).
 21017 | D:9      | 21017 ||| Stepping ~*~*~tactically~*~*~ (outnumbered).
 21024 | D:9      | 21024 ||| Stepping ~*~*~tactically~*~*~ (outnumbered).
 21026 | D:9      | 21026 ||| FLEEEEING.
 21041 | D:9      | 21041 ||| FLEEEEING.
 21065 | D:9      | 21065 ||| FLEEEEING.
 21079 | D:9      | 21079 ||| Stepping ~*~*~tactically~*~*~ (outnumbered).
 21085 | D:9      | 21085 ||| Stepping ~*~*~tactically~*~*~ (outnumbered).
 21086 | D:9      | 21086 ||| FLEEEEING.
 21135 | D:9      | 21135 ||| FLEEEEING.
 21158 | D:9      | 21158 ||| Stepping ~*~*~tactically~*~*~ (outnumbered).
 21163 | D:9      | 21163 ||| Stepping ~*~*~tactically~*~*~ (outnumbered).
 21165 | D:9      | 21165 ||| FLEEEEING.
 21180 | D:9      | 21180 ||| Stepping ~*~*~tactically~*~*~ (outnumbered).
 21182 | D:9      | 21182 ||| FLEEEEING.
 21192 | D:9      | 21192 ||| Stepping ~*~*~tactically~*~*~ (outnumbered).
 21199 | D:9      | 21199 ||| Stepping ~*~*~tactically~*~*~ (outnumbered).
 21206 | D:9      | 21206 ||| FLEEEEING.
 21223 | D:9      | 21223 ||| Stepping ~*~*~tactically~*~*~ (outnumbered).
 21224 | D:9      | 21224 ||| FLEEEEING.
 21259 | D:9      | 21259 ||| Stepping ~*~*~tactically~*~*~ (outnumbered).
 21260 | D:9      | 21260 ||| FLEEEEING.
 21283 | D:9      | 21283 ||| Stepping ~*~*~tactically~*~*~ (outnumbered).
 21290 | D:9      | 21290 ||| Stepping ~*~*~tactically~*~*~ (outnumbered).
 21291 | D:9      | 21291 ||| FLEEEEING.
 21306 | D:9      | 21306 ||| FLEEEEING.
 21318 | D:9      | 21318 ||| Stepping ~*~*~tactically~*~*~ (outnumbered).
 21328 | D:9      | 21328 ||| Stepping ~*~*~tactically~*~*~ (outnumbered).
 21329 | D:9      | 21329 ||| FLEEEEING.
 21367 | D:9      | 21367 ||| Stepping ~*~*~tactically~*~*~ (outnumbered).
 21371 | D:9      | 21371 ||| Stepping ~*~*~tactically~*~*~ (outnumbered).
 21377 | D:9      | 21377 ||| Stepping ~*~*~tactically~*~*~ (outnumbered).
 21383 | D:9      | 21383 ||| Stepping ~*~*~tactically~*~*~ (outnumbered).
 21385 | D:9      | 21385 ||| Stepping ~*~*~tactically~*~*~ (outnumbered).
 21387 | D:9      | 21387 ||| FLEEEEING.
 21400 | D:9      | 21400 ||| FLEEEEING.
 21420 | D:9      | 21420 ||| Stepping ~*~*~tactically~*~*~ (outnumbered).
 21422 | D:9      | 21422 ||| Stepping ~*~*~tactically~*~*~ (outnumbered).
 21424 | D:9      | 21424 ||| Stepping ~*~*~tactically~*~*~ (outnumbered).
 21426 | D:9      | 21426 ||| FLEEEEING.
 21446 | D:9      | 21446 ||| Stepping ~*~*~tactically~*~*~ (outnumbered).
 21453 | D:9      | 21453 ||| FLEEEEING.
 21469 | D:9      | 21469 ||| FLEEEEING.
 21485 | D:9      | 21485 ||| FLEEEEING.
 21501 | D:9      | 21501 ||| FLEEEEING.
 21519 | D:9      | 21519 ||| FLEEEEING.
 21537 | D:9      | 21537 ||| FLEEEEING.
 21554 | D:9      | 21554 ||| Stepping ~*~*~tactically~*~*~ (outnumbered).
 21556 | D:9      | 21556 ||| Stepping ~*~*~tactically~*~*~ (outnumbered).
 21563 | D:9      | 21563 ||| Stepping ~*~*~tactically~*~*~ (outnumbered).
 21572 | D:9      | 21572 ||| Stepping ~*~*~tactically~*~*~ (outnumbered).
 21574 | D:9      | 21574 ||| FLEEEEING.
 21595 | D:9      | 21595 ||| Stepping ~*~*~tactically~*~*~ (outnumbered).
 21596 | D:9      | 21596 ||| FLEEEEING.
 21616 | D:9      | 21616 ||| Stepping ~*~*~tactically~*~*~ (outnumbered).
 21621 | D:9      | 21621 ||| FLEEEEING.
 21635 | D:9      | 21635 ||| Stepping ~*~*~tactically~*~*~ (outnumbered).
 21636 | D:9      | 21636 ||| FLEEEEING.
 21660 | D:9      | 21660 ||| Stepping ~*~*~tactically~*~*~ (outnumbered).
 21661 | D:9      | 21661 ||| FLEEEEING.
 21683 | D:9      | 21683 ||| Stepping ~*~*~tactically~*~*~ (outnumbered).
 21684 | D:9      | 21684 ||| FLEEEEING.
 21703 | D:9      | 21703 ||| Stepping ~*~*~tactically~*~*~ (outnumbered).
 21704 | D:9      | 21704 ||| FLEEEEING.
 21717 | D:9      | 21717 ||| Stepping ~*~*~tactically~*~*~ (outnumbered).
 21723 | D:9      | 21723 ||| Stepping ~*~*~tactically~*~*~ (outnumbered).
 21724 | D:9      | 21724 ||| FLEEEEING.
 21743 | D:9      | 21743 ||| Stepping ~*~*~tactically~*~*~ (outnumbered).
 21744 | D:9      | 21744 ||| FLEEEEING.
 21786 | D:9      | 21786 ||| Stepping ~*~*~tactically~*~*~ (outnumbered).
 21787 | D:9      | 21787 ||| FLEEEEING.
 21807 | D:9      | 21807 ||| Stepping ~*~*~tactically~*~*~ (outnumbered).
 21808 | D:9      | 21808 ||| FLEEEEING.
 21833 | D:9      | 21833 ||| Stepping ~*~*~tactically~*~*~ (outnumbered).
 21834 | D:9      | 21834 ||| FLEEEEING.
 21853 | D:9      | 21853 ||| Stepping ~*~*~tactically~*~*~ (outnumbered).
 21854 | D:9      | 21854 ||| FLEEEEING.
 21873 | D:9      | 21873 ||| FLEEEEING.
 21884 | D:9      | 21884 ||| Stepping ~*~*~tactically~*~*~ (outnumbered).
 21890 | D:9      | 21890 ||| Stepping ~*~*~tactically~*~*~ (outnumbered).
 21898 | D:9      | 21898 ||| Stepping ~*~*~tactically~*~*~ (outnumbered).
 21900 | D:9      | 21900 ||| Stepping ~*~*~tactically~*~*~ (outnumbered).
 21903 | D:9      | 21903 ||| Stepping ~*~*~tactically~*~*~ (outnumbered).
 21904 | D:9      | 21904 ||| Stepping ~*~*~tactically~*~*~ (outnumbered).
 21915 | D:9      | 21915 ||| Stepping ~*~*~tactically~*~*~ (outnumbered).
 21916 | D:9      | 21916 ||| FLEEEEING.
 21938 | D:9      | 21938 ||| Stepping ~*~*~tactically~*~*~ (outnumbered).
 21942 | D:9      | 21942 ||| Stepping ~*~*~tactically~*~*~ (outnumbered).
 21945 | D:9      | 21945 ||| Stepping ~*~*~tactically~*~*~ (outnumbered).
 21946 | D:9      | 21946 ||| FLEEEEING.
 21977 | D:9      | 21977 ||| Stepping ~*~*~tactically~*~*~ (outnumbered).
 21979 | D:9      | 21979 ||| FLEEEEING.
 21997 | D:9      | 21997 ||| Stepping ~*~*~tactically~*~*~ (outnumbered).
 21998 | D:9      | 21998 ||| FLEEEEING.
 22014 | D:9      | 22014 ||| Stepping ~*~*~tactically~*~*~ (outnumbered).
 22016 | D:9      | 22016 ||| FLEEEEING.
 22029 | D:9      | 22029 ||| Stepping ~*~*~tactically~*~*~ (outnumbered).
 22037 | D:9      | 22037 ||| Stepping ~*~*~tactically~*~*~ (outnumbered).
 22039 | D:9      | 22039 ||| FLEEEEING.
 22071 | D:9      | 22071 ||| Stepping ~*~*~tactically~*~*~ (outnumbered).
 22072 | D:9      | 22072 ||| FLEEEEING.
 22098 | D:9      | 22098 ||| Stepping ~*~*~tactically~*~*~ (outnumbered).
 22100 | D:9      | 22100 ||| FLEEEEING.
 22111 | D:9      | 22111 ||| Stepping ~*~*~tactically~*~*~ (stealth).
 22116 | D:9      | 22116 ||| Stepping ~*~*~tactically~*~*~ (outnumbered).
 22119 | D:9      | 22119 ||| Stepping ~*~*~tactically~*~*~ (outnumbered).
 22121 | D:9      | 22121 ||| Stepping ~*~*~tactically~*~*~ (outnumbered).
 22123 | D:9      | 22123 ||| Stepping ~*~*~tactically~*~*~ (outnumbered).
 22130 | D:9      | 22130 ||| Stepping ~*~*~tactically~*~*~ (outnumbered).
 22133 | D:9      | 22133 ||| Stepping ~*~*~tactically~*~*~ (outnumbered).
 22134 | D:9      | 22134 ||| FLEEEEING.
 22156 | D:9      | 22156 ||| Stepping ~*~*~tactically~*~*~ (outnumbered).
 22158 | D:9      | 22158 ||| Stepping ~*~*~tactically~*~*~ (outnumbered).
 22165 | D:9      | 22165 ||| FLEEEEING.
 22188 | D:9      | 22188 ||| Stepping ~*~*~tactically~*~*~ (outnumbered).
 22197 | D:9      | 22197 ||| Stepping ~*~*~tactically~*~*~ (outnumbered).
 22205 | D:9      | 22205 ||| FLEEEEING.
 22221 | D:9      | 22221 ||| Stepping ~*~*~tactically~*~*~ (outnumbered).
 22222 | D:9      | 22222 ||| FLEEEEING.
 22265 | D:9      | 22265 ||| Stepping ~*~*~tactically~*~*~ (outnumbered).
 22267 | D:9      | 22267 ||| Stepping ~*~*~tactically~*~*~ (outnumbered).
 22273 | D:9      | 22273 ||| Stepping ~*~*~tactically~*~*~ (outnumbered).
 22274 | D:9      | 22274 ||| FLEEEEING.
 22313 | D:9      | 22313 ||| Stepping ~*~*~tactically~*~*~ (outnumbered).
 22318 | D:9      | 22318 ||| Stepping ~*~*~tactically~*~*~ (outnumbered).
 22321 | D:9      | 22321 ||| FLEEEEING.
 22340 | D:9      | 22340 ||| Stepping ~*~*~tactically~*~*~ (outnumbered).
 22341 | D:9      | 22341 ||| FLEEEEING.
 22362 | D:9      | 22362 ||| FLEEEEING.
 22375 | D:9      | 22375 ||| FLEEEEING.
 22389 | D:9      | 22389 ||| FLEEEEING.
 22405 | D:9      | 22405 ||| Stepping ~*~*~tactically~*~*~ (outnumbered).
 22408 | D:9      | 22408 ||| FLEEEEING.
 22423 | D:9      | 22423 ||| Stepping ~*~*~tactically~*~*~ (outnumbered).
 22425 | D:9      | 22425 ||| FLEEEEING.
 22443 | D:9      | 22443 ||| Stepping ~*~*~tactically~*~*~ (outnumbered).
 22444 | D:9      | 22444 ||| Stepping ~*~*~tactically~*~*~ (outnumbered).
 22446 | D:9      | 22446 ||| Stepping ~*~*~tactically~*~*~ (outnumbered).
 22448 | D:9      | 22448 ||| Stepping ~*~*~tactically~*~*~ (outnumbered).
 22450 | D:9      | 22450 ||| Stepping ~*~*~tactically~*~*~ (outnumbered).
 22459 | D:9      | 22459 ||| FLEEEEING.
 22477 | D:9      | 22477 ||| FLEEEEING.
 22487 | D:9      | 22487 ||| Stepping ~*~*~tactically~*~*~ (outnumbered).
 22493 | D:9      | 22493 ||| Stepping ~*~*~tactically~*~*~ (outnumbered).
 22499 | D:9      | 22499 ||| Stepping ~*~*~tactically~*~*~ (outnumbered).
 22501 | D:9      | 22501 ||| Stepping ~*~*~tactically~*~*~ (outnumbered).
 22507 | D:9      | 22507 ||| Stepping ~*~*~tactically~*~*~ (outnumbered).
 22509 | D:9      | 22509 ||| FLEEEEING.
 22526 | D:9      | 22526 ||| Stepping ~*~*~tactically~*~*~ (outnumbered).
 22528 | D:9      | 22528 ||| FLEEEEING.
 22544 | D:9      | 22544 ||| Stepping ~*~*~tactically~*~*~ (outnumbered).
 22545 | D:9      | 22545 ||| FLEEEEING.
 22571 | D:9      | 22571 ||| Stepping ~*~*~tactically~*~*~ (outnumbered).
 22574 | D:9      | 22574 ||| Stepping ~*~*~tactically~*~*~ (outnumbered).
 22580 | D:9      | 22580 ||| Stepping ~*~*~tactically~*~*~ (outnumbered).
 22583 | D:9      | 22583 ||| FLEEEEING.
 22602 | D:9      | 22602 ||| Stepping ~*~*~tactically~*~*~ (outnumbered).
 22604 | D:9      | 22604 ||| Stepping ~*~*~tactically~*~*~ (outnumbered).
 22605 | D:9      | 22605 ||| FLEEEEING.
 22629 | D:9      | 22629 ||| Stepping ~*~*~tactically~*~*~ (outnumbered).
 22630 | D:9      | 22630 ||| FLEEEEING.
 22658 | D:9      | 22658 ||| Stepping ~*~*~tactically~*~*~ (outnumbered).
 22660 | D:9      | 22660 ||| FLEEEEING.
 22672 | D:9      | 22672 ||| FLEEEEING.
 22683 | D:9      | 22683 ||| Stepping ~*~*~tactically~*~*~ (outnumbered).
 22689 | D:9      | 22689 ||| Stepping ~*~*~tactically~*~*~ (outnumbered).
 22700 | D:9      | 22700 ||| Stepping ~*~*~tactically~*~*~ (outnumbered).
 22706 | D:9      | 22706 ||| Stepping ~*~*~tactically~*~*~ (outnumbered).
 22708 | D:9      | 22708 ||| Stepping ~*~*~tactically~*~*~ (outnumbered).
 22710 | D:9      | 22710 ||| Stepping ~*~*~tactically~*~*~ (outnumbered).
 22716 | D:9      | 22716 ||| Stepping ~*~*~tactically~*~*~ (outnumbered).
 22724 | D:9      | 22724 ||| Stepping ~*~*~tactically~*~*~ (outnumbered).
 22725 | D:9      | 22725 ||| FLEEEEING.
 22748 | D:9      | 22748 ||| Stepping ~*~*~tactically~*~*~ (outnumbered).
 22749 | D:9      | 22749 ||| FLEEEEING.
 22763 | D:9      | 22763 ||| FLEEEEING.
 22781 | D:9      | 22781 ||| Stepping ~*~*~tactically~*~*~ (outnumbered).
 22784 | D:9      | 22784 ||| Stepping ~*~*~tactically~*~*~ (outnumbered).
 22786 | D:9      | 22786 ||| Stepping ~*~*~tactically~*~*~ (outnumbered).
 22794 | D:9      | 22794 ||| Stepping ~*~*~tactically~*~*~ (outnumbered).
 22796 | D:9      | 22796 ||| Stepping ~*~*~tactically~*~*~ (outnumbered).
 22802 | D:9      | 22802 ||| Stepping ~*~*~tactically~*~*~ (outnumbered).
 22808 | D:9      | 22808 ||| Stepping ~*~*~tactically~*~*~ (outnumbered).
 22815 | D:9      | 22815 ||| Stepping ~*~*~tactically~*~*~ (outnumbered).
 22817 | D:9      | 22817 ||| Stepping ~*~*~tactically~*~*~ (outnumbered).
 22823 | D:9      | 22823 ||| FLEEEEING.
 22841 | D:9      | 22841 ||| Stepping ~*~*~tactically~*~*~ (outnumbered).
 22844 | D:9      | 22844 ||| Stepping ~*~*~tactically~*~*~ (outnumbered).
 22846 | D:9      | 22846 ||| Stepping ~*~*~tactically~*~*~ (outnumbered).
 22848 | D:9      | 22848 ||| FLEEEEING.
 22871 | D:9      | 22871 ||| FLEEEEING.
 22889 | D:9      | 22889 ||| Stepping ~*~*~tactically~*~*~ (outnumbered).
 22899 | D:9      | 22899 ||| Stepping ~*~*~tactically~*~*~ (outnumbered).
 22900 | D:9      | 22900 ||| Stepping ~*~*~tactically~*~*~ (outnumbered).
 22905 | D:9      | 22905 ||| Stepping ~*~*~tactically~*~*~ (outnumbered).
 22907 | D:9      | 22907 ||| Stepping ~*~*~tactically~*~*~ (outnumbered).
 22917 | D:9      | 22917 ||| Stepping ~*~*~tactically~*~*~ (outnumbered).
 22925 | D:9      | 22925 ||| Stepping ~*~*~tactically~*~*~ (outnumbered).
 22928 | D:9      | 22928 ||| Stepping ~*~*~tactically~*~*~ (stealth).
 22937 | D:9      | 22937 ||| Stepping ~*~*~tactically~*~*~ (outnumbered).
 22944 | D:9      | 22944 ||| Stepping ~*~*~tactically~*~*~ (outnumbered).
 22945 | D:9      | 22945 ||| FLEEEEING.
 22961 | D:9      | 22961 ||| FLEEEEING.
 22977 | D:9      | 22977 ||| Stepping ~*~*~tactically~*~*~ (outnumbered).
 22978 | D:9      | 22978 ||| FLEEEEING.
 23011 | D:9      | 23011 ||| FLEEEEING.
 23027 | D:9      | 23027 ||| FLEEEEING.
 23043 | D:9      | 23043 ||| Stepping ~*~*~tactically~*~*~ (outnumbered).
 23044 | D:9      | 23044 ||| FLEEEEING.
 23071 | D:9      | 23071 ||| FLEEEEING.
 23083 | D:9      | 23083 ||| Stepping ~*~*~tactically~*~*~ (outnumbered).
 23084 | D:9      | 23084 ||| FLEEEEING.
 23107 | D:9      | 23107 ||| Stepping ~*~*~tactically~*~*~ (outnumbered).
 23108 | D:9      | 23108 ||| Stepping ~*~*~tactically~*~*~ (outnumbered).
 23111 | D:9      | 23111 ||| Stepping ~*~*~tactically~*~*~ (outnumbered).
 23113 | D:9      | 23113 ||| Stepping ~*~*~tactically~*~*~ (outnumbered).
 23122 | D:9      | 23122 ||| Stepping ~*~*~tactically~*~*~ (outnumbered).
 23124 | D:9      | 23124 ||| Stepping ~*~*~tactically~*~*~ (outnumbered).
 23127 | D:9      | 23127 ||| FLEEEEING.
 23154 | D:9      | 23154 ||| FLEEEEING.
 23172 | D:9      | 23172 ||| Stepping ~*~*~tactically~*~*~ (outnumbered).
 23180 | D:9      | 23180 ||| Stepping ~*~*~tactically~*~*~ (outnumbered).
 23185 | D:9      | 23185 ||| Stepping ~*~*~tactically~*~*~ (outnumbered).
 23187 | D:9      | 23187 ||| Stepping ~*~*~tactically~*~*~ (outnumbered).
 23189 | D:9      | 23189 ||| FLEEEEING.
 23200 | D:9      | 23200 ||| Stepping ~*~*~tactically~*~*~ (outnumbered).
 23202 | D:9      | 23202 ||| Stepping ~*~*~tactically~*~*~ (outnumbered).
 23204 | D:9      | 23204 ||| Stepping ~*~*~tactically~*~*~ (outnumbered).
 23206 | D:9      | 23206 ||| Stepping ~*~*~tactically~*~*~ (outnumbered).
 23208 | D:9      | 23208 ||| Stepping ~*~*~tactically~*~*~ (outnumbered).
 23213 | D:9      | 23213 ||| Stepping ~*~*~tactically~*~*~ (outnumbered).
 23219 | D:9      | 23219 ||| Stepping ~*~*~tactically~*~*~ (outnumbered).
 23227 | D:9      | 23227 ||| Stepping ~*~*~tactically~*~*~ (outnumbered).
 23229 | D:9      | 23229 ||| Stepping ~*~*~tactically~*~*~ (outnumbered).
 23231 | D:9      | 23231 ||| Stepping ~*~*~tactically~*~*~ (outnumbered).
 23233 | D:9      | 23233 ||| Stepping ~*~*~tactically~*~*~ (outnumbered).
 23235 | D:9      | 23235 ||| Stepping ~*~*~tactically~*~*~ (outnumbered).
 23237 | D:9      | 23237 ||| Stepping ~*~*~tactically~*~*~ (outnumbered).
 23239 | D:9      | 23239 ||| Stepping ~*~*~tactically~*~*~ (outnumbered).
 23241 | D:9      | 23241 ||| Stepping ~*~*~tactically~*~*~ (outnumbered).
 23243 | D:9      | 23243 ||| Stepping ~*~*~tactically~*~*~ (outnumbered).
 23252 | D:9      | 23252 ||| Stepping ~*~*~tactically~*~*~ (outnumbered).
 23256 | D:9      | 23256 ||| Stepping ~*~*~tactically~*~*~ (outnumbered).
 23266 | D:9      | 23266 ||| FLEEEEING.
 23276 | D:9      | 23276 ||| Stepping ~*~*~tactically~*~*~ (outnumbered).
 23278 | D:9      | 23278 ||| Stepping ~*~*~tactically~*~*~ (outnumbered).
 23280 | D:9      | 23280 ||| FLEEEEING.
 23294 | D:9      | 23294 ||| FLEEEEING.
 23305 | D:9      | 23305 ||| Stepping ~*~*~tactically~*~*~ (outnumbered).
 23312 | D:9      | 23312 ||| Stepping ~*~*~tactically~*~*~ (outnumbered).
 23314 | D:9      | 23314 ||| FLEEEEING.
 23324 | D:9      | 23324 ||| FLEEEEING.
 23335 | D:9      | 23335 ||| Stepping ~*~*~tactically~*~*~ (outnumbered).
 23337 | D:9      | 23337 ||| Stepping ~*~*~tactically~*~*~ (outnumbered).
 23343 | D:9      | 23343 ||| FLEEEEING.
 23353 | D:9      | 23353 ||| Stepping ~*~*~tactically~*~*~ (outnumbered).
 23355 | D:9      | 23355 ||| Stepping ~*~*~tactically~*~*~ (outnumbered).
 23357 | D:9      | 23357 ||| Stepping ~*~*~tactically~*~*~ (outnumbered).
 23359 | D:9      | 23359 ||| Stepping ~*~*~tactically~*~*~ (outnumbered).
 23364 | D:9      | 23364 ||| Stepping ~*~*~tactically~*~*~ (outnumbered).
 23367 | D:9      | 23367 ||| Stepping ~*~*~tactically~*~*~ (outnumbered).
 23372 | D:9      | 23372 ||| Stepping ~*~*~tactically~*~*~ (outnumbered).
 23382 | D:9      | 23382 ||| Stepping ~*~*~tactically~*~*~ (outnumbered).
 23383 | D:9      | 23383 ||| Stepping ~*~*~tactically~*~*~ (outnumbered).
 23392 | D:9      | 23392 ||| Stepping ~*~*~tactically~*~*~ (outnumbered).
 23401 | D:9      | 23401 ||| Stepping ~*~*~tactically~*~*~ (outnumbered).
 23413 | D:9      | 23413 ||| Stepping ~*~*~tactically~*~*~ (outnumbered).
 23416 | D:9      | 23416 ||| Stepping ~*~*~tactically~*~*~ (outnumbered).
 23419 | D:9      | 23419 ||| Stepping ~*~*~tactically~*~*~ (outnumbered).
 23425 | D:9      | 23425 ||| FLEEEEING.
 23441 | D:9      | 23441 ||| Stepping ~*~*~tactically~*~*~ (outnumbered).
 23442 | D:9      | 23442 ||| FLEEEEING.
 23485 | D:9      | 23485 ||| Stepping ~*~*~tactically~*~*~ (outnumbered).
 23489 | D:9      | 23489 ||| FLEEEEING.
 23503 | D:9      | 23503 ||| Stepping ~*~*~tactically~*~*~ (outnumbered).
 23504 | D:9      | 23504 ||| FLEEEEING.
 23537 | D:9      | 23537 ||| Stepping ~*~*~tactically~*~*~ (outnumbered).
 23544 | D:9      | 23544 ||| Stepping ~*~*~tactically~*~*~ (outnumbered).
 23546 | D:9      | 23546 ||| Stepping ~*~*~tactically~*~*~ (outnumbered).
 23548 | D:9      | 23548 ||| FLEEEEING.
 23564 | D:9      | 23564 ||| Stepping ~*~*~tactically~*~*~ (outnumbered).
 23570 | D:9      | 23570 ||| Stepping ~*~*~tactically~*~*~ (outnumbered).
 23571 | D:9      | 23571 ||| Stepping ~*~*~tactically~*~*~ (outnumbered).
 23580 | D:9      | 23580 ||| Stepping ~*~*~tactically~*~*~ (outnumbered).
 23585 | D:9      | 23585 ||| FLEEEEING.
 23598 | D:9      | 23598 ||| Stepping ~*~*~tactically~*~*~ (outnumbered).
 23600 | D:9      | 23600 ||| Stepping ~*~*~tactically~*~*~ (outnumbered).
 23607 | D:9      | 23607 ||| Stepping ~*~*~tactically~*~*~ (outnumbered).
 23609 | D:9      | 23609 ||| FLEEEEING.
 23624 | D:9      | 23624 ||| Stepping ~*~*~tactically~*~*~ (outnumbered).
 23625 | D:9      | 23625 ||| FLEEEEING.
 23649 | D:9      | 23649 ||| Stepping ~*~*~tactically~*~*~ (outnumbered).
 23651 | D:9      | 23651 ||| FLEEEEING.
 23669 | D:9      | 23669 ||| Stepping ~*~*~tactically~*~*~ (outnumbered).
 23670 | D:9      | 23670 ||| FLEEEEING.
 23702 | D:9      | 23702 ||| Stepping ~*~*~tactically~*~*~ (outnumbered).
 23703 | D:9      | 23703 ||| FLEEEEING.
 23722 | D:9      | 23722 ||| Stepping ~*~*~tactically~*~*~ (outnumbered).
 23731 | D:9      | 23731 ||| FLEEEEING.
 23749 | D:9      | 23749 ||| Stepping ~*~*~tactically~*~*~ (outnumbered).
 23757 | D:9      | 23757 ||| FLEEEEING.
 23773 | D:9      | 23773 ||| FLEEEEING.
 23785 | D:9      | 23785 ||| Stepping ~*~*~tactically~*~*~ (outnumbered).
 23787 | D:9      | 23787 ||| Stepping ~*~*~tactically~*~*~ (outnumbered).
 23793 | D:9      | 23793 ||| Stepping ~*~*~tactically~*~*~ (outnumbered).
 23801 | D:9      | 23801 ||| Stepping ~*~*~tactically~*~*~ (outnumbered).
 23808 | D:9      | 23808 ||| Stepping ~*~*~tactically~*~*~ (outnumbered).
 23810 | D:9      | 23810 ||| FLEEEEING.
 23829 | D:9      | 23829 ||| Stepping ~*~*~tactically~*~*~ (outnumbered).
 23833 | D:9      | 23833 ||| FLEEEEING.
 23857 | D:9      | 23857 ||| Stepping ~*~*~tactically~*~*~ (outnumbered).
 23867 | D:9      | 23867 ||| Stepping ~*~*~tactically~*~*~ (outnumbered).
 23868 | D:9      | 23868 ||| FLEEEEING.
 23898 | D:9      | 23898 ||| Stepping ~*~*~tactically~*~*~ (outnumbered).
 23906 | D:9      | 23906 ||| FLEEEEING.
 23917 | D:9      | 23917 ||| FLEEEEING.
 23934 | D:9      | 23934 ||| Stepping ~*~*~tactically~*~*~ (outnumbered).
 23939 | D:9      | 23939 ||| Stepping ~*~*~tactically~*~*~ (outnumbered).
 23950 | D:9      | 23950 ||| Stepping ~*~*~tactically~*~*~ (outnumbered).
 23951 | D:9      | 23951 ||| FLEEEEING.
 23990 | D:9      | 23990 ||| Stepping ~*~*~tactically~*~*~ (outnumbered).
 23991 | D:9      | 23991 ||| FLEEEEING.
 24016 | D:9      | 24016 ||| FLEEEEING.
 24027 | D:9      | 24027 ||| Stepping ~*~*~tactically~*~*~ (outnumbered).
 24028 | D:9      | 24028 ||| FLEEEEING.
 24038 | D:9      | 24038 ||| Stepping ~*~*~tactically~*~*~ (outnumbered).
 24044 | D:9      | 24044 ||| Stepping ~*~*~tactically~*~*~ (outnumbered).
 24049 | D:9      | 24049 ||| Stepping ~*~*~tactically~*~*~ (outnumbered).
 24056 | D:9      | 24056 ||| Stepping ~*~*~tactically~*~*~ (outnumbered).
 24066 | D:9      | 24066 ||| Stepping ~*~*~tactically~*~*~ (outnumbered).
 24067 | D:9      | 24067 ||| FLEEEEING.
 24086 | D:9      | 24086 ||| Stepping ~*~*~tactically~*~*~ (outnumbered).
 24089 | D:9      | 24089 ||| Stepping ~*~*~tactically~*~*~ (outnumbered).
 24091 | D:9      | 24091 ||| Stepping ~*~*~tactically~*~*~ (outnumbered).
 24095 | D:9      | 24095 ||| Stepping ~*~*~tactically~*~*~ (outnumbered).
 24097 | D:9      | 24097 ||| FLEEEEING.
 24114 | D:9      | 24114 ||| Stepping ~*~*~tactically~*~*~ (outnumbered).
 24115 | D:9      | 24115 ||| FLEEEEING.
 24144 | D:9      | 24144 ||| Stepping ~*~*~tactically~*~*~ (outnumbered).
 24148 | D:9      | 24148 ||| Stepping ~*~*~tactically~*~*~ (outnumbered).
 24151 | D:9      | 24151 ||| FLEEEEING.
 24172 | D:9      | 24172 ||| Stepping ~*~*~tactically~*~*~ (outnumbered).
 24174 | D:9      | 24174 ||| Stepping ~*~*~tactically~*~*~ (outnumbered).
 24184 | D:9      | 24184 ||| Stepping ~*~*~tactically~*~*~ (outnumbered).
 24186 | D:9      | 24186 ||| FLEEEEING.
 24204 | D:9      | 24204 ||| FLEEEEING.
 24217 | D:9      | 24217 ||| FLEEEEING.
 24227 | D:9      | 24227 ||| Stepping ~*~*~tactically~*~*~ (outnumbered).
 24229 | D:9      | 24229 ||| Stepping ~*~*~tactically~*~*~ (outnumbered).
 24231 | D:9      | 24231 ||| Stepping ~*~*~tactically~*~*~ (outnumbered).
 24240 | D:9      | 24240 ||| FLEEEEING.
 24255 | D:9      | 24255 ||| FLEEEEING.
 24271 | D:9      | 24271 ||| Stepping ~*~*~tactically~*~*~ (outnumbered).
 24280 | D:9      | 24280 ||| FLEEEEING.
 24293 | D:9      | 24293 ||| Stepping ~*~*~tactically~*~*~ (outnumbered).
 24300 | D:9      | 24300 ||| Stepping ~*~*~tactically~*~*~ (outnumbered).
 24301 | D:9      | 24301 ||| FLEEEEING.
 24325 | D:9      | 24325 ||| Stepping ~*~*~tactically~*~*~ (outnumbered).
 24330 | D:9      | 24330 ||| FLEEEEING.
 24353 | D:9      | 24353 ||| Stepping ~*~*~tactically~*~*~ (outnumbered).
 24360 | D:9      | 24360 ||| Stepping ~*~*~tactically~*~*~ (outnumbered).
 24369 | D:9      | 24369 ||| Stepping ~*~*~tactically~*~*~ (outnumbered).
 24371 | D:9      | 24371 ||| FLEEEEING.
 24382 | D:9      | 24382 ||| Stepping ~*~*~tactically~*~*~ (outnumbered).
 24385 | D:9      | 24385 ||| Stepping ~*~*~tactically~*~*~ (outnumbered).
 24393 | D:9      | 24393 ||| FLEEEEING.
 24405 | D:9      | 24405 ||| FLEEEEING.
 24419 | D:9      | 24419 ||| Stepping ~*~*~tactically~*~*~ (outnumbered).
 24420 | D:9      | 24420 ||| FLEEEEING.
 24451 | D:9      | 24451 ||| Stepping ~*~*~tactically~*~*~ (outnumbered).
 24458 | D:9      | 24458 ||| FLEEEEING.
 24475 | D:9      | 24475 ||| FLEEEEING.
 24492 | D:9      | 24492 ||| Stepping ~*~*~tactically~*~*~ (outnumbered).
 24493 | D:9      | 24493 ||| FLEEEEING.
 24514 | D:9      | 24514 ||| Stepping ~*~*~tactically~*~*~ (outnumbered).
 24517 | D:9      | 24517 ||| Stepping ~*~*~tactically~*~*~ (outnumbered).
 24518 | D:9      | 24518 ||| FLEEEEING.
 24546 | D:9      | 24546 ||| FLEEEEING.
 24558 | D:9      | 24558 ||| Stepping ~*~*~tactically~*~*~ (outnumbered).
 24560 | D:9      | 24560 ||| Stepping ~*~*~tactically~*~*~ (outnumbered).
 24566 | D:9      | 24566 ||| Stepping ~*~*~tactically~*~*~ (outnumbered).
 24570 | D:9      | 24570 ||| FLEEEEING.
 24581 | D:9      | 24581 ||| Stepping ~*~*~tactically~*~*~ (outnumbered).
 24588 | D:9      | 24588 ||| Stepping ~*~*~tactically~*~*~ (outnumbered).
 24590 | D:9      | 24590 ||| Stepping ~*~*~tactically~*~*~ (outnumbered).
 24592 | D:9      | 24592 ||| Stepping ~*~*~tactically~*~*~ (outnumbered).
 24594 | D:9      | 24594 ||| Stepping ~*~*~tactically~*~*~ (outnumbered).
 24597 | D:9      | 24597 ||| Stepping ~*~*~tactically~*~*~ (outnumbered).
 24599 | D:9      | 24599 ||| Stepping ~*~*~tactically~*~*~ (outnumbered).
 24602 | D:9      | 24602 ||| Stepping ~*~*~tactically~*~*~ (outnumbered).
 24603 | D:9      | 24603 ||| FLEEEEING.
 24632 | D:9      | 24632 ||| Stepping ~*~*~tactically~*~*~ (outnumbered).
 24636 | D:9      | 24636 ||| Stepping ~*~*~tactically~*~*~ (outnumbered).
 24639 | D:9      | 24639 ||| FLEEEEING.
 24658 | D:9      | 24658 ||| FLEEEEING.
 24670 | D:9      | 24670 ||| FLEEEEING.
 24682 | D:9      | 24682 ||| Stepping ~*~*~tactically~*~*~ (outnumbered).
 24684 | D:9      | 24684 ||| FLEEEEING.
 24702 | D:9      | 24702 ||| FLEEEEING.
 24718 | D:9      | 24718 ||| Stepping ~*~*~tactically~*~*~ (outnumbered).
 24721 | D:9      | 24721 ||| Stepping ~*~*~tactically~*~*~ (outnumbered).
 24723 | D:9      | 24723 ||| Stepping ~*~*~tactically~*~*~ (outnumbered).
 24725 | D:9      | 24725 ||| Stepping ~*~*~tactically~*~*~ (outnumbered).
 24730 | D:9      | 24730 ||| FLEEEEING.
 24742 | D:9      | 24742 ||| Stepping ~*~*~tactically~*~*~ (outnumbered).
 24744 | D:9      | 24744 ||| FLEEEEING.
 24759 | D:9      | 24759 ||| Stepping ~*~*~tactically~*~*~ (outnumbered).
 24760 | D:9      | 24760 ||| FLEEEEING.
 24786 | D:9      | 24786 ||| Stepping ~*~*~tactically~*~*~ (outnumbered).
 24791 | D:9      | 24791 ||| FLEEEEING.
 24809 | D:9      | 24809 ||| Stepping ~*~*~tactically~*~*~ (outnumbered).
 24810 | D:9      | 24810 ||| FLEEEEING.
 24823 | D:9      | 24823 ||| FLEEEEING.
 24839 | D:9      | 24839 ||| Stepping ~*~*~tactically~*~*~ (outnumbered).
 24845 | D:9      | 24845 ||| Stepping ~*~*~tactically~*~*~ (outnumbered).
 24849 | D:9      | 24849 ||| FLEEEEING.
 24861 | D:9      | 24861 ||| Stepping ~*~*~tactically~*~*~ (outnumbered).
 24863 | D:9      | 24863 ||| Stepping ~*~*~tactically~*~*~ (outnumbered).
 24865 | D:9      | 24865 ||| Stepping ~*~*~tactically~*~*~ (outnumbered).
 24869 | D:9      | 24869 ||| Stepping ~*~*~tactically~*~*~ (outnumbered).
 24871 | D:9      | 24871 ||| FLEEEEING.
 24883 | D:9      | 24883 ||| Stepping ~*~*~tactically~*~*~ (outnumbered).
 24884 | D:9      | 24884 ||| FLEEEEING.
 24903 | D:9      | 24903 ||| Stepping ~*~*~tactically~*~*~ (outnumbered).
 24905 | D:9      | 24905 ||| Stepping ~*~*~tactically~*~*~ (outnumbered).
 24909 | D:9      | 24909 ||| Stepping ~*~*~tactically~*~*~ (outnumbered).
 24914 | D:9      | 24914 ||| FLEEEEING.
 24924 | D:9      | 24924 ||| FLEEEEING.
 24935 | D:9      | 24935 ||| FLEEEEING.
 24954 | D:9      | 24954 ||| FLEEEEING.
 24967 | D:9      | 24967 ||| FLEEEEING.
 24979 | D:9      | 24979 ||| Stepping ~*~*~tactically~*~*~ (outnumbered).
 24980 | D:9      | 24980 ||| FLEEEEING.
 25005 | D:9      | 25005 ||| Stepping ~*~*~tactically~*~*~ (outnumbered).
 25007 | D:9      | 25007 ||| Stepping ~*~*~tactically~*~*~ (outnumbered).
 25015 | D:9      | 25015 ||| Stepping ~*~*~tactically~*~*~ (outnumbered).
 25022 | D:9      | 25022 ||| Stepping ~*~*~tactically~*~*~ (outnumbered).
 25023 | D:9      | 25023 ||| FLEEEEING.
 25040 | D:9      | 25040 ||| Stepping ~*~*~tactically~*~*~ (outnumbered).
 25041 | D:9      | 25041 ||| FLEEEEING.
 25059 | D:9      | 25059 ||| Stepping ~*~*~tactically~*~*~ (outnumbered).
 25061 | D:9      | 25061 ||| Stepping ~*~*~tactically~*~*~ (outnumbered).
 25063 | D:9      | 25063 ||| Stepping ~*~*~tactically~*~*~ (outnumbered).
 25067 | D:9      | 25067 ||| Stepping ~*~*~tactically~*~*~ (outnumbered).
 25070 | D:9      | 25070 ||| FLEEEEING.
 25092 | D:9      | 25092 ||| Stepping ~*~*~tactically~*~*~ (outnumbered).
 25094 | D:9      | 25094 ||| Stepping ~*~*~tactically~*~*~ (outnumbered).
 25096 | D:9      | 25096 ||| Stepping ~*~*~tactically~*~*~ (outnumbered).
 25103 | D:9      | 25103 ||| FLEEEEING.
 25120 | D:9      | 25120 ||| Stepping ~*~*~tactically~*~*~ (outnumbered).
 25122 | D:9      | 25122 ||| FLEEEEING.
 25138 | D:9      | 25138 ||| Stepping ~*~*~tactically~*~*~ (outnumbered).
 25145 | D:9      | 25145 ||| Stepping ~*~*~tactically~*~*~ (outnumbered).
 25146 | D:9      | 25146 ||| FLEEEEING.
 25171 | D:9      | 25171 ||| FLEEEEING.
 25182 | D:9      | 25182 ||| Stepping ~*~*~tactically~*~*~ (outnumbered).
 25184 | D:9      | 25184 ||| Stepping ~*~*~tactically~*~*~ (outnumbered).
 25186 | D:9      | 25186 ||| Stepping ~*~*~tactically~*~*~ (outnumbered).
 25197 | D:9      | 25197 ||| Stepping ~*~*~tactically~*~*~ (outnumbered).
 25198 | D:9      | 25198 ||| FLEEEEING.
 25227 | D:9      | 25227 ||| FLEEEEING.
 25237 | D:9      | 25237 ||| Stepping ~*~*~tactically~*~*~ (stealth).
 25248 | D:9      | 25248 ||| Stepping ~*~*~tactically~*~*~ (outnumbered).
 25249 | D:9      | 25249 ||| FLEEEEING.
 25264 | D:9      | 25264 ||| Stepping ~*~*~tactically~*~*~ (outnumbered).
 25269 | D:9      | 25269 ||| Stepping ~*~*~tactically~*~*~ (stealth).
 25280 | D:9      | 25280 ||| Stepping ~*~*~tactically~*~*~ (outnumbered).
 25281 | D:9      | 25281 ||| FLEEEEING.
 25291 | D:9      | 25291 ||| Stepping ~*~*~tactically~*~*~ (stealth).
 25293 | D:9      | 25293 ||| Stepping ~*~*~tactically~*~*~ (outnumbered).
 25300 | D:9      | 25300 ||| Stepping ~*~*~tactically~*~*~ (outnumbered).
 25303 | D:9      | 25303 ||| FLEEEEING.
 25321 | D:9      | 25321 ||| Stepping ~*~*~tactically~*~*~ (outnumbered).
 25331 | D:9      | 25331 ||| Stepping ~*~*~tactically~*~*~ (outnumbered).
 25332 | D:9      | 25332 ||| FLEEEEING.
 25346 | D:9      | 25346 ||| Stepping ~*~*~tactically~*~*~ (outnumbered).
 25352 | D:9      | 25352 ||| Stepping ~*~*~tactically~*~*~ (outnumbered).
 25354 | D:9      | 25354 ||| Stepping ~*~*~tactically~*~*~ (outnumbered).
 25356 | D:9      | 25356 ||| FLEEEEING.
 25372 | D:9      | 25372 ||| Stepping ~*~*~tactically~*~*~ (outnumbered).
 25374 | D:9      | 25374 ||| Stepping ~*~*~tactically~*~*~ (outnumbered).
 25376 | D:9      | 25376 ||| Stepping ~*~*~tactically~*~*~ (outnumbered).
 25379 | D:9      | 25379 ||| Stepping ~*~*~tactically~*~*~ (outnumbered).
 25380 | D:9      | 25380 ||| FLEEEEING.
 25395 | D:9      | 25395 ||| Stepping ~*~*~tactically~*~*~ (outnumbered).
 25403 | D:9      | 25403 ||| FLEEEEING.
 25422 | D:9      | 25422 ||| Stepping ~*~*~tactically~*~*~ (outnumbered).
 25424 | D:9      | 25424 ||| Stepping ~*~*~tactically~*~*~ (outnumbered).
 25426 | D:9      | 25426 ||| Stepping ~*~*~tactically~*~*~ (outnumbered).
 25428 | D:9      | 25428 ||| Stepping ~*~*~tactically~*~*~ (outnumbered).
 25430 | D:9      | 25430 ||| Stepping ~*~*~tactically~*~*~ (outnumbered).
 25434 | D:9      | 25434 ||| Stepping ~*~*~tactically~*~*~ (outnumbered).
 25436 | D:9      | 25436 ||| Stepping ~*~*~tactically~*~*~ (outnumbered).
 25438 | D:9      | 25438 ||| Stepping ~*~*~tactically~*~*~ (outnumbered).
 25440 | D:9      | 25440 ||| FLEEEEING.
 25454 | D:9      | 25454 ||| Stepping ~*~*~tactically~*~*~ (outnumbered).
 25456 | D:9      | 25456 ||| Stepping ~*~*~tactically~*~*~ (outnumbered).
 25458 | D:9      | 25458 ||| Stepping ~*~*~tactically~*~*~ (outnumbered).
 25460 | D:9      | 25460 ||| FLEEEEING.
 25479 | D:9      | 25479 ||| Stepping ~*~*~tactically~*~*~ (outnumbered).
 25480 | D:9      | 25480 ||| FLEEEEING.
 25527 | D:9      | 25527 ||| FLEEEEING.
 25552 | D:9      | 25552 ||| Stepping ~*~*~tactically~*~*~ (outnumbered).
 25553 | D:9      | 25553 ||| Stepping ~*~*~tactically~*~*~ (outnumbered).
 25560 | D:9      | 25560 ||| Stepping ~*~*~tactically~*~*~ (outnumbered).
 25567 | D:9      | 25567 ||| Stepping ~*~*~tactically~*~*~ (outnumbered).
 25570 | D:9      | 25570 ||| FLEEEEING.
 25584 | D:9      | 25584 ||| Stepping ~*~*~tactically~*~*~ (outnumbered).
 25585 | D:9      | 25585 ||| FLEEEEING.
 25601 | D:9      | 25601 ||| Stepping ~*~*~tactically~*~*~ (outnumbered).
 25602 | D:9      | 25602 ||| FLEEEEING.
 25631 | D:9      | 25631 ||| FLEEEEING.
 25648 | D:9      | 25648 ||| Stepping ~*~*~tactically~*~*~ (outnumbered).
 25649 | D:9      | 25649 ||| FLEEEEING.
 25673 | D:9      | 25673 ||| Stepping ~*~*~tactically~*~*~ (outnumbered).
 25675 | D:9      | 25675 ||| FLEEEEING.
 25689 | D:9      | 25689 ||| FLEEEEING.
 25700 | D:9      | 25700 ||| Stepping ~*~*~tactically~*~*~ (outnumbered).
 25702 | D:9      | 25702 ||| Stepping ~*~*~tactically~*~*~ (outnumbered).
 25704 | D:9      | 25704 ||| Stepping ~*~*~tactically~*~*~ (outnumbered).
 25708 | D:9      | 25708 ||| Stepping ~*~*~tactically~*~*~ (outnumbered).
 25710 | D:9      | 25710 ||| Stepping ~*~*~tactically~*~*~ (outnumbered).
 25712 | D:9      | 25712 ||| Stepping ~*~*~tactically~*~*~ (outnumbered).
 25718 | D:9      | 25718 ||| Stepping ~*~*~tactically~*~*~ (outnumbered).
 25725 | D:9      | 25725 ||| FLEEEEING.
 25742 | D:9      | 25742 ||| Stepping ~*~*~tactically~*~*~ (outnumbered).
 25747 | D:9      | 25747 ||| FLEEEEING.
 25769 | D:9      | 25769 ||| Stepping ~*~*~tactically~*~*~ (outnumbered).
 25770 | D:9      | 25770 ||| Stepping ~*~*~tactically~*~*~ (outnumbered).
 25776 | D:9      | 25776 ||| Stepping ~*~*~tactically~*~*~ (outnumbered).
 25778 | D:9      | 25778 ||| Stepping ~*~*~tactically~*~*~ (outnumbered).
 25783 | D:9      | 25783 ||| Stepping ~*~*~tactically~*~*~ (outnumbered).
 25785 | D:9      | 25785 ||| Stepping ~*~*~tactically~*~*~ (outnumbered).
 25787 | D:9      | 25787 ||| Stepping ~*~*~tactically~*~*~ (outnumbered).
 25795 | D:9      | 25795 ||| FLEEEEING.
 25815 | D:9      | 25815 ||| FLEEEEING.
 25825 | D:9      | 25825 ||| Stepping ~*~*~tactically~*~*~ (outnumbered).
 25832 | D:9      | 25832 ||| Stepping ~*~*~tactically~*~*~ (outnumbered).
 25834 | D:9      | 25834 ||| Stepping ~*~*~tactically~*~*~ (outnumbered).
 25836 | D:9      | 25836 ||| Stepping ~*~*~tactically~*~*~ (outnumbered).
 25842 | D:9      | 25842 ||| Stepping ~*~*~tactically~*~*~ (outnumbered).
 25849 | D:9      | 25849 ||| Stepping ~*~*~tactically~*~*~ (outnumbered).
 25855 | D:9      | 25855 ||| Stepping ~*~*~tactically~*~*~ (outnumbered).
 25862 | D:9      | 25862 ||| Stepping ~*~*~tactically~*~*~ (outnumbered).
 25863 | D:9      | 25863 ||| FLEEEEING.
 25890 | D:9      | 25890 ||| Stepping ~*~*~tactically~*~*~ (outnumbered).
 25897 | D:9      | 25897 ||| Stepping ~*~*~tactically~*~*~ (outnumbered).
 25899 | D:9      | 25899 ||| FLEEEEING.
 25927 | D:9      | 25927 ||| FLEEEEING.
 25949 | D:9      | 25949 ||| Stepping ~*~*~tactically~*~*~ (outnumbered).
 25952 | D:9      | 25952 ||| Stepping ~*~*~tactically~*~*~ (outnumbered).
 25953 | D:9      | 25953 ||| FLEEEEING.
 25987 | D:9      | 25987 ||| FLEEEEING.
 26000 | D:9      | 26000 ||| Stepping ~*~*~tactically~*~*~ (outnumbered).
 26002 | D:9      | 26002 ||| Stepping ~*~*~tactically~*~*~ (outnumbered).
 26004 | D:9      | 26004 ||| Stepping ~*~*~tactically~*~*~ (outnumbered).
 26014 | D:9      | 26014 ||| Stepping ~*~*~tactically~*~*~ (outnumbered).
 26016 | D:9      | 26016 ||| Stepping ~*~*~tactically~*~*~ (outnumbered).
 26018 | D:9      | 26018 ||| Stepping ~*~*~tactically~*~*~ (outnumbered).
 26026 | D:9      | 26026 ||| Stepping ~*~*~tactically~*~*~ (outnumbered).
 26027 | D:9      | 26027 ||| Stepping ~*~*~tactically~*~*~ (outnumbered).
 26034 | D:9      | 26034 ||| Stepping ~*~*~tactically~*~*~ (outnumbered).
 26036 | D:9      | 26036 ||| FLEEEEING.
 26055 | D:9      | 26055 ||| FLEEEEING.
 26076 | D:9      | 26076 ||| Stepping ~*~*~tactically~*~*~ (outnumbered).
 26078 | D:9      | 26078 ||| Stepping ~*~*~tactically~*~*~ (outnumbered).
 26083 | D:9      | 26083 ||| Stepping ~*~*~tactically~*~*~ (outnumbered).
 26089 | D:9      | 26089 ||| Stepping ~*~*~tactically~*~*~ (outnumbered).
 26093 | D:9      | 26093 ||| FLEEEEING.
 26108 | D:9      | 26108 ||| Stepping ~*~*~tactically~*~*~ (outnumbered).
 26109 | D:9      | 26109 ||| FLEEEEING.
 26132 | D:9      | 26132 ||| Stepping ~*~*~tactically~*~*~ (outnumbered).
 26134 | D:9      | 26134 ||| Stepping ~*~*~tactically~*~*~ (stealth).
 26136 | D:9      | 26136 ||| Stepping ~*~*~tactically~*~*~ (outnumbered).
 26145 | D:9      | 26145 ||| FLEEEEING.
 26162 | D:9      | 26162 ||| Stepping ~*~*~tactically~*~*~ (outnumbered).
 26164 | D:9      | 26164 ||| FLEEEEING.
 26174 | D:9      | 26174 ||| Stepping ~*~*~tactically~*~*~ (outnumbered).
 26183 | D:9      | 26183 ||| Stepping ~*~*~tactically~*~*~ (outnumbered).
 26184 | D:9      | 26184 ||| FLEEEEING.
 26212 | D:9      | 26212 ||| Stepping ~*~*~tactically~*~*~ (outnumbered).
 26216 | D:9      | 26216 ||| Stepping ~*~*~tactically~*~*~ (outnumbered).
 26217 | D:9      | 26217 ||| FLEEEEING.
 26242 | D:9      | 26242 ||| FLEEEEING.
 26256 | D:9      | 26256 ||| Stepping ~*~*~tactically~*~*~ (outnumbered).
 26264 | D:9      | 26264 ||| Stepping ~*~*~tactically~*~*~ (outnumbered).
 26266 | D:9      | 26266 ||| Stepping ~*~*~tactically~*~*~ (outnumbered).
 26270 | D:9      | 26270 ||| Stepping ~*~*~tactically~*~*~ (outnumbered).
 26280 | D:9      | 26280 ||| Stepping ~*~*~tactically~*~*~ (outnumbered).
 26281 | D:9      | 26281 ||| Stepping ~*~*~tactically~*~*~ (stealth).
 26292 | D:9      | 26292 ||| FLEEEEING.
 26303 | D:9      | 26303 ||| Stepping ~*~*~tactically~*~*~ (stealth).
 26316 | D:9      | 26316 ||| Stepping ~*~*~tactically~*~*~ (outnumbered).
 26319 | D:9      | 26319 ||| FLEEEEING.
 26338 | D:9      | 26338 ||| Stepping ~*~*~tactically~*~*~ (outnumbered).
 26339 | D:9      | 26339 ||| FLEEEEING.
 26355 | D:9      | 26355 ||| Stepping ~*~*~tactically~*~*~ (outnumbered).
 26357 | D:9      | 26357 ||| Stepping ~*~*~tactically~*~*~ (outnumbered).
 26367 | D:9      | 26367 ||| Stepping ~*~*~tactically~*~*~ (outnumbered).
 26369 | D:9      | 26369 ||| Stepping ~*~*~tactically~*~*~ (outnumbered).
 26372 | D:9      | 26372 ||| FLEEEEING.
 26388 | D:9      | 26388 ||| Stepping ~*~*~tactically~*~*~ (outnumbered).
 26390 | D:9      | 26390 ||| Stepping ~*~*~tactically~*~*~ (outnumbered).
 26396 | D:9      | 26396 ||| Stepping ~*~*~tactically~*~*~ (outnumbered).
 26398 | D:9      | 26398 ||| Stepping ~*~*~tactically~*~*~ (outnumbered).
 26400 | D:9      | 26400 ||| Stepping ~*~*~tactically~*~*~ (outnumbered).
 26402 | D:9      | 26402 ||| Stepping ~*~*~tactically~*~*~ (outnumbered).
 26404 | D:9      | 26404 ||| FLEEEEING.
 26418 | D:9      | 26418 ||| Stepping ~*~*~tactically~*~*~ (outnumbered).
 26419 | D:9      | 26419 ||| FLEEEEING.
 26446 | D:9      | 26446 ||| Stepping ~*~*~tactically~*~*~ (outnumbered).
 26448 | D:9      | 26448 ||| Stepping ~*~*~tactically~*~*~ (outnumbered).
 26451 | D:9      | 26451 ||| FLEEEEING.
 26464 | D:9      | 26464 ||| Stepping ~*~*~tactically~*~*~ (outnumbered).
 26471 | D:9      | 26471 ||| FLEEEEING.
 26487 | D:9      | 26487 ||| Stepping ~*~*~tactically~*~*~ (outnumbered).
 26494 | D:9      | 26494 ||| Stepping ~*~*~tactically~*~*~ (outnumbered).
 26503 | D:9      | 26503 ||| Stepping ~*~*~tactically~*~*~ (outnumbered).
 26504 | D:9      | 26504 ||| FLEEEEING.
 26535 | D:9      | 26535 ||| FLEEEEING.
 26548 | D:9      | 26548 ||| Stepping ~*~*~tactically~*~*~ (outnumbered).
 26552 | D:9      | 26552 ||| FLEEEEING.
 26564 | D:9      | 26564 ||| Stepping ~*~*~tactically~*~*~ (outnumbered).
 26565 | D:9      | 26565 ||| FLEEEEING.
 26589 | D:9      | 26589 ||| Stepping ~*~*~tactically~*~*~ (outnumbered).
 26590 | D:9      | 26590 ||| Stepping ~*~*~tactically~*~*~ (stealth).
 26593 | D:9      | 26593 ||| FLEEEEING.
 26609 | D:9      | 26609 ||| Stepping ~*~*~tactically~*~*~ (outnumbered).
 26610 | D:9      | 26610 ||| FLEEEEING.
 26629 | D:9      | 26629 ||| FLEEEEING.
 26649 | D:9      | 26649 ||| Stepping ~*~*~tactically~*~*~ (outnumbered).
 26653 | D:9      | 26653 ||| FLEEEEING.
 26669 | D:9      | 26669 ||| Stepping ~*~*~tactically~*~*~ (outnumbered).
 26670 | D:9      | 26670 ||| FLEEEEING.
 26700 | D:9      | 26700 ||| Stepping ~*~*~tactically~*~*~ (outnumbered).
 26705 | D:9      | 26705 ||| Stepping ~*~*~tactically~*~*~ (outnumbered).
 26710 | D:9      | 26710 ||| Stepping ~*~*~tactically~*~*~ (outnumbered).
 26712 | D:9      | 26712 ||| Stepping ~*~*~tactically~*~*~ (outnumbered).
 26714 | D:9      | 26714 ||| Stepping ~*~*~tactically~*~*~ (outnumbered).
 26720 | D:9      | 26720 ||| Stepping ~*~*~tactically~*~*~ (outnumbered).
 26725 | D:9      | 26725 ||| Stepping ~*~*~tactically~*~*~ (outnumbered).
 26733 | D:9      | 26733 ||| Stepping ~*~*~tactically~*~*~ (outnumbered).
 26740 | D:9      | 26740 ||| Stepping ~*~*~tactically~*~*~ (outnumbered).
 26744 | D:9      | 26744 ||| FLEEEEING.
 26766 | D:9      | 26766 ||| FLEEEEING.
 26776 | D:9      | 26776 ||| Stepping ~*~*~tactically~*~*~ (outnumbered).
 26783 | D:9      | 26783 ||| FLEEEEING.
 26794 | D:9      | 26794 ||| FLEEEEING.
 26812 | D:9      | 26812 ||| Stepping ~*~*~tactically~*~*~ (outnumbered).
 26814 | D:9      | 26814 ||| FLEEEEING.
 26826 | D:9      | 26826 ||| Stepping ~*~*~tactically~*~*~ (outnumbered).
 26830 | D:9      | 26830 ||| Stepping ~*~*~tactically~*~*~ (outnumbered).
 26839 | D:9      | 26839 ||| Stepping ~*~*~tactically~*~*~ (outnumbered).
 26840 | D:9      | 26840 ||| FLEEEEING.
 26856 | D:9      | 26856 ||| Stepping ~*~*~tactically~*~*~ (outnumbered).
 26858 | D:9      | 26858 ||| FLEEEEING.
 26875 | D:9      | 26875 ||| Stepping ~*~*~tactically~*~*~ (outnumbered).
 26876 | D:9      | 26876 ||| Stepping ~*~*~tactically~*~*~ (outnumbered).
 26887 | D:9      | 26887 ||| FLEEEEING.
 26898 | D:9      | 26898 ||| Stepping ~*~*~tactically~*~*~ (stealth).
 26908 | D:9      | 26908 ||| Stepping ~*~*~tactically~*~*~ (outnumbered).
 26909 | D:9      | 26909 ||| FLEEEEING.
 26929 | D:9      | 26929 ||| Stepping ~*~*~tactically~*~*~ (outnumbered).
 26931 | D:9      | 26931 ||| Stepping ~*~*~tactically~*~*~ (outnumbered).
 26933 | D:9      | 26933 ||| Stepping ~*~*~tactically~*~*~ (stealth).
 26936 | D:9      | 26936 ||| Stepping ~*~*~tactically~*~*~ (outnumbered).
 26937 | D:9      | 26937 ||| FLEEEEING.
 26951 | D:9      | 26951 ||| Stepping ~*~*~tactically~*~*~ (outnumbered).
 26952 | D:9      | 26952 ||| FLEEEEING.
 26968 | D:9      | 26968 ||| Stepping ~*~*~tactically~*~*~ (outnumbered).
 26971 | D:9      | 26971 ||| Stepping ~*~*~tactically~*~*~ (outnumbered).
 26973 | D:9      | 26973 ||| Stepping ~*~*~tactically~*~*~ (outnumbered).
 26982 | D:9      | 26982 ||| FLEEEEING.
 27000 | D:9      | 27000 ||| Stepping ~*~*~tactically~*~*~ (outnumbered).
 27001 | D:9      | 27001 ||| FLEEEEING.
 27012 | D:9      | 27012 ||| FLEEEEING.
 27027 | D:9      | 27027 ||| Stepping ~*~*~tactically~*~*~ (outnumbered).
 27029 | D:9      | 27029 ||| Stepping ~*~*~tactically~*~*~ (outnumbered).
 27034 | D:9      | 27034 ||| Stepping ~*~*~tactically~*~*~ (outnumbered).
 27036 | D:9      | 27036 ||| Stepping ~*~*~tactically~*~*~ (outnumbered).
 27038 | D:9      | 27038 ||| Stepping ~*~*~tactically~*~*~ (outnumbered).
 27040 | D:9      | 27040 ||| FLEEEEING.
 27057 | D:9      | 27057 ||| Stepping ~*~*~tactically~*~*~ (outnumbered).
 27066 | D:9      | 27066 ||| FLEEEEING.
 27088 | D:9      | 27088 ||| Stepping ~*~*~tactically~*~*~ (outnumbered).
 27089 | D:9      | 27089 ||| FLEEEEING.
 27112 | D:9      | 27112 ||| FLEEEEING.
 27131 | D:9      | 27131 ||| Stepping ~*~*~tactically~*~*~ (outnumbered).
 27133 | D:9      | 27133 ||| FLEEEEING.
 27144 | D:9      | 27144 ||| FLEEEEING.
 27161 | D:9      | 27161 ||| Stepping ~*~*~tactically~*~*~ (outnumbered).
 27165 | D:9      | 27165 ||| FLEEEEING.
 27191 | D:9      | 27191 ||| Stepping ~*~*~tactically~*~*~ (outnumbered).
 27192 | D:9      | 27192 ||| FLEEEEING.
 27220 | D:9      | 27220 ||| Stepping ~*~*~tactically~*~*~ (outnumbered).
 27222 | D:9      | 27222 ||| Stepping ~*~*~tactically~*~*~ (outnumbered).
 27224 | D:9      | 27224 ||| Stepping ~*~*~tactically~*~*~ (outnumbered).
 27230 | D:9      | 27230 ||| FLEEEEING.
 27246 | D:9      | 27246 ||| Stepping ~*~*~tactically~*~*~ (outnumbered).
 27247 | D:9      | 27247 ||| FLEEEEING.
 27276 | D:9      | 27276 ||| FLEEEEING.
 27293 | D:9      | 27293 ||| Stepping ~*~*~tactically~*~*~ (outnumbered).
 27295 | D:9      | 27295 ||| Stepping ~*~*~tactically~*~*~ (outnumbered).
 27302 | D:9      | 27302 ||| Stepping ~*~*~tactically~*~*~ (outnumbered).
 27304 | D:9      | 27304 ||| Stepping ~*~*~tactically~*~*~ (outnumbered).
 27314 | D:9      | 27314 ||| Stepping ~*~*~tactically~*~*~ (outnumbered).
 27316 | D:9      | 27316 ||| Stepping ~*~*~tactically~*~*~ (outnumbered).
 27321 | D:9      | 27321 ||| Stepping ~*~*~tactically~*~*~ (outnumbered).
 27322 | D:9      | 27322 ||| FLEEEEING.
 27352 | D:9      | 27352 ||| Stepping ~*~*~tactically~*~*~ (outnumbered).
 27358 | D:9      | 27358 ||| Stepping ~*~*~tactically~*~*~ (outnumbered).
 27365 | D:9      | 27365 ||| Stepping ~*~*~tactically~*~*~ (outnumbered).
 27369 | D:9      | 27369 ||| Stepping ~*~*~tactically~*~*~ (outnumbered).
 27377 | D:9      | 27377 ||| Stepping ~*~*~tactically~*~*~ (outnumbered).
 27378 | D:9      | 27378 ||| FLEEEEING.
 27390 | D:9      | 27390 ||| Stepping ~*~*~tactically~*~*~ (outnumbered).
 27397 | D:9      | 27397 ||| Stepping ~*~*~tactically~*~*~ (outnumbered).
 27403 | D:9      | 27403 ||| FLEEEEING.
 27423 | D:9      | 27423 ||| Stepping ~*~*~tactically~*~*~ (outnumbered).
 27426 | D:9      | 27426 ||| Stepping ~*~*~tactically~*~*~ (outnumbered).
 27432 | D:9      | 27432 ||| Stepping ~*~*~tactically~*~*~ (outnumbered).
 27435 | D:9      | 27435 ||| Stepping ~*~*~tactically~*~*~ (outnumbered).
 27440 | D:9      | 27440 ||| FLEEEEING.
 27457 | D:9      | 27457 ||| Stepping ~*~*~tactically~*~*~ (outnumbered).
 27458 | D:9      | 27458 ||| FLEEEEING.
 27485 | D:9      | 27485 ||| Stepping ~*~*~tactically~*~*~ (outnumbered).
 27489 | D:9      | 27489 ||| Stepping ~*~*~tactically~*~*~ (outnumbered).
 27491 | D:9      | 27491 ||| FLEEEEING.
 27506 | D:9      | 27506 ||| Stepping ~*~*~tactically~*~*~ (outnumbered).
 27509 | D:9      | 27509 ||| Stepping ~*~*~tactically~*~*~ (outnumbered).
 27510 | D:9      | 27510 ||| FLEEEEING.
 27544 | D:9      | 27544 ||| Stepping ~*~*~tactically~*~*~ (outnumbered).
 27548 | D:9      | 27548 ||| Stepping ~*~*~tactically~*~*~ (outnumbered).
 27551 | D:9      | 27551 ||| Stepping ~*~*~tactically~*~*~ (outnumbered).
 27553 | D:9      | 27553 ||| FLEEEEING.
 27564 | D:9      | 27564 ||| Stepping ~*~*~tactically~*~*~ (outnumbered).
 27569 | D:9      | 27569 ||| FLEEEEING.
 27590 | D:9      | 27590 ||| Stepping ~*~*~tactically~*~*~ (outnumbered).
 27591 | D:9      | 27591 ||| FLEEEEING.
 27616 | D:9      | 27616 ||| FLEEEEING.
 27631 | D:9      | 27631 ||| FLEEEEING.
 27647 | D:9      | 27647 ||| Stepping ~*~*~tactically~*~*~ (outnumbered).
 27653 | D:9      | 27653 ||| Stepping ~*~*~tactically~*~*~ (outnumbered).
 27662 | D:9      | 27662 ||| Stepping ~*~*~tactically~*~*~ (outnumbered).
 27664 | D:9      | 27664 ||| Stepping ~*~*~tactically~*~*~ (outnumbered).
 27667 | D:9      | 27667 ||| Stepping ~*~*~tactically~*~*~ (outnumbered).
 27668 | D:9      | 27668 ||| FLEEEEING.
 27695 | D:9      | 27695 ||| Stepping ~*~*~tactically~*~*~ (outnumbered).
 27696 | D:9      | 27696 ||| FLEEEEING.
 27737 | D:9      | 27737 ||| Stepping ~*~*~tactically~*~*~ (outnumbered).
 27738 | D:9      | 27738 ||| FLEEEEING.
 27758 | D:9      | 27758 ||| Stepping ~*~*~tactically~*~*~ (outnumbered).
 27765 | D:9      | 27765 ||| FLEEEEING.
 27785 | D:9      | 27785 ||| FLEEEEING.
 27800 | D:9      | 27800 ||| Stepping ~*~*~tactically~*~*~ (outnumbered).
 27802 | D:9      | 27802 ||| Stepping ~*~*~tactically~*~*~ (outnumbered).
 27804 | D:9      | 27804 ||| Stepping ~*~*~tactically~*~*~ (outnumbered).
 27807 | D:9      | 27807 ||| FLEEEEING.
 27818 | D:9      | 27818 ||| Stepping ~*~*~tactically~*~*~ (outnumbered).
 27827 | D:9      | 27827 ||| Stepping ~*~*~tactically~*~*~ (outnumbered).
 27828 | D:9      | 27828 ||| FLEEEEING.
 27849 | D:9      | 27849 ||| FLEEEEING.
 27872 | D:9      | 27872 ||| Stepping ~*~*~tactically~*~*~ (outnumbered).
 27873 | D:9      | 27873 ||| FLEEEEING.
 27891 | D:9      | 27891 ||| Stepping ~*~*~tactically~*~*~ (outnumbered).
 27892 | D:9      | 27892 ||| Stepping ~*~*~tactically~*~*~ (outnumbered).
 27901 | D:9      | 27901 ||| Stepping ~*~*~tactically~*~*~ (outnumbered).
 27907 | D:9      | 27907 ||| Stepping ~*~*~tactically~*~*~ (outnumbered).
 27914 | D:9      | 27914 ||| Stepping ~*~*~tactically~*~*~ (outnumbered).
 27916 | D:9      | 27916 ||| Stepping ~*~*~tactically~*~*~ (outnumbered).
 27920 | D:9      | 27920 ||| Stepping ~*~*~tactically~*~*~ (outnumbered).
 27922 | D:9      | 27922 ||| Stepping ~*~*~tactically~*~*~ (outnumbered).
 27924 | D:9      | 27924 ||| Stepping ~*~*~tactically~*~*~ (outnumbered).
 27930 | D:9      | 27930 ||| Stepping ~*~*~tactically~*~*~ (outnumbered).
 27932 | D:9      | 27932 ||| Stepping ~*~*~tactically~*~*~ (outnumbered).
 27934 | D:9      | 27934 ||| Stepping ~*~*~tactically~*~*~ (outnumbered).
 27939 | D:9      | 27939 ||| Stepping ~*~*~tactically~*~*~ (outnumbered).
 27949 | D:9      | 27949 ||| FLEEEEING.
 27964 | D:9      | 27964 ||| Stepping ~*~*~tactically~*~*~ (outnumbered).
 27965 | D:9      | 27965 ||| Stepping ~*~*~tactically~*~*~ (outnumbered).
 27970 | D:9      | 27970 ||| Stepping ~*~*~tactically~*~*~ (outnumbered).
 27972 | D:9      | 27972 ||| FLEEEEING.
 27987 | D:9      | 27987 ||| Stepping ~*~*~tactically~*~*~ (outnumbered).
 27994 | D:9      | 27994 ||| Stepping ~*~*~tactically~*~*~ (outnumbered).
 27996 | D:9      | 27996 ||| Stepping ~*~*~tactically~*~*~ (outnumbered).
 27998 | D:9      | 27998 ||| Stepping ~*~*~tactically~*~*~ (outnumbered).
 28002 | D:9      | 28002 ||| Stepping ~*~*~tactically~*~*~ (outnumbered).
 28012 | D:9      | 28012 ||| FLEEEEING.
 28023 | D:9      | 28023 ||| FLEEEEING.
 28037 | D:9      | 28037 ||| Stepping ~*~*~tactically~*~*~ (outnumbered).
 28047 | D:9      | 28047 ||| Stepping ~*~*~tactically~*~*~ (outnumbered).
 28054 | D:9      | 28054 ||| Stepping ~*~*~tactically~*~*~ (outnumbered).
 28055 | D:9      | 28055 ||| FLEEEEING.
 28085 | D:9      | 28085 ||| Stepping ~*~*~tactically~*~*~ (outnumbered).
 28086 | D:9      | 28086 ||| FLEEEEING.
 28114 | D:9      | 28114 ||| Stepping ~*~*~tactically~*~*~ (outnumbered).
 28116 | D:9      | 28116 ||| Stepping ~*~*~tactically~*~*~ (outnumbered).
 28118 | D:9      | 28118 ||| FLEEEEING.
 28133 | D:9      | 28133 ||| Stepping ~*~*~tactically~*~*~ (outnumbered).
 28135 | D:9      | 28135 ||| Stepping ~*~*~tactically~*~*~ (outnumbered).
 28137 | D:9      | 28137 ||| FLEEEEING.
 28156 | D:9      | 28156 ||| Stepping ~*~*~tactically~*~*~ (outnumbered).
 28165 | D:9      | 28165 ||| Stepping ~*~*~tactically~*~*~ (outnumbered).
 28167 | D:9      | 28167 ||| Stepping ~*~*~tactically~*~*~ (outnumbered).
 28176 | D:9      | 28176 ||| Stepping ~*~*~tactically~*~*~ (outnumbered).
 28181 | D:9      | 28181 ||| Stepping ~*~*~tactically~*~*~ (outnumbered).
 28183 | D:9      | 28183 ||| Stepping ~*~*~tactically~*~*~ (outnumbered).
 28188 | D:9      | 28188 ||| Stepping ~*~*~tactically~*~*~ (outnumbered).
 28190 | D:9      | 28190 ||| FLEEEEING.
 28206 | D:9      | 28206 ||| Stepping ~*~*~tactically~*~*~ (stealth).
 28214 | D:9      | 28214 ||| Stepping ~*~*~tactically~*~*~ (outnumbered).
 28217 | D:9      | 28217 ||| Stepping ~*~*~tactically~*~*~ (outnumbered).
 28223 | D:9      | 28223 ||| Stepping ~*~*~tactically~*~*~ (outnumbered).
 28225 | D:9      | 28225 ||| Stepping ~*~*~tactically~*~*~ (outnumbered).
 28227 | D:9      | 28227 ||| Stepping ~*~*~tactically~*~*~ (outnumbered).
 28229 | D:9      | 28229 ||| Stepping ~*~*~tactically~*~*~ (outnumbered).
 28231 | D:9      | 28231 ||| FLEEEEING.
 28242 | D:9      | 28242 ||| Stepping ~*~*~tactically~*~*~ (outnumbered).
 28244 | D:9      | 28244 ||| Stepping ~*~*~tactically~*~*~ (outnumbered).
 28253 | D:9      | 28253 ||| Stepping ~*~*~tactically~*~*~ (outnumbered).
 28254 | D:9      | 28254 ||| FLEEEEING.
 28267 | D:9      | 28267 ||| Stepping ~*~*~tactically~*~*~ (outnumbered).
 28272 | D:9      | 28272 ||| Stepping ~*~*~tactically~*~*~ (outnumbered).
 28281 | D:9      | 28281 ||| Stepping ~*~*~tactically~*~*~ (outnumbered).
 28289 | D:9      | 28289 ||| Stepping ~*~*~tactically~*~*~ (outnumbered).
 28295 | D:9      | 28295 ||| Stepping ~*~*~tactically~*~*~ (outnumbered).
 28298 | D:9      | 28298 ||| Stepping ~*~*~tactically~*~*~ (outnumbered).
 28299 | D:9      | 28299 ||| FLEEEEING.
 28318 | D:9      | 28318 ||| FLEEEEING.
 28331 | D:9      | 28331 ||| Stepping ~*~*~tactically~*~*~ (outnumbered).
 28337 | D:9      | 28337 ||| Stepping ~*~*~tactically~*~*~ (outnumbered).
 28346 | D:9      | 28346 ||| Stepping ~*~*~tactically~*~*~ (outnumbered).
 28348 | D:9      | 28348 ||| Stepping ~*~*~tactically~*~*~ (outnumbered).
 28355 | D:9      | 28355 ||| FLEEEEING.
 28372 | D:9      | 28372 ||| Stepping ~*~*~tactically~*~*~ (outnumbered).
 28373 | D:9      | 28373 ||| FLEEEEING.
 28387 | D:9      | 28387 ||| Stepping ~*~*~tactically~*~*~ (outnumbered).
 28389 | D:9      | 28389 ||| Stepping ~*~*~tactically~*~*~ (outnumbered).
 28391 | D:9      | 28391 ||| Stepping ~*~*~tactically~*~*~ (outnumbered).
 28395 | D:9      | 28395 ||| Stepping ~*~*~tactically~*~*~ (outnumbered).
 28397 | D:9      | 28397 ||| FLEEEEING.
 28412 | D:9      | 28412 ||| Stepping ~*~*~tactically~*~*~ (outnumbered).
 28419 | D:9      | 28419 ||| FLEEEEING.
 28447 | D:9      | 28447 ||| FLEEEEING.
 28461 | D:9      | 28461 ||| Stepping ~*~*~tactically~*~*~ (outnumbered).
 28466 | D:9      | 28466 ||| Stepping ~*~*~tactically~*~*~ (outnumbered).
 28468 | D:9      | 28468 ||| Stepping ~*~*~tactically~*~*~ (outnumbered).
 28470 | D:9      | 28470 ||| Stepping ~*~*~tactically~*~*~ (outnumbered).
 28472 | D:9      | 28472 ||| Stepping ~*~*~tactically~*~*~ (outnumbered).
 28478 | D:9      | 28478 ||| Stepping ~*~*~tactically~*~*~ (outnumbered).
 28482 | D:9      | 28482 ||| Stepping ~*~*~tactically~*~*~ (outnumbered).
 28484 | D:9      | 28484 ||| FLEEEEING.
 28501 | D:9      | 28501 ||| Stepping ~*~*~tactically~*~*~ (outnumbered).
 28509 | D:9      | 28509 ||| FLEEEEING.
 28521 | D:9      | 28521 ||| Stepping ~*~*~tactically~*~*~ (outnumbered).
 28523 | D:9      | 28523 ||| FLEEEEING.
 28544 | D:9      | 28544 ||| FLEEEEING.
 28557 | D:9      | 28557 ||| FLEEEEING.
 28570 | D:9      | 28570 ||| Stepping ~*~*~tactically~*~*~ (outnumbered).
 28576 | D:9      | 28576 ||| Stepping ~*~*~tactically~*~*~ (outnumbered).
 28579 | D:9      | 28579 ||| Stepping ~*~*~tactically~*~*~ (outnumbered).
 28584 | D:9      | 28584 ||| Stepping ~*~*~tactically~*~*~ (outnumbered).
 28593 | D:9      | 28593 ||| Stepping ~*~*~tactically~*~*~ (outnumbered).
 28596 | D:9      | 28596 ||| Stepping ~*~*~tactically~*~*~ (outnumbered).
 28599 | D:9      | 28599 ||| Stepping ~*~*~tactically~*~*~ (outnumbered).
 28603 | D:9      | 28603 ||| Stepping ~*~*~tactically~*~*~ (outnumbered).
 28609 | D:9      | 28609 ||| FLEEEEING.
 28633 | D:9      | 28633 ||| Stepping ~*~*~tactically~*~*~ (outnumbered).
 28634 | D:9      | 28634 ||| FLEEEEING.
 28650 | D:9      | 28650 ||| FLEEEEING.
 28661 | D:9      | 28661 ||| Stepping ~*~*~tactically~*~*~ (outnumbered).
 28663 | D:9      | 28663 ||| Stepping ~*~*~tactically~*~*~ (outnumbered).
 28671 | D:9      | 28671 ||| FLEEEEING.
 28690 | D:9      | 28690 ||| Stepping ~*~*~tactically~*~*~ (outnumbered).
 28691 | D:9      | 28691 ||| FLEEEEING.
 28710 | D:9      | 28710 ||| Stepping ~*~*~tactically~*~*~ (outnumbered).
 28712 | D:9      | 28712 ||| Stepping ~*~*~tactically~*~*~ (outnumbered).
 28721 | D:9      | 28721 ||| FLEEEEING.
 28745 | D:9      | 28745 ||| Stepping ~*~*~tactically~*~*~ (outnumbered).
 28749 | D:9      | 28749 ||| Stepping ~*~*~tactically~*~*~ (outnumbered).
 28754 | D:9      | 28754 ||| FLEEEEING.
 28770 | D:9      | 28770 ||| Stepping ~*~*~tactically~*~*~ (outnumbered).
 28771 | D:9      | 28771 ||| FLEEEEING.
 28787 | D:9      | 28787 ||| FLEEEEING.
 28803 | D:9      | 28803 ||| Stepping ~*~*~tactically~*~*~ (stealth).
 28810 | D:9      | 28810 ||| Stepping ~*~*~tactically~*~*~ (outnumbered).
 28815 | D:9      | 28815 ||| Stepping ~*~*~tactically~*~*~ (outnumbered).
 28816 | D:9      | 28816 ||| FLEEEEING.
 28838 | D:9      | 28838 ||| Stepping ~*~*~tactically~*~*~ (outnumbered).
 28840 | D:9      | 28840 ||| FLEEEEING.
 28854 | D:9      | 28854 ||| Stepping ~*~*~tactically~*~*~ (outnumbered).
 28855 | D:9      | 28855 ||| FLEEEEING.
 28875 | D:9      | 28875 ||| Stepping ~*~*~tactically~*~*~ (outnumbered).
 28884 | D:9      | 28884 ||| Stepping ~*~*~tactically~*~*~ (outnumbered).
 28886 | D:9      | 28886 ||| Stepping ~*~*~tactically~*~*~ (outnumbered).
 28894 | D:9      | 28894 ||| Stepping ~*~*~tactically~*~*~ (outnumbered).
 28896 | D:9      | 28896 ||| Stepping ~*~*~tactically~*~*~ (outnumbered).
 28898 | D:9      | 28898 ||| Stepping ~*~*~tactically~*~*~ (stealth).
 28903 | D:9      | 28903 ||| Stepping ~*~*~tactically~*~*~ (outnumbered).
 28911 | D:9      | 28911 ||| FLEEEEING.
 28923 | D:9      | 28923 ||| FLEEEEING.
 28937 | D:9      | 28937 ||| Stepping ~*~*~tactically~*~*~ (outnumbered).
 28939 | D:9      | 28939 ||| Stepping ~*~*~tactically~*~*~ (outnumbered).
 28941 | D:9      | 28941 ||| Stepping ~*~*~tactically~*~*~ (outnumbered).
 28947 | D:9      | 28947 ||| FLEEEEING.
 28969 | D:9      | 28969 ||| FLEEEEING.
 28980 | D:9      | 28980 ||| Stepping ~*~*~tactically~*~*~ (outnumbered).
 28982 | D:9      | 28982 ||| FLEEEEING.
 28995 | D:9      | 28995 ||| Stepping ~*~*~tactically~*~*~ (outnumbered).
 28999 | D:9      | 28999 ||| Stepping ~*~*~tactically~*~*~ (outnumbered).
 29004 | D:9      | 29004 ||| Stepping ~*~*~tactically~*~*~ (outnumbered).
 29005 | D:9      | 29005 ||| FLEEEEING.
 29029 | D:9      | 29029 ||| Stepping ~*~*~tactically~*~*~ (outnumbered).
 29036 | D:9      | 29036 ||| Stepping ~*~*~tactically~*~*~ (outnumbered).
 29038 | D:9      | 29038 ||| Stepping ~*~*~tactically~*~*~ (outnumbered).
 29042 | D:9      | 29042 ||| Stepping ~*~*~tactically~*~*~ (outnumbered).
 29044 | D:9      | 29044 ||| FLEEEEING.
 29066 | D:9      | 29066 ||| Stepping ~*~*~tactically~*~*~ (outnumbered).
 29067 | D:9      | 29067 ||| FLEEEEING.
 29078 | D:9      | 29078 ||| FLEEEEING.
 29090 | D:9      | 29090 ||| FLEEEEING.
 29102 | D:9      | 29102 ||| Stepping ~*~*~tactically~*~*~ (outnumbered).
 29103 | D:9      | 29103 ||| FLEEEEING.
 29135 | D:9      | 29135 ||| FLEEEEING.
 29155 | D:9      | 29155 ||| Stepping ~*~*~tactically~*~*~ (outnumbered).
 29159 | D:9      | 29159 ||| Stepping ~*~*~tactically~*~*~ (outnumbered).
 29161 | D:9      | 29161 ||| Stepping ~*~*~tactically~*~*~ (outnumbered).
 29169 | D:9      | 29169 ||| Stepping ~*~*~tactically~*~*~ (outnumbered).
 29173 | D:9      | 29173 ||| FLEEEEING.
 29193 | D:9      | 29193 ||| Stepping ~*~*~tactically~*~*~ (outnumbered).
 29200 | D:9      | 29200 ||| Stepping ~*~*~tactically~*~*~ (outnumbered).
 29209 | D:9      | 29209 ||| Stepping ~*~*~tactically~*~*~ (outnumbered).
 29210 | D:9      | 29210 ||| FLEEEEING.
 29232 | D:9      | 29232 ||| FLEEEEING.
 29249 | D:9      | 29249 ||| FLEEEEING.
 29266 | D:9      | 29266 ||| Stepping ~*~*~tactically~*~*~ (outnumbered).
 29273 | D:9      | 29273 ||| Stepping ~*~*~tactically~*~*~ (outnumbered).
 29275 | D:9      | 29275 ||| Stepping ~*~*~tactically~*~*~ (outnumbered).
 29278 | D:9      | 29278 ||| Stepping ~*~*~tactically~*~*~ (outnumbered).
 29279 | D:9      | 29279 ||| FLEEEEING.
 29300 | D:9      | 29300 ||| Stepping ~*~*~tactically~*~*~ (outnumbered).
 29301 | D:9      | 29301 ||| FLEEEEING.
 29322 | D:9      | 29322 ||| Stepping ~*~*~tactically~*~*~ (outnumbered).
 29330 | D:9      | 29330 ||| Stepping ~*~*~tactically~*~*~ (outnumbered).
 29338 | D:9      | 29338 ||| Stepping ~*~*~tactically~*~*~ (outnumbered).
 29340 | D:9      | 29340 ||| Stepping ~*~*~tactically~*~*~ (outnumbered).
 29349 | D:9      | 29349 ||| Stepping ~*~*~tactically~*~*~ (outnumbered).
 29357 | D:9      | 29357 ||| FLEEEEING.
 29368 | D:9      | 29368 ||| Stepping ~*~*~tactically~*~*~ (outnumbered).
 29370 | D:9      | 29370 ||| Stepping ~*~*~tactically~*~*~ (outnumbered).
 29373 | D:9      | 29373 ||| Stepping ~*~*~tactically~*~*~ (outnumbered).
 29375 | D:9      | 29375 ||| FLEEEEING.
 29387 | D:9      | 29387 ||| Stepping ~*~*~tactically~*~*~ (outnumbered).
 29395 | D:9      | 29395 ||| FLEEEEING.
 29425 | D:9      | 29425 ||| Stepping ~*~*~tactically~*~*~ (outnumbered).
 29426 | D:9      | 29426 ||| FLEEEEING.
 29444 | D:9      | 29444 ||| Stepping ~*~*~tactically~*~*~ (outnumbered).
 29452 | D:9      | 29452 ||| Stepping ~*~*~tactically~*~*~ (outnumbered).
 29453 | D:9      | 29453 ||| FLEEEEING.
 29471 | D:9      | 29471 ||| Stepping ~*~*~tactically~*~*~ (outnumbered).
 29473 | D:9      | 29473 ||| Stepping ~*~*~tactically~*~*~ (outnumbered).
 29480 | D:9      | 29480 ||| Stepping ~*~*~tactically~*~*~ (outnumbered).
 29487 | D:9      | 29487 ||| Stepping ~*~*~tactically~*~*~ (outnumbered).
 29489 | D:9      | 29489 ||| FLEEEEING.
 29500 | D:9      | 29500 ||| FLEEEEING.
 29511 | D:9      | 29511 ||| Stepping ~*~*~tactically~*~*~ (outnumbered).
 29520 | D:9      | 29520 ||| FLEEEEING.
 29536 | D:9      | 29536 ||| Stepping ~*~*~tactically~*~*~ (outnumbered).
 29542 | D:9      | 29542 ||| Stepping ~*~*~tactically~*~*~ (outnumbered).
 29543 | D:9      | 29543 ||| FLEEEEING.
 29562 | D:9      | 29562 ||| Stepping ~*~*~tactically~*~*~ (outnumbered).
 29564 | D:9      | 29564 ||| Stepping ~*~*~tactically~*~*~ (outnumbered).
 29569 | D:9      | 29569 ||| Stepping ~*~*~tactically~*~*~ (outnumbered).
 29573 | D:9      | 29573 ||| FLEEEEING.
 29600 | D:9      | 29600 ||| Stepping ~*~*~tactically~*~*~ (outnumbered).
 29602 | D:9      | 29602 ||| Stepping ~*~*~tactically~*~*~ (outnumbered).
 29606 | D:9      | 29606 ||| FLEEEEING.
 29636 | D:9      | 29636 ||| FLEEEEING.
 29653 | D:9      | 29653 ||| Stepping ~*~*~tactically~*~*~ (outnumbered).
 29661 | D:9      | 29661 ||| FLEEEEING.
 29673 | D:9      | 29673 ||| Stepping ~*~*~tactically~*~*~ (outnumbered).
 29682 | D:9      | 29682 ||| Stepping ~*~*~tactically~*~*~ (outnumbered).
 29689 | D:9      | 29689 ||| Stepping ~*~*~tactically~*~*~ (outnumbered).
 29690 | D:9      | 29690 ||| Stepping ~*~*~tactically~*~*~ (outnumbered).
 29697 | D:9      | 29697 ||| Stepping ~*~*~tactically~*~*~ (outnumbered).
 29705 | D:9      | 29705 ||| Stepping ~*~*~tactically~*~*~ (outnumbered).
 29706 | D:9      | 29706 ||| FLEEEEING.
 29729 | D:9      | 29729 ||| FLEEEEING.
 29743 | D:9      | 29743 ||| Stepping ~*~*~tactically~*~*~ (outnumbered).
 29745 | D:9      | 29745 ||| Stepping ~*~*~tactically~*~*~ (outnumbered).
 29747 | D:9      | 29747 ||| Stepping ~*~*~tactically~*~*~ (outnumbered).
 29750 | D:9      | 29750 ||| Stepping ~*~*~tactically~*~*~ (stealth).
 29754 | D:9      | 29754 ||| Stepping ~*~*~tactically~*~*~ (outnumbered).
 29756 | D:9      | 29756 ||| Stepping ~*~*~tactically~*~*~ (outnumbered).
 29758 | D:9      | 29758 ||| FLEEEEING.
 29774 | D:9      | 29774 ||| Stepping ~*~*~tactically~*~*~ (outnumbered).
 29775 | D:9      | 29775 ||| FLEEEEING.
 29821 | D:9      | 29821 ||| FLEEEEING.
 29838 | D:9      | 29838 ||| Stepping ~*~*~tactically~*~*~ (outnumbered).
 29840 | D:9      | 29840 ||| FLEEEEING.
 29857 | D:9      | 29857 ||| Stepping ~*~*~tactically~*~*~ (outnumbered).
 29858 | D:9      | 29858 ||| FLEEEEING.
 29879 | D:9      | 29879 ||| Stepping ~*~*~tactically~*~*~ (outnumbered).
 29880 | D:9      | 29880 ||| FLEEEEING.
 29908 | D:9      | 29908 ||| FLEEEEING.
 29925 | D:9      | 29925 ||| FLEEEEING.
 29946 | D:9      | 29946 ||| Stepping ~*~*~tactically~*~*~ (outnumbered).
 29947 | D:9      | 29947 ||| FLEEEEING.
 29976 | D:9      | 29976 ||| Stepping ~*~*~tactically~*~*~ (outnumbered).
 29985 | D:9      | 29985 ||| FLEEEEING.
 30000 | D:9      | 30000 ||| Stepping ~*~*~tactically~*~*~ (outnumbered).
 30009 | D:9      | 30009 ||| FLEEEEING.
 30024 | D:9      | 30024 ||| Stepping ~*~*~tactically~*~*~ (outnumbered).
 30028 | D:9      | 30028 ||| Stepping ~*~*~tactically~*~*~ (outnumbered).
 30036 | D:9      | 30036 ||| Stepping ~*~*~tactically~*~*~ (outnumbered).
 30039 | D:9      | 30039 ||| Stepping ~*~*~tactically~*~*~ (outnumbered).
 30040 | D:9      | 30040 ||| FLEEEEING.
 30068 | D:9      | 30068 ||| Stepping ~*~*~tactically~*~*~ (outnumbered).
 30069 | D:9      | 30069 ||| FLEEEEING.
 30086 | D:9      | 30086 ||| Stepping ~*~*~tactically~*~*~ (outnumbered).
 30092 | D:9      | 30092 ||| Stepping ~*~*~tactically~*~*~ (outnumbered).
 30094 | D:9      | 30094 ||| Stepping ~*~*~tactically~*~*~ (outnumbered).
 30096 | D:9      | 30096 ||| Stepping ~*~*~tactically~*~*~ (outnumbered).
 30100 | D:9      | 30100 ||| Stepping ~*~*~tactically~*~*~ (outnumbered).
 30105 | D:9      | 30105 ||| Stepping ~*~*~tactically~*~*~ (outnumbered).
 30107 | D:9      | 30107 ||| Stepping ~*~*~tactically~*~*~ (outnumbered).
 30109 | D:9      | 30109 ||| FLEEEEING.
 30126 | D:9      | 30126 ||| Stepping ~*~*~tactically~*~*~ (outnumbered).
 30127 | D:9      | 30127 ||| FLEEEEING.
 30144 | D:9      | 30144 ||| Stepping ~*~*~tactically~*~*~ (outnumbered).
 30151 | D:9      | 30151 ||| FLEEEEING.
 30170 | D:9      | 30170 ||| Stepping ~*~*~tactically~*~*~ (outnumbered).
 30171 | D:9      | 30171 ||| Stepping ~*~*~tactically~*~*~ (outnumbered).
 30181 | D:9      | 30181 ||| FLEEEEING.
 30204 | D:9      | 30204 ||| Stepping ~*~*~tactically~*~*~ (outnumbered).
 30205 | D:9      | 30205 ||| FLEEEEING.
 30222 | D:9      | 30222 ||| Stepping ~*~*~tactically~*~*~ (outnumbered).
 30224 | D:9      | 30224 ||| Stepping ~*~*~tactically~*~*~ (outnumbered).
 30232 | D:9      | 30232 ||| Stepping ~*~*~tactically~*~*~ (outnumbered).
 30235 | D:9      | 30235 ||| Stepping ~*~*~tactically~*~*~ (outnumbered).
 30238 | D:9      | 30238 ||| Stepping ~*~*~tactically~*~*~ (outnumbered).
 30248 | D:9      | 30248 ||| Stepping ~*~*~tactically~*~*~ (outnumbered).
 30251 | D:9      | 30251 ||| Stepping ~*~*~tactically~*~*~ (outnumbered).
 30252 | D:9      | 30252 ||| FLEEEEING.
 30286 | D:9      | 30286 ||| Stepping ~*~*~tactically~*~*~ (outnumbered).
 30288 | D:9      | 30288 ||| FLEEEEING.
 30305 | D:9      | 30305 ||| Stepping ~*~*~tactically~*~*~ (outnumbered).
 30311 | D:9      | 30311 ||| FLEEEEING.
 30323 | D:9      | 30323 ||| FLEEEEING.
 30337 | D:9      | 30337 ||| Stepping ~*~*~tactically~*~*~ (outnumbered).
 30347 | D:9      | 30347 ||| Stepping ~*~*~tactically~*~*~ (outnumbered).
 30356 | D:9      | 30356 ||| FLEEEEING.
 30378 | D:9      | 30378 ||| Stepping ~*~*~tactically~*~*~ (stealth).
 30380 | D:9      | 30380 ||| Stepping ~*~*~tactically~*~*~ (outnumbered).
 30389 | D:9      | 30389 ||| Stepping ~*~*~tactically~*~*~ (outnumbered).
 30390 | D:9      | 30390 ||| FLEEEEING.
 30410 | D:9      | 30410 ||| Stepping ~*~*~tactically~*~*~ (outnumbered).
 30420 | D:9      | 30420 ||| Stepping ~*~*~tactically~*~*~ (outnumbered).
 30426 | D:9      | 30426 ||| Stepping ~*~*~tactically~*~*~ (outnumbered).
 30428 | D:9      | 30428 ||| FLEEEEING.
 30442 | D:9      | 30442 ||| FLEEEEING.
 30457 | D:9      | 30457 ||| Stepping ~*~*~tactically~*~*~ (outnumbered).
 30458 | D:9      | 30458 ||| FLEEEEING.
 30474 | D:9      | 30474 ||| FLEEEEING.
 30493 | D:9      | 30493 ||| Stepping ~*~*~tactically~*~*~ (outnumbered).
 30494 | D:9      | 30494 ||| FLEEEEING.
 30514 | D:9      | 30514 ||| Stepping ~*~*~tactically~*~*~ (outnumbered).
 30517 | D:9      | 30517 ||| Stepping ~*~*~tactically~*~*~ (outnumbered).
 30518 | D:9      | 30518 ||| FLEEEEING.
 30539 | D:9      | 30539 ||| FLEEEEING.
 30560 | D:9      | 30560 ||| Stepping ~*~*~tactically~*~*~ (outnumbered).
 30566 | D:9      | 30566 ||| Stepping ~*~*~tactically~*~*~ (outnumbered).
 30571 | D:9      | 30571 ||| Stepping ~*~*~tactically~*~*~ (outnumbered).
 30582 | D:9      | 30582 ||| Stepping ~*~*~tactically~*~*~ (outnumbered).
 30583 | D:9      | 30583 ||| FLEEEEING.
 30601 | D:9      | 30601 ||| Stepping ~*~*~tactically~*~*~ (outnumbered).
 30610 | D:9      | 30610 ||| Stepping ~*~*~tactically~*~*~ (outnumbered).
 30620 | D:9      | 30620 ||| Stepping ~*~*~tactically~*~*~ (outnumbered).
 30621 | D:9      | 30621 ||| FLEEEEING.
 30648 | D:9      | 30648 ||| FLEEEEING.
 30662 | D:9      | 30662 ||| Stepping ~*~*~tactically~*~*~ (outnumbered).
 30667 | D:9      | 30667 ||| Stepping ~*~*~tactically~*~*~ (outnumbered).
 30669 | D:9      | 30669 ||| Stepping ~*~*~tactically~*~*~ (outnumbered).
 30671 | D:9      | 30671 ||| FLEEEEING.
 30694 | D:9      | 30694 ||| Stepping ~*~*~tactically~*~*~ (outnumbered).
 30702 | D:9      | 30702 ||| Stepping ~*~*~tactically~*~*~ (outnumbered).
 30704 | D:9      | 30704 ||| Stepping ~*~*~tactically~*~*~ (outnumbered).
 30706 | D:9      | 30706 ||| Stepping ~*~*~tactically~*~*~ (outnumbered).
 30713 | D:9      | 30713 ||| Stepping ~*~*~tactically~*~*~ (outnumbered).
 30722 | D:9      | 30722 ||| Stepping ~*~*~tactically~*~*~ (outnumbered).
 30733 | D:9      | 30733 ||| Stepping ~*~*~tactically~*~*~ (outnumbered).
 30740 | D:9      | 30740 ||| Stepping ~*~*~tactically~*~*~ (outnumbered).
 30741 | D:9      | 30741 ||| FLEEEEING.
 30763 | D:9      | 30763 ||| Stepping ~*~*~tactically~*~*~ (outnumbered).
 30764 | D:9      | 30764 ||| FLEEEEING.
 30794 | D:9      | 30794 ||| Stepping ~*~*~tactically~*~*~ (outnumbered).
 30802 | D:9      | 30802 ||| Stepping ~*~*~tactically~*~*~ (outnumbered).
 30806 | D:9      | 30806 ||| FLEEEEING.
 30820 | D:9      | 30820 ||| FLEEEEING.
 30832 | D:9      | 30832 ||| Stepping ~*~*~tactically~*~*~ (outnumbered).
 30833 | D:9      | 30833 ||| FLEEEEING.
 30854 | D:9      | 30854 ||| Stepping ~*~*~tactically~*~*~ (outnumbered).
 30863 | D:9      | 30863 ||| Stepping ~*~*~tactically~*~*~ (outnumbered).
 30864 | D:9      | 30864 ||| FLEEEEING.
 30882 | D:9      | 30882 ||| Stepping ~*~*~tactically~*~*~ (outnumbered).
 30884 | D:9      | 30884 ||| Stepping ~*~*~tactically~*~*~ (outnumbered).
 30886 | D:9      | 30886 ||| Stepping ~*~*~tactically~*~*~ (outnumbered).
 30888 | D:9      | 30888 ||| FLEEEEING.
 30905 | D:9      | 30905 ||| Stepping ~*~*~tactically~*~*~ (outnumbered).
 30907 | D:9      | 30907 ||| Stepping ~*~*~tactically~*~*~ (outnumbered).
 30910 | D:9      | 30910 ||| FLEEEEING.
 30924 | D:9      | 30924 ||| Stepping ~*~*~tactically~*~*~ (outnumbered).
 30932 | D:9      | 30932 ||| Stepping ~*~*~tactically~*~*~ (outnumbered).
 30934 | D:9      | 30934 ||| FLEEEEING.
 30957 | D:9      | 30957 ||| Stepping ~*~*~tactically~*~*~ (outnumbered).
 30958 | D:9      | 30958 ||| FLEEEEING.
 30991 | D:9      | 30991 ||| FLEEEEING.
 31003 | D:9      | 31003 ||| Stepping ~*~*~tactically~*~*~ (outnumbered).
 31005 | D:9      | 31005 ||| Stepping ~*~*~tactically~*~*~ (outnumbered).
 31014 | D:9      | 31014 ||| Stepping ~*~*~tactically~*~*~ (outnumbered).
 31016 | D:9      | 31016 ||| FLEEEEING.
 31039 | D:9      | 31039 ||| Stepping ~*~*~tactically~*~*~ (outnumbered).
 31048 | D:9      | 31048 ||| Stepping ~*~*~tactically~*~*~ (outnumbered).
 31050 | D:9      | 31050 ||| FLEEEEING.
 31068 | D:9      | 31068 ||| Stepping ~*~*~tactically~*~*~ (outnumbered).
 31069 | D:9      | 31069 ||| FLEEEEING.
 31095 | D:9      | 31095 ||| FLEEEEING.
 31109 | D:9      | 31109 ||| FLEEEEING.
 31119 | D:9      | 31119 ||| Stepping ~*~*~tactically~*~*~ (outnumbered).
 31128 | D:9      | 31128 ||| Stepping ~*~*~tactically~*~*~ (outnumbered).
 31134 | D:9      | 31134 ||| Stepping ~*~*~tactically~*~*~ (stealth).
 31137 | D:9      | 31137 ||| Stepping ~*~*~tactically~*~*~ (outnumbered).
 31138 | D:9      | 31138 ||| Stepping ~*~*~tactically~*~*~ (outnumbered).
 31145 | D:9      | 31145 ||| Stepping ~*~*~tactically~*~*~ (outnumbered).
 31146 | D:9      | 31146 ||| FLEEEEING.
 31168 | D:9      | 31168 ||| Stepping ~*~*~tactically~*~*~ (outnumbered).
 31175 | D:9      | 31175 ||| Stepping ~*~*~tactically~*~*~ (outnumbered).
 31176 | D:9      | 31176 ||| FLEEEEING.
 31204 | D:9      | 31204 ||| Stepping ~*~*~tactically~*~*~ (outnumbered).
 31213 | D:9      | 31213 ||| Stepping ~*~*~tactically~*~*~ (outnumbered).
 31215 | D:9      | 31215 ||| Stepping ~*~*~tactically~*~*~ (outnumbered).
 31222 | D:9      | 31222 ||| Stepping ~*~*~tactically~*~*~ (outnumbered).
 31224 | D:9      | 31224 ||| Stepping ~*~*~tactically~*~*~ (outnumbered).
 31227 | D:9      | 31227 ||| Stepping ~*~*~tactically~*~*~ (outnumbered).
 31234 | D:9      | 31234 ||| Stepping ~*~*~tactically~*~*~ (outnumbered).
 31238 | D:9      | 31238 ||| Stepping ~*~*~tactically~*~*~ (outnumbered).
 31242 | D:9      | 31242 ||| FLEEEEING.
 31252 | D:9      | 31252 ||| Stepping ~*~*~tactically~*~*~ (outnumbered).
 31254 | D:9      | 31254 ||| Stepping ~*~*~tactically~*~*~ (outnumbered).
 31260 | D:9      | 31260 ||| Stepping ~*~*~tactically~*~*~ (outnumbered).
 31263 | D:9      | 31263 ||| Stepping ~*~*~tactically~*~*~ (outnumbered).
 31265 | D:9      | 31265 ||| FLEEEEING.
 31279 | D:9      | 31279 ||| Stepping ~*~*~tactically~*~*~ (outnumbered).
 31284 | D:9      | 31284 ||| Stepping ~*~*~tactically~*~*~ (outnumbered).
 31286 | D:9      | 31286 ||| Stepping ~*~*~tactically~*~*~ (outnumbered).
 31291 | D:9      | 31291 ||| FLEEEEING.
 31316 | D:9      | 31316 ||| FLEEEEING.
 31332 | D:9      | 31332 ||| Stepping ~*~*~tactically~*~*~ (outnumbered).
 31333 | D:9      | 31333 ||| FLEEEEING.
 31351 | D:9      | 31351 ||| FLEEEEING.
 31362 | D:9      | 31362 ||| Stepping ~*~*~tactically~*~*~ (outnumbered).
 31371 | D:9      | 31371 ||| FLEEEEING.
 31383 | D:9      | 31383 ||| Stepping ~*~*~tactically~*~*~ (outnumbered).
 31384 | D:9      | 31384 ||| FLEEEEING.
 31441 | D:9      | 31441 ||| Stepping ~*~*~tactically~*~*~ (outnumbered).
 31442 | D:9      | 31442 ||| FLEEEEING.
 31472 | D:9      | 31472 ||| Stepping ~*~*~tactically~*~*~ (outnumbered).
 31477 | D:9      | 31477 ||| Stepping ~*~*~tactically~*~*~ (outnumbered).
 31479 | D:9      | 31479 ||| Stepping ~*~*~tactically~*~*~ (outnumbered).
 31487 | D:9      | 31487 ||| FLEEEEING.
 31505 | D:9      | 31505 ||| Stepping ~*~*~tactically~*~*~ (outnumbered).
 31511 | D:9      | 31511 ||| Stepping ~*~*~tactically~*~*~ (outnumbered).
 31513 | D:9      | 31513 ||| Stepping ~*~*~tactically~*~*~ (outnumbered).
 31515 | D:9      | 31515 ||| Stepping ~*~*~tactically~*~*~ (outnumbered).
 31521 | D:9      | 31521 ||| FLEEEEING.
 31532 | D:9      | 31532 ||| Stepping ~*~*~tactically~*~*~ (outnumbered).
 31537 | D:9      | 31537 ||| Stepping ~*~*~tactically~*~*~ (outnumbered).
 31538 | D:9      | 31538 ||| Stepping ~*~*~tactically~*~*~ (outnumbered).
 31544 | D:9      | 31544 ||| FLEEEEING.
 31558 | D:9      | 31558 ||| FLEEEEING.
 31570 | D:9      | 31570 ||| Stepping ~*~*~tactically~*~*~ (outnumbered).
 31574 | D:9      | 31574 ||| Stepping ~*~*~tactically~*~*~ (outnumbered).
 31577 | D:9      | 31577 ||| Stepping ~*~*~tactically~*~*~ (outnumbered).
 31578 | D:9      | 31578 ||| FLEEEEING.
 31610 | D:9      | 31610 ||| FLEEEEING.
 31625 | D:9      | 31625 ||| Stepping ~*~*~tactically~*~*~ (outnumbered).
 31628 | D:9      | 31628 ||| FLEEEEING.
 31638 | D:9      | 31638 ||| Stepping ~*~*~tactically~*~*~ (outnumbered).
 31646 | D:9      | 31646 ||| FLEEEEING.
 31662 | D:9      | 31662 ||| Stepping ~*~*~tactically~*~*~ (outnumbered).
 31669 | D:9      | 31669 ||| Stepping ~*~*~tactically~*~*~ (outnumbered).
 31677 | D:9      | 31677 ||| Stepping ~*~*~tactically~*~*~ (outnumbered).
 31684 | D:9      | 31684 ||| Stepping ~*~*~tactically~*~*~ (outnumbered).
 31685 | D:9      | 31685 ||| FLEEEEING.
 31721 | D:9      | 31721 ||| Stepping ~*~*~tactically~*~*~ (outnumbered).
 31727 | D:9      | 31727 ||| Stepping ~*~*~tactically~*~*~ (outnumbered).
 31728 | D:9      | 31728 ||| FLEEEEING.
 31764 | D:9      | 31764 ||| Stepping ~*~*~tactically~*~*~ (outnumbered).
 31765 | D:9      | 31765 ||| Stepping ~*~*~tactically~*~*~ (outnumbered).
 31772 | D:9      | 31772 ||| Stepping ~*~*~tactically~*~*~ (outnumbered).
 31774 | D:9      | 31774 ||| Stepping ~*~*~tactically~*~*~ (outnumbered).
 31776 | D:9      | 31776 ||| Stepping ~*~*~tactically~*~*~ (outnumbered).
 31778 | D:9      | 31778 ||| Stepping ~*~*~tactically~*~*~ (outnumbered).
 31780 | D:9      | 31780 ||| Stepping ~*~*~tactically~*~*~ (outnumbered).
 31782 | D:9      | 31782 ||| Stepping ~*~*~tactically~*~*~ (outnumbered).
 31785 | D:9      | 31785 ||| Stepping ~*~*~tactically~*~*~ (outnumbered).
 31787 | D:9      | 31787 ||| Stepping ~*~*~tactically~*~*~ (outnumbered).
 31794 | D:9      | 31794 ||| Stepping ~*~*~tactically~*~*~ (outnumbered).
 31802 | D:9      | 31802 ||| Stepping ~*~*~tactically~*~*~ (outnumbered).
 31806 | D:9      | 31806 ||| Stepping ~*~*~tactically~*~*~ (outnumbered).
 31811 | D:9      | 31811 ||| Stepping ~*~*~tactically~*~*~ (outnumbered).
 31813 | D:9      | 31813 ||| Stepping ~*~*~tactically~*~*~ (outnumbered).
 31815 | D:9      | 31815 ||| Stepping ~*~*~tactically~*~*~ (outnumbered).
 31817 | D:9      | 31817 ||| FLEEEEING.
 31831 | D:9      | 31831 ||| Stepping ~*~*~tactically~*~*~ (outnumbered).
 31832 | D:9      | 31832 ||| FLEEEEING.
 31875 | D:9      | 31875 ||| FLEEEEING.
 31891 | D:9      | 31891 ||| FLEEEEING.
 31925 | D:9      | 31925 ||| Stepping ~*~*~tactically~*~*~ (outnumbered).
 31931 | D:9      | 31931 ||| Stepping ~*~*~tactically~*~*~ (outnumbered).
 31932 | D:9      | 31932 ||| FLEEEEING.
 31960 | D:9      | 31960 ||| Stepping ~*~*~tactically~*~*~ (outnumbered).
 31963 | D:9      | 31963 ||| FLEEEEING.
 31974 | D:9      | 31974 ||| Stepping ~*~*~tactically~*~*~ (outnumbered).
 31975 | D:9      | 31975 ||| FLEEEEING.
 31987 | D:9      | 31987 ||| FLEEEEING.
 32003 | D:9      | 32003 ||| Stepping ~*~*~tactically~*~*~ (outnumbered).
 32005 | D:9      | 32005 ||| FLEEEEING.
 32025 | D:9      | 32025 ||| Stepping ~*~*~tactically~*~*~ (outnumbered).
 32026 | D:9      | 32026 ||| FLEEEEING.
 32040 | D:9      | 32040 ||| Stepping ~*~*~tactically~*~*~ (outnumbered).
 32042 | D:9      | 32042 ||| Stepping ~*~*~tactically~*~*~ (outnumbered).
 32044 | D:9      | 32044 ||| Stepping ~*~*~tactically~*~*~ (outnumbered).
 32053 | D:9      | 32053 ||| Stepping ~*~*~tactically~*~*~ (outnumbered).
 32054 | D:9      | 32054 ||| FLEEEEING.
 32074 | D:9      | 32074 ||| Stepping ~*~*~tactically~*~*~ (outnumbered).
 32083 | D:9      | 32083 ||| Stepping ~*~*~tactically~*~*~ (outnumbered).
 32087 | D:9      | 32087 ||| Stepping ~*~*~tactically~*~*~ (outnumbered).
 32097 | D:9      | 32097 ||| Stepping ~*~*~tactically~*~*~ (outnumbered).
 32098 | D:9      | 32098 ||| FLEEEEING.
 32131 | D:9      | 32131 ||| Stepping ~*~*~tactically~*~*~ (outnumbered).
 32132 | D:9      | 32132 ||| FLEEEEING.
 32167 | D:9      | 32167 ||| FLEEEEING.
 32185 | D:9      | Glimpsed the power of Zot.
 32186 | D:9      | 32186 ||| FLEEEEING.
 32206 | D:9      | 32206 ||| Stepping ~*~*~tactically~*~*~ (outnumbered).
 32207 | D:9      | 32207 ||| Stepping ~*~*~tactically~*~*~ (outnumbered).
 32215 | D:9      | 32215 ||| Stepping ~*~*~tactically~*~*~ (outnumbered).
 32219 | D:9      | 32219 ||| Stepping ~*~*~tactically~*~*~ (outnumbered).
 32222 | D:9      | 32222 ||| Stepping ~*~*~tactically~*~*~ (outnumbered).
 32230 | D:9      | 32230 ||| FLEEEEING.
 32248 | D:9      | 32248 ||| FLEEEEING.
 32270 | D:9      | 32270 ||| FLEEEEING.
 32295 | D:9      | 32295 ||| FLEEEEING.
 32305 | D:9      | 32305 ||| Stepping ~*~*~tactically~*~*~ (outnumbered).
 32312 | D:9      | 32312 ||| FLEEEEING.
 32324 | D:9      | 32324 ||| Stepping ~*~*~tactically~*~*~ (outnumbered).
 32326 | D:9      | 32326 ||| Stepping ~*~*~tactically~*~*~ (outnumbered).
 32328 | D:9      | 32328 ||| FLEEEEING.
 32343 | D:9      | 32343 ||| Stepping ~*~*~tactically~*~*~ (outnumbered).
 32350 | D:9      | 32350 ||| FLEEEEING.
 32363 | D:9      | 32363 ||| FLEEEEING.
 32385 | D:9      | 32385 ||| FLEEEEING.
 32406 | D:9      | 32406 ||| Stepping ~*~*~tactically~*~*~ (outnumbered).
 32407 | D:9      | 32407 ||| FLEEEEING.
 32430 | D:9      | 32430 ||| Stepping ~*~*~tactically~*~*~ (outnumbered).
 32437 | D:9      | 32437 ||| Stepping ~*~*~tactically~*~*~ (outnumbered).
 32447 | D:9      | 32447 ||| FLEEEEING.
 32463 | D:9      | 32463 ||| FLEEEEING.
 32483 | D:9      | 32483 ||| Stepping ~*~*~tactically~*~*~ (outnumbered).
 32484 | D:9      | 32484 ||| FLEEEEING.
 32526 | D:9      | 32526 ||| Stepping ~*~*~tactically~*~*~ (outnumbered).
 32527 | D:9      | 32527 ||| FLEEEEING.
 32539 | D:9      | 32539 ||| Stepping ~*~*~tactically~*~*~ (outnumbered).
 32542 | D:9      | 32542 ||| Stepping ~*~*~tactically~*~*~ (outnumbered).
 32544 | D:9      | 32544 ||| Stepping ~*~*~tactically~*~*~ (outnumbered).
 32546 | D:9      | 32546 ||| Stepping ~*~*~tactically~*~*~ (outnumbered).
 32548 | D:9      | 32548 ||| Stepping ~*~*~tactically~*~*~ (outnumbered).
 32552 | D:9      | 32552 ||| FLEEEEING.
 32574 | D:9      | 32574 ||| Stepping ~*~*~tactically~*~*~ (outnumbered).
 32580 | D:9      | 32580 ||| Stepping ~*~*~tactically~*~*~ (outnumbered).
 32582 | D:9      | 32582 ||| FLEEEEING.
 32592 | D:9      | 32592 ||| Stepping ~*~*~tactically~*~*~ (outnumbered).
 32594 | D:9      | 32594 ||| Stepping ~*~*~tactically~*~*~ (outnumbered).
 32596 | D:9      | 32596 ||| FLEEEEING.
 32613 | D:9      | 32613 ||| FLEEEEING.
 32625 | D:9      | 32625 ||| FLEEEEING.
 32646 | D:9      | 32646 ||| Stepping ~*~*~tactically~*~*~ (outnumbered).
 32647 | D:9      | 32647 ||| FLEEEEING.
 32677 | D:9      | 32677 ||| Stepping ~*~*~tactically~*~*~ (outnumbered).
 32679 | D:9      | 32679 ||| Stepping ~*~*~tactically~*~*~ (outnumbered).
 32682 | D:9      | 32682 ||| Stepping ~*~*~tactically~*~*~ (outnumbered).
 32683 | D:9      | 32683 ||| FLEEEEING.
 32685 | D:9      | Glimpsed the power of Zot.
 32703 | D:9      | 32703 ||| Stepping ~*~*~tactically~*~*~ (outnumbered).
 32704 | D:9      | 32704 ||| FLEEEEING.
 32722 | D:9      | 32722 ||| Stepping ~*~*~tactically~*~*~ (outnumbered).
 32723 | D:9      | 32723 ||| FLEEEEING.
 32745 | D:9      | 32745 ||| FLEEEEING.
 32755 | D:9      | 32755 ||| Stepping ~*~*~tactically~*~*~ (outnumbered).
 32758 | D:9      | 32758 ||| Stepping ~*~*~tactically~*~*~ (outnumbered).
 32760 | D:9      | 32760 ||| Stepping ~*~*~tactically~*~*~ (outnumbered).
 32770 | D:9      | 32770 ||| FLEEEEING.
 32787 | D:9      | 32787 ||| Stepping ~*~*~tactically~*~*~ (outnumbered).
 32790 | D:9      | 32790 ||| Stepping ~*~*~tactically~*~*~ (outnumbered).
 32795 | D:9      | 32795 ||| Stepping ~*~*~tactically~*~*~ (outnumbered).
 32797 | D:9      | 32797 ||| FLEEEEING.
 32816 | D:9      | 32816 ||| Stepping ~*~*~tactically~*~*~ (outnumbered).
 32817 | D:9      | 32817 ||| Stepping ~*~*~tactically~*~*~ (outnumbered).
 32819 | D:9      | 32819 ||| Stepping ~*~*~tactically~*~*~ (outnumbered).
 32821 | D:9      | 32821 ||| FLEEEEING.
 32834 | D:9      | 32834 ||| Stepping ~*~*~tactically~*~*~ (outnumbered).
 32840 | D:9      | 32840 ||| FLEEEEING.
 32867 | D:9      | 32867 ||| Stepping ~*~*~tactically~*~*~ (outnumbered).
 32868 | D:9      | 32868 ||| FLEEEEING.
 32897 | D:9      | 32897 ||| Stepping ~*~*~tactically~*~*~ (outnumbered).
 32906 | D:9      | 32906 ||| Stepping ~*~*~tactically~*~*~ (outnumbered).
 32908 | D:9      | 32908 ||| Stepping ~*~*~tactically~*~*~ (outnumbered).
 32912 | D:9      | 32912 ||| Stepping ~*~*~tactically~*~*~ (outnumbered).
 32917 | D:9      | 32917 ||| Stepping ~*~*~tactically~*~*~ (outnumbered).
 32920 | D:9      | 32920 ||| Stepping ~*~*~tactically~*~*~ (outnumbered).
 32921 | D:9      | 32921 ||| Stepping ~*~*~tactically~*~*~ (outnumbered).
 32930 | D:9      | 32930 ||| Stepping ~*~*~tactically~*~*~ (outnumbered).
 32938 | D:9      | 32938 ||| FLEEEEING.
 32962 | D:9      | 32962 ||| Stepping ~*~*~tactically~*~*~ (outnumbered).
 32969 | D:9      | 32969 ||| Stepping ~*~*~tactically~*~*~ (outnumbered).
 32976 | D:9      | 32976 ||| Stepping ~*~*~tactically~*~*~ (outnumbered).
 32985 | D:9      | 32985 ||| FLEEEEING.
 33005 | D:9      | 33005 ||| FLEEEEING.
 33019 | D:9      | 33019 ||| FLEEEEING.
 33036 | D:9      | 33036 ||| Stepping ~*~*~tactically~*~*~ (outnumbered).
 33038 | D:9      | 33038 ||| Stepping ~*~*~tactically~*~*~ (outnumbered).
 33039 | D:9      | 33039 ||| FLEEEEING.
 33059 | D:9      | 33059 ||| Stepping ~*~*~tactically~*~*~ (outnumbered).
 33064 | D:9      | 33064 ||| Stepping ~*~*~tactically~*~*~ (outnumbered).
 33073 | D:9      | 33073 ||| FLEEEEING.
 33085 | D:9      | Glimpsed the power of Zot.
 33088 | D:9      | 33088 ||| FLEEEEING.
 33099 | D:9      | 33099 ||| FLEEEEING.
 33113 | D:9      | 33113 ||| Stepping ~*~*~tactically~*~*~ (outnumbered).
 33114 | D:9      | 33114 ||| FLEEEEING.
 33128 | D:9      | 33128 ||| Stepping ~*~*~tactically~*~*~ (outnumbered).
 33133 | D:9      | 33133 ||| Stepping ~*~*~tactically~*~*~ (outnumbered).
 33135 | D:9      | 33135 ||| FLEEEEING.
 33153 | D:9      | 33153 ||| Stepping ~*~*~tactically~*~*~ (outnumbered).
 33162 | D:9      | 33162 ||| Stepping ~*~*~tactically~*~*~ (outnumbered).
 33164 | D:9      | 33164 ||| FLEEEEING.
 33179 | D:9      | 33179 ||| Stepping ~*~*~tactically~*~*~ (outnumbered).
 33182 | D:9      | 33182 ||| Stepping ~*~*~tactically~*~*~ (outnumbered).
 33185 | D:9      | Touched by the power of Zot.
 33186 | D:9      | 33186 ||| FLEEEEING.
 33186 | D:9      | Glimpsed the power of Zot.
 33200 | D:9      | 33200 ||| Stepping ~*~*~tactically~*~*~ (outnumbered).
 33202 | D:9      | 33202 ||| FLEEEEING.
 33219 | D:9      | 33219 ||| Stepping ~*~*~tactically~*~*~ (outnumbered).
 33220 | D:9      | 33220 ||| FLEEEEING.
 33246 | D:9      | 33246 ||| Stepping ~*~*~tactically~*~*~ (outnumbered).
 33248 | D:9      | 33248 ||| Stepping ~*~*~tactically~*~*~ (outnumbered).
 33254 | D:9      | 33254 ||| FLEEEEING.
 33261 | D:9      | 33261 ||| FLEEEEING.
 33293 | D:9      | 33293 ||| FLEEEEING.
 33309 | D:9      | 33309 ||| FLEEEEING.
 33318 | D:9      | 33318 ||| Stepping ~*~*~tactically~*~*~ (outnumbered).
 33321 | D:9      | 33321 ||| Stepping ~*~*~tactically~*~*~ (outnumbered).
 33322 | D:9      | 33322 ||| FLEEEEING.
 33339 | D:9      | 33339 ||| FLEEEEING.
 33346 | D:9      | 33346 ||| FLEEEEING.
 33360 | D:9      | 33360 ||| Stepping ~*~*~tactically~*~*~ (outnumbered).
 33366 | D:9      | 33366 ||| Stepping ~*~*~tactically~*~*~ (outnumbered).
 33368 | D:9      | 33368 ||| FLEEEEING.
 33389 | D:9      | 33389 ||| FLEEEEING.
 33402 | D:9      | 33402 ||| Stepping ~*~*~tactically~*~*~ (outnumbered).
 33404 | D:9      | 33404 ||| Stepping ~*~*~tactically~*~*~ (outnumbered).
 33410 | D:9      | 33410 ||| FLEEEEING.
 33423 | D:9      | 33423 ||| Stepping ~*~*~tactically~*~*~ (outnumbered).
 33424 | D:9      | 33424 ||| FLEEEEING.
 33443 | D:9      | 33443 ||| Stepping ~*~*~tactically~*~*~ (outnumbered).
 33450 | D:9      | 33450 ||| Stepping ~*~*~tactically~*~*~ (outnumbered).
 33451 | D:9      | 33451 ||| FLEEEEING.
 33472 | D:9      | 33472 ||| FLEEEEING.
 33487 | D:9      | 33487 ||| Stepping ~*~*~tactically~*~*~ (outnumbered).
 33493 | D:9      | 33493 ||| Stepping ~*~*~tactically~*~*~ (outnumbered).
 33494 | D:9      | 33494 ||| FLEEEEING.
 33525 | D:9      | 33525 ||| Stepping ~*~*~tactically~*~*~ (outnumbered).
 33526 | D:9      | 33526 ||| FLEEEEING.
 33543 | D:9      | 33543 ||| FLEEEEING.
 33583 | D:9      | 33583 ||| Stepping ~*~*~tactically~*~*~ (outnumbered).
 33587 | D:9      | 33587 ||| Stepping ~*~*~tactically~*~*~ (outnumbered).
 33588 | D:9      | 33588 ||| FLEEEEING.
 33626 | D:9      | 33626 ||| Stepping ~*~*~tactically~*~*~ (outnumbered).
 33628 | D:9      | 33628 ||| FLEEEEING.
 33643 | D:9      | 33643 ||| FLEEEEING.
 33654 | D:9      | 33654 ||| Stepping ~*~*~tactically~*~*~ (outnumbered).
 33656 | D:9      | 33656 ||| Stepping ~*~*~tactically~*~*~ (outnumbered).
 33658 | D:9      | 33658 ||| FLEEEEING.
 33675 | D:9      | 33675 ||| Stepping ~*~*~tactically~*~*~ (outnumbered).
 33676 | D:9      | 33676 ||| FLEEEEING.
 33686 | D:9      | Glimpsed the power of Zot.
 33692 | D:9      | 33692 ||| Stepping ~*~*~tactically~*~*~ (outnumbered).
 33693 | D:9      | 33693 ||| FLEEEEING.
 33731 | D:9      | 33731 ||| Stepping ~*~*~tactically~*~*~ (outnumbered).
 33733 | D:9      | 33733 ||| Stepping ~*~*~tactically~*~*~ (outnumbered).
 33736 | D:9      | 33736 ||| Stepping ~*~*~tactically~*~*~ (outnumbered).
 33737 | D:9      | 33737 ||| Stepping ~*~*~tactically~*~*~ (outnumbered).
 33740 | D:9      | 33740 ||| Stepping ~*~*~tactically~*~*~ (outnumbered).
 33743 | D:9      | 33743 ||| FLEEEEING.
 33750 | D:9      | 33750 ||| Stepping ~*~*~tactically~*~*~ (outnumbered).
 33755 | D:9      | 33755 ||| FLEEEEING.
 33763 | D:9      | 33763 ||| Stepping ~*~*~tactically~*~*~ (outnumbered).
 33763 | D:9      | HP: 14/60 [centaur/arrow (8)]
 33764 | D:9      | 33764 ||| FLEEEEING.
 33813 | D:9      | 33813 ||| FLEEEEING.
 33829 | D:9      | 33829 ||| FLEEEEING.
 33840 | D:9      | 33840 ||| Stepping ~*~*~tactically~*~*~ (outnumbered).
 33842 | D:9      | 33842 ||| Stepping ~*~*~tactically~*~*~ (outnumbered).
 33848 | D:9      | 33848 ||| Stepping ~*~*~tactically~*~*~ (outnumbered).
 33850 | D:9      | 33850 ||| FLEEEEING.
 33870 | D:9      | 33870 ||| Stepping ~*~*~tactically~*~*~ (outnumbered).
 33871 | D:9      | 33871 ||| FLEEEEING.
 33882 | D:9      | 33882 ||| Stepping ~*~*~tactically~*~*~ (outnumbered).
 33887 | D:9      | 33887 ||| Stepping ~*~*~tactically~*~*~ (outnumbered).
 33894 | D:9      | 33894 ||| Stepping ~*~*~tactically~*~*~ (outnumbered).
 33895 | D:9      | 33895 ||| FLEEEEING.
 33911 | D:9      | 33911 ||| FLEEEEING.
 33926 | D:9      | 33926 ||| Stepping ~*~*~tactically~*~*~ (outnumbered).
 33928 | D:9      | 33928 ||| FLEEEEING.
 33944 | D:9      | 33944 ||| Stepping ~*~*~tactically~*~*~ (outnumbered).
 33945 | D:9      | 33945 ||| FLEEEEING.
 33972 | D:9      | 33972 ||| Stepping ~*~*~tactically~*~*~ (outnumbered).
 33973 | D:9      | 33973 ||| FLEEEEING.
 33999 | D:9      | 33999 ||| Stepping ~*~*~tactically~*~*~ (outnumbered).
 34001 | D:9      | 34001 ||| Stepping ~*~*~tactically~*~*~ (outnumbered).
 34004 | D:9      | 34004 ||| FLEEEEING.
 34021 | D:9      | 34021 ||| Stepping ~*~*~tactically~*~*~ (outnumbered).
 34027 | D:9      | 34027 ||| Stepping ~*~*~tactically~*~*~ (outnumbered).
 34028 | D:9      | 34028 ||| FLEEEEING.
 34058 | D:9      | 34058 ||| Stepping ~*~*~tactically~*~*~ (outnumbered).
 34059 | D:9      | 34059 ||| FLEEEEING.
 34082 | D:9      | 34082 ||| Stepping ~*~*~tactically~*~*~ (outnumbered).
 34084 | D:9      | 34084 ||| Stepping ~*~*~tactically~*~*~ (outnumbered).
 34086 | D:9      | 34086 ||| FLEEEEING.
 34086 | D:9      | Glimpsed the power of Zot.
 34110 | D:9      | 34110 ||| Stepping ~*~*~tactically~*~*~ (outnumbered).
 34113 | D:9      | 34113 ||| Stepping ~*~*~tactically~*~*~ (outnumbered).
 34116 | D:9      | 34116 ||| FLEEEEING.
 34128 | D:9      | 34128 ||| Stepping ~*~*~tactically~*~*~ (outnumbered).
 34133 | D:9      | 34133 ||| Stepping ~*~*~tactically~*~*~ (outnumbered).
 34135 | D:9      | 34135 ||| FLEEEEING.
 34152 | D:9      | 34152 ||| FLEEEEING.
 34159 | D:9      | 34159 ||| FLEEEEING.
 34177 | D:9      | 34177 ||| Stepping ~*~*~tactically~*~*~ (outnumbered).
 34178 | D:9      | 34178 ||| FLEEEEING.
 34185 | D:9      | Touched by the power of Zot.
 34186 | D:9      | Glimpsed the power of Zot.
 34190 | D:9      | 34190 ||| Stepping ~*~*~tactically~*~*~ (outnumbered).
 34191 | D:9      | 34191 ||| FLEEEEING.
 34214 | D:9      | 34214 ||| FLEEEEING.
 34223 | D:9      | 34223 ||| FLEEEEING.
 34234 | D:9      | 34234 ||| Stepping ~*~*~tactically~*~*~ (outnumbered).
 34236 | D:9      | 34236 ||| FLEEEEING.
 34246 | D:9      | HP: 6/25 [centaur/arrow (3)]
 34246 | D:9      | Shot with an arrow by a centaur

Levels and vault maps discovered:
D:1:      scummos_arrival_simple_crosswalls, layout_rooms,
          shapermc_ecumenical_altar_petra
D:2:      layout_loops_cross, uniq_sigmund
D:3:      minmay_inner_zag, layout_basic, nicolae_tso_besieged_by_evil,
          minmay_pentangle
D:4:      layout_loops_ring, nzn_hepliaklqana_mist_gate, serial_shops,
          kennysheep_mini_moat, shop, nicolae_shop_overgrown_old_shop,
          pf_guarded_unrand_meek
D:5:      layout_cave_pools, fedhas_altar_fruit_tree, kennysheep_small_square
D:6:      lemuel_insect_pit, layout_cave_pools, nicolae_ashenzari_skybound,
          minmay_temple_entry_trees
D:7:      layout_loops_ring, uniq_duvessa
D:8:      layout_basic, mainiacjoe_overflow_alcove_1, serial_undead,
          serial_undead_f, serial_undead_c, serial_undead_a, serial_undead_d
D:9:      layout_roguey, orc_0_dummy, serial_ice, serial_ice_l, serial_ice_c,
          serial_ice_m, serial_ice_g, serial_ice_d, serial_ice_a, centaur_isle

Skill      XL: |  1  2  3  4  5  6  7  8  9 10 |
---------------+-------------------------------+-----
Unarmed Combat | 4 6 7 8 9 11 13 | 13.9
Fighting       | 3 4 5 |  5.2
Dodging        | 1 2 |  2.4
Throwing       | 1 |  1.3
Spellcasting   | |  1.0
Fire Magic     | |  2.1

Action                   |  1- 3 |  4- 6 |  7- 9 | 10-12 || total
-------------------------+-------+-------+-------+-------++-------
Melee: Unarmed           |    95 |    75 |   305 |    54 ||   529
       Punch             |     4 |       |    17 |       ||    21
       Kick              |       |       |    12 |    11 ||    23
Throw: Javelin           |       |       |    17 |       ||    17
       Boomerang         |       |       |     8 |    18 ||    26
Invok: Fiery Armour      |     1 |     1 |     5 |     6 ||    13
  Use: Scroll            |     3 |     2 |    12 |       ||    17
       Potion            |       |     1 |     5 |       ||     6
Armor: Robe              |    35 |    30 |    86 |  1107 ||  1258
Dodge: Dodged            |    42 |    38 |   146 |  3924 ||  4150

Table legend:
 A = Non-vault XP
 B = Vault XP
 C = Vault XP percentage of total XP
 D = Non-vault monster count
 E = Vault monster count
 F = Vault count percentage of total count
                 A         B        C        D         E       F
            +---------+---------+-------+---------+---------+-------
      Total |    5467 |    1763 |  24.4 |     187 |      41 |  18.0
            +---------+---------+-------+---------+---------+-------
        D:1 |      73 |       0 |   0.0 |      33 |       0 |   0.0
        D:2 |      55 |     214 |  79.6 |      18 |       1 |   5.3
        D:3 |      23 |     198 |  89.6 |       8 |      22 |  73.3
        D:4 |     273 |      50 |  15.5 |      28 |       4 |  12.5
        D:5 |     412 |     217 |  34.5 |      20 |       3 |  13.0
        D:6 |     804 |       0 |   0.0 |      17 |       0 |   0.0
        D:7 |     515 |     218 |  29.7 |      12 |       2 |  14.3
        D:8 |    3161 |     866 |  21.5 |      50 |       9 |  15.3
        D:9 |     151 |       0 |   0.0 |       1 |       0 |   0.0
            +---------+---------+-------+---------+---------+-------
